Workbook
Name apu: #REF!
Name apu: #REF!
Name apu: #REF!
Name apu: #REF!
Name apu: #REF!
Name apu: #REF!
Name apu: #REF!
Name apu: #REF!
Name apu: #REF!
Name apu: #REF!
Name apu: #REF!
Name apu: #REF!
Name apu: #REF!
Name apu: #REF!
Name apu: #REF!
Name apu: #REF!
Name apu: #REF!
Name apu: #REF!
Name apu: #REF!
Name apu: #REF!
Name apu: #REF!
Name apu: #REF!
Name apu: #REF!
Name apu: #REF!
Name apu: #REF!
Name apu: #REF!
Name apu: #REF!
Name apu: #REF!
Name apu: #REF!
Name apu: #REF!
Name apu: #REF!
Name apu: #REF!
Name apu: #REF!
Name apu: #REF!
Name apu: #REF!
Name apu: #REF!
Name apu: #REF!
Name apu: #REF!
Name apu: #REF!
Name apu: #REF!
Name apu: #REF!
Name apu: #REF!
Name apu: #REF!
Name e: #REF!
Name e: #REF!
Name e: #REF!
Name MUNICIPIOS: '[1]MATRIZ BASE (3)'!$J$3:$J$127
Name MUNICIPIOS1: [2]MUNICIPIOS!$A$1:$A$126
Name PROYECTOS: [3]Hoja7!$E$2:$E$19
Name PROYECTOS1: '[4]PROYECTOS 2012 - 2015'!$E$2:$E$19

Sheet PRESUPUESTO GYM
A2: PROYECTO ADECUACION Y MEJORAMIENTO DE ZONAS DEPORTIVAS EN EL MUNICIPIO DE LIBORINA
A3: VALOR PROYECTO | C3: =+F128 -> 8.9005228e+08
A4: PLAZO INCIAL EN MESES | C4: 6
A5: ESPECIFICACIONES TÉCNICAS
A6: ZONAS DEPORTIVAS MUNICIPAL DE LIBORINA
A7: GYM
A8: ÍTEM | B8: DESCRIPCIÓN | C8: UND. | D8: CANT. | E8: V. UNITARIO | F8: V. TOTAL
A9: 1 | B9: PRELIMINARES
A10: 1.01 | B10: LOCALIZACIÓN, TRAZADO Y REPLANTEO. Se utilizarápersonal experto con equipo de precisión. Se hará con la frecuencia que lo indique la interventoría. Incluye demarcación con pintura, línea de trazado, corte de piso, libretas y planos. | C10: DIA | D10: 2 | E10: =+'APU 1,01'!E25 -> 764812 | F10: =+D10*E10 -> 1529624
A11: 1.02 | B11: Instalación de CERRAMIENTO PROVISIONAL en tela verde polietileno de alta densidad y resistencia 65 gr/m2 con una altura de 2,10 m, estacones de madera común para fijación vertical de altura de 2,50 m puesto mínimo cada 2,0 m y para apuntalamiento mínimo cada 10 m y cada cambio de dirección, arranques y terminación, diámetro aproximado 0,10 m, elementos de fijación | C11: M | D11: 60 | E11: =+'APU 1,02'!E28 -> 20778 | F11: =+D11*E11 -> 1246680
A12: 2 | B12: DEMOLICIONES Y EXCAVACIONES
A13: 2.01 | B13: DESCAPOTE MANUAL. Incluye el desenraíce si es necesario, cargue, transporte y botada de material sobrante en botaderos oficiales. Medido en sitio. | C13: M2 | D13: 240 | E13: =+'APU 2.01'!E28 -> 11172 | F13: =+D13*E13 -> 2681280
A14: 2.02 | B14: EXCAVACIÓN MANUAL de material heterogéneo DE 0-2 m., bajo cualquier grado de humedad. Incluye: roca descompuesta, bolas de roca de volúmen inferior a 0.35 m³, el cargue, transporte interno y externo, botada de material proveniente de las excavaciones en los sitios oficiales y su medida será en el sitio. No incluye entibado. | C14: M3 | D14: 132.8 | E14: =+'APU 2.02'!E28 -> 78960 | F14: =+D14*E14 -> 10485888
A15: 2.03 | B15: DEMOLICIÓN de muro divisorio interior de mampostería vista, formada por ladrillo perforado de 11/12 cm de espesor, con medios manuales, sin afectar a la estabilidad de los elementos constructivos contiguos. Incluso parte proporcional de desmontaje previo de las hojas de carpintería y retirada de marcos, limpieza, acopio, retirada y carga manual de escombros sobre camión o contenedor. | C15: M2 | D15: 0 | E15: =+'APU 2.03'!E28 -> 59655 | F15: =+D15*E15 -> 0
A16: 2.04 | B16: DEMOLICIÓN DE ESTRUCTURAS DE CONCRETO de cualquier resistencia, reforzado, ciclópeo y en cualquier clase y forma de estructura: Estructuras de contención, fundaciones, columnas, vigas, losas, escaleras, muros, coberturas, cámaras de inspección, entre otros; incluye transporte interno hasta el sitio de almacenamiento. | C16: M3 | D16: 0 | E16: =+'APU 2.04'!E31 -> 254206 | F16: =+D16*E16 -> 0
A17: 2.05 | B17: LLENO con material proveniente de la excavación | C17: m3 | D17: 216.8 | E17: =+'APU 2.05'!E31 -> 42999 | F17: =+D17*E17 -> 9322183.2
A18: 2.06 | B18: Suministro y colocación de subbase granular de máximo Ø 2 1/2", reacomodado con medios mecánicos y compactado al 96% mínimo del ensayo del proctor modificado, e max= 40 cm. | C18: m3 | D18: 52.8 | E18: =+'APU 2.06'!E31 -> 217171 | F18: =+D18*E18 -> 11466629
A19: 3 | B19: CONCRETO
A20: 3.01 | B20: Colocación de concreto de 14 Mpa para SOLADO, con un espesor DE 0.05 m. Incluye el suministro y el transporte del concreto y todos los demás elementos necesarios para su correcta construcción, incluye acarreo interno. | C20: M2 | D20: 150 | E20: =+'APU 3.01'!E31 -> 36126 | F20: =+D20*E20 -> 5418900
A21: 3.02 | B21: Construcción de PEDESTALES en concreto de 21 Mpa. DE 0.4 x 0.4. X 0.6. Incluye suministro, transporte y la colocación del concreto, mano de obra, formaleta, vibrado, protección y curado, para estructuras de acuerdo con las diferentes dimensiones establecidas en los planos y diseños. No incluye refuerzo. | C21: M3 | D21: 0.99 | E21: =+'APU 3.02'!E34 -> 1121010 | F21: =+D21*E21 -> 1109799.9
A22: 3.03 | B22: Construcción de ZAPATAS en concreto de 21 Mpa. Incluye suministro, transporte e instalación del concreto, mano de obra, vibrado, formaleta, curado y protección. incluye acarreo interno. No incluye refuerzo, según diseño. | C22: M3 | D22: 4.4 | E22: =+'APU 3.03'!E34 -> 864283 | F22: =+D22*E22 -> 3802845.2
A23: 3.04 | B23: Construcción de COLUMNAS DE 0.2 x 0,2m. en concreto de 21 MPa, acabado a la vista. Incluye suministro, transporte y colocación del concreto, formaleta en súper "T" de 19mm., aristas biseladas, desmoldante, fluidificante para mezclas de concreto, vibrado, protección, curado y todos los demás elementos necesarios para su correcta construcción según diseño. El acero de refuerzo se pagará en su respectivo ítem. | C23: M | D23: 36.8 | E23: =+'APU 3.04'!E39 -> 113802 | F23: =+D23*E23 -> 4187913.6
A24: 3.05 | B24: Construcción de LOSA DE FUNDACIÓN en concreto de 21 Mpa. con un espesor de 0.10m. Incluye suministro, transporte e instalación del concreto, mano de obra, vibrado, protección y curado, para estructuras de acuerdo con las diferentes dimensiones establecidas en los planos y diseños. No incluye refuerzo. | C24: M2 | D24: 144 | E24: =+'APU 3.05'!E33 -> 105936 | F24: =+D24*E24 -> 15254784
A25: 3.06 | B25: Construcción de LOSA PARA RAMPA en concreto de 21 Mpa. con un espesor de 0.10m. Incluye suministro, transporte e instalación del concreto, mano de obra, vibrado, protección y curado, para estructuras de acuerdo con las diferentes dimensiones establecidas en los planos y diseños. No incluye refuerzo. | C25: M2 | D25: 93.6 | E25: =+'APU 3.06'!E37 -> 1006022 | F25: =+D25*E25 -> 94163659
A26: 3.07 | B26: Construcción de VIGAS DE FUNDACIÓN de 0,3 x 0,3 m. en concreto de 21 Mpa. Incluye suministro, transporte y colocación del concreto, formaleta de primera calidad en súper T de 19 mm o equivalente, vibrado, protección, curado y todos los demás elementos necesarios para su correcta construcción. El acero de refuerzo se pagará en su respectivo ítem según diseño y especificaciones establecidos en los planos. En el vaciado se deben dejar los hierros para el amarre de los elementos no estructurales que se requieran. | C26: ML | D26: 66.4 | E26: =+'APU 3.07'!E35 -> 131107 | F26: =+D26*E26 -> 8705504.8
A27: 3.08 | B27: Construcción de VIGAS AÉREAS de 0,2 x 0,2 m. en concreto de 21 Mpa, hasta una altura de 3,2m medidos desde el nivel de apoyo de la obra falsa hasta el nivel inferior de la viga. Incluye suministro, transporte y colocación del concreto, formaleta de primera calidad en súper T de 19 mm o equivalente, para acabado a la vista, aristas biseladas, suministro, transporte, armado y desarmado de la obra falsa requerida, vibrado, protección, curado y todos los demás elementos necesarios para su correcta construcción. El acero de refuerzo se pagará en su respectivo ítem según diseño y especificaciones establecidos en los planos. En el vaciado se deben dejar los hierros para el amarre de los elementos no estructurales que se requieran. | C27: ML | D27: 92 | E27: =+'APU 3.08'!E39 -> 147544 | F27: =+D27*E27 -> 13574048
A28: 3.09 | B28: Construcción de CINTA CULATA de 0,15 x 0,20 m. en concreto de 21 Mpa, hasta una altura de 3,2m medidos desde el nivel de apoyo de la obra falsa hasta el nivel inferior de la viga. Incluye suministro, transporte y colocación del concreto, formaleta de primera calidad en súper T de 19 mm o equivalente, para acabado a la vista, aristas biseladas, suministro, transporte, armado y desarmado de la obra falsa requerida, vibrado, protección, curado y todos los demás elementos necesarios para su correcta construcción. El acero de refuerzo se pagará en su respectivo ítem según diseño y especificaciones establecidos en los planos. En el vaciado se deben dejar los hierros para el amarre de los elementos no estructurales que se requieran, por ningún motivo se pagarán anclajes. | C28: ML | D28: 44 | E28: =+'APU 3.09'!E29 -> 118618 | F28: =+D28*E28 -> 5219192
A29: 3.1 | B29: Construcción de VIGA CANAL de 0,3 x 0,60 m; Vacio interno de 0,15x0,54m en concreto de 21 Mpa, hasta una altura de 3,2m medidos desde el nivel de apoyo de la obra falsa hasta el nivel inferior de la viga. Incluye suministro, transporte y colocación del concreto, formaleta de primera calidad en súper T de 19 mm o equivalente, para acabado a la vista, aristas biseladas, suministro, transporte, armado y desarmado de la obra falsa requerida, vibrado, protección, curado y todos los demás elementos necesarios para su correcta construcción. El acero de refuerzo se pagará en su respectivo ítem según diseño y especificaciones establecidos en los planos. En el vaciado se deben dejar los hierros para el amarre de los elementos no estructurales que se requieran, por ningún motivo se pagarán anclajes. | C29: ML | D29: 0 | E29: =+'APU 3.10'!E39 -> 582529 | F29: =+D29*E29 -> 0
A30: 3.11 | B30: Construcción de ANDÉN O PLACAS en concreto de 21 Mpa, espesor de 0.08 m., escobiado y llaneado. Incluye suministro y transporte de los materiales, nivelación del terreno y adecuación de la superficie, entresuelo en piedra (e=0,15 m.), arenilla compactada (e=0,05 m.), curado y todo lo necesario para su correcta construcción y funcionamiento. Según diseño. | C30: M2 | D30: 0 | E30: =+'APU 3.11'!E37 -> 191671 | F30: =+D30*E30 -> 0
A31: 4 | B31: ESTRUCTURA
A32: 4.01 | B32: Construcción, transporte y montaje de ESTRUCTURA METÁLICA, en PERFILERIA TIPO IPE, HEA, PHR-C, PTE, W, C para elementos de cubierta, rampas o áreas de circulación metálicas, soporte de fachadas, tensores, vigas de apoyo, entre otros, según diseño. Incluye: suministro y transporte de perfiles, láminas, platinas, uniones, soldaduras de acabado o presentación, anclajes y pernos a estructura de concreto y madera, cortes, doblajes. Todos los elementos deben llevar dos manos minimo de pintura anticorrosiva cromato de zinc (2) dos manos minimo de esmalte (2) dos manos, color por definir, obra falsa y todo el equipo y la herramienta necesaria para el montaje. | C32: KG | D32: 0 | E32: =+'APU 4.01'!E37 -> 36509 | F32: =+D32*E32 -> 0
A33: 4.02 | B33: Suministro, transporte e instalación de ACERO DE REFUERZO FIGURADO FY= 420 Mpa-60000 PSI, corrugado. Incluye transporte con descarga, transporte interno, alambre de amarre, certificados y todos los elementos necesarios para su correcta instalación, según diseño y recomendaciones estructurales. | C33: KG | D33: 3000 | E33: =+'APU 4.02'!E26 -> 8358 | F33: =+D33*E33 -> 25074000
A34: 4.03 | B34: Colocación de MALLA ELECTROSOLDADA. Incluye el suministro y el transporte del material y todos los elementos necesarios para su correcta colocación. | C34: M2 | D34: 192.4 | E34: =+'APU 4.03'!E26 -> 13240 | F34: =+D34*E34 -> 2547376
A35: 5 | B35: MAMPOSTERIA
A36: 5.01 | B36: Construcción de SOBRECIMIENTO EN BLOQUE DE CONCRETO DE 12 x 20 x 40 cm. ESPESOR de 12 cm. (bloque de primera calidad, 1 HILADAS). Incluye el suministro y el transporte de materiales, mortero de pega 1:4, relleno en concreto fluido de 10.5Mpa en todas las celdas, y todos los elementos necesarios para su correcta ejecución y funcionamiento. | C36: ML | D36: 94 | E36: =+'APU 5.01'!E26 -> 54144 | F36: =+D36*E36 -> 5089536
A37: 5.02 | B37: Construcción de MAMPOSTERIA EN LADRILLO DE 12 x 20 x 40 cm. ESPESOR DE 12 cm. Incluye el suministro y transporte del bloque, el mortero de pega 1:4 espesor max=0.015 m y todos los demás elementos necesarios para su correcta construcción y funcionamiento. | C37: M2 | D37: 206.8 | E37: =+'APU 5.02'!E29 -> 80086 | F37: =+D37*E37 -> 16561785
A38: 6 | B38: REVOQUES Y PINTURA
A39: 6.01 | B39: Colocación de REVOQUE con mortero 1:4 EN MUROS. Incluye suministro y transporte de los materiales, fajas, ranuras, filetes y todos los demás elementos necesarios para su correcta construcción. | C39: M2 | D39: 396 | E39: =+'APU 6.01'!E27 -> 36144 | F39: =+D39*E39 -> 14313024
A40: 6.02 | B40: ESTUCO sobre revoque acabado liso, lijado y listo para aplicación de Pintura | C40: M2 | D40: 0 | E40: =+'APU 6.02'!E26 -> 27876 | F40: =+D40*E40 -> 0
A41: 6.03 | B41: Aplicación de PINTURA A BASE DE AGUA EN MUROS REVOCADOS, CON VINILO TIPO 1 de primera calidad sobre muros revocados, tres manos o las necesarias hasta obtener una superficie pareja y homogénea. Incluye suministro y transporte de los materiales, resanes, tapa poros en estuco plástico tipo plastestuco o equivalente diluido en agua proporción 1:2, adecuación de la superficie a intervenir hasta obtener una superficie pareja y homogénea, color a definir según aprobación de la interventoría. | C41: M2 | D41: 270 | E41: =+'APU 6.03'!E27 -> 15892 | F41: =+D41*E41 -> 4290840
A42: 6.04 | B42: Aplicación de PINTURA A BASE DE AGUA EN MUROS ESTUCADOS, CON VINILO TIPO 1 de primera calidad sobre muros estucados, tres manos o las necesarias hasta obtener una superficie pareja y homogénea. Incluye suministro y transporte de los materiales, resanes, tapa poros en estuco plástico tipo plastestuco o equivalente diluido en agua proporción 1:2, adecuación de la superficie a intervenir hasta obtener una superficie pareja y homogénea, color a definir según aprobación de la interventoría. | C42: M2 | D42: 0 | E42: =+'APU 6.04'!E27 -> 24561 | F42: =+D42*E42 -> 0
A43: 6.05 | B43: Aplicación de PINTURA A BASE DE ACEITE EN BAJANTES, de primera calidad, 2 manos o las necesarias hasta obtener una superficie pareja y homogénea. Incluye suministro y transporte de los materiales color a definir según aprobación de la interventoría. | C43: ML | D43: 6 | E43: =+'APU 6.05'!E24 -> 17676 | F43: =+D43*E43 -> 106056
A44: 7 | B44: CUBIERTAS
A45: 7.01 | B45: Suministro, transporte e instalación de teja upvc termoacustica de 2 mm cresta baja con todos sus accesorios para su correcta Instalacion. Incluye perfil en tubo rectangular de 80X40X2,5mm o similar pintado con anticorrosivo ubicados cada 1.8 m a eje longitudinal y 1.21 m a eje trasversal y todo lo necesario para su correcta construcción y funcionamiento. Según diseño. | C45: M2 | D45: 105 | E45: =+'APU 7.01'!E29 -> 160272 | F45: =+D45*E45 -> 16828560
A46: 7.02 | B46: Suministro e Instalacion de Ruana o flanche de desarrollo de 0,70 m en lamina galvanizada calibre 24 con acabado en esmalte blanco semi mate | C46: M | D46: 0 | E46: =+'APU 7.02'!E29 -> 90348 | F46: =+D46*E46 -> 0
A47: 7.03 | B47: Suministro, transporte e instalación de TUBERÍA PVC-SANITARIA, COLGADA O EN BAJANTES con un DIÁMETRO DE 3", agua LLUVIA. Incluye suministro y transporte de los materiales, bocas, accesorios, pegante, limpiador, wash primer, acabado en esmalte mate, color a definir por la supervisiòn, andamios, abrazaderas y todos los elementos necesarios para su correcta instalación y funcionamiento. | C47: ML | D47: 6 | E47: =+'APU 7.03'!E39 -> 63255 | F47: =+D47*E47 -> 379530
A48: 8 | B48: ENCHAPE
A49: 8.01 | B49: Instalación de ENCHAPE CERÁMICO PISO 60x60 cm. Incluye suministro y transporte de los materiales, mortero de nivelación 1:5, pegacor o su equivalente y todos los elementos necesarios para su correcta instalación y funcionamiento. referencia GRIS CLARO o silimiar. | C49: M2 | D49: 84 | E49: =+'APU 8.01'!E30 -> 124778 | F49: =+D49*E49 -> 10481352
A50: 8.02 | B50: Suministro y vaciado de ENCHAPE CERÁMICO GUARDAESCOBA 10x60 Incluye suministro y transporte de los materiales, mortero de nivelación 1:5, pegacor o su equivalente y todos los elementos necesarios para su correcta instalación y funcionamiento. referencia GRIS PRATO o silimiar. | C50: ML | D50: 0 | E50: =+'APU 8.02'!E30 -> 44521 | F50: =+D50*E50 -> 0
A51: 8.03 | B51: Instalación de ENCHAPE CERÁMICO ANTIDESLIZANTE DE 50x50 cm o similar. Incluye suministro y transporte de los materiales, adhesivo para cerámica tipo pegacor o su equivalente y todos los elementos necesarios para su correcta instalación y funcionamiento. referencia GRIS PRATO o silimiar. | C51: M2 | D51: 10.2 | E51: =+'APU 8.03'!E30 -> 124778 | F51: =+D51*E51 -> 1272735.6
A52: 8.04 | B52: Suministro y vaciado de ENCHAPE CERÁMICO ANTIDESLIZANTE GUARDAESCOBA DE 10x50 Incluye suministro y transporte de los materiales, mortero de nivelación 1:5, pegacor o su equivalente y todos los elementos necesarios para su correcta instalación y funcionamiento. referencia GRIS PRATO o silimiar. | C52: ML | D52: 0 | E52: =+'APU 8.04'!E30 -> 44521 | F52: =+D52*E52 -> 0
A53: 8.05 | B53: Instalación de ENCHAPE CERÁMICO PARED 30x60 cm.. Incluye suministro y transporte de los materiales, adhesivo para cerámica tipo pegacor o su equivalente y todos los elementos necesarios para su correcta instalación y funcionamiento. referencia BLANCO o silimiar. | C53: M2 | D53: 106.08 | E53: =+'APU 8.05'!E30 -> 87408 | F53: =+D53*E53 -> 9272240.6
A54: 9 | B54: ESCALERA
A55: 9.01 | B55: Vigas de amarre aereas en general en concreto de f' c=21 Mpa (210Kg/cm2) para ESCALERAS MACIZAS en concreto e= 0,15mt, el acero se pagara en su item | C55: m3 | D55: 0 | E55: =+'APU 9.01'!E34 -> 1840564 | F55: =+D55*E55 -> 0
A56: 10 | B56: CARPINTERIA METALICA
A57: 10.01 | B57: Suministro, transporte e instalación de puerta metálica, un (1) ala batiente en lámina cold rolled calibre 18, entamborada lisa, rellena con porón (poliuretano expandido), con bastidor perimetral en tubería PTS de 40x40x2 mm. y refuerzos horizontales en tubería metálica de 40x40x2 mm., marco metálico en lámina cold rolled calibre 18. Incluye dos (2) manijas en acero inoxidable de Ø= 3/4" L= 316 mm., cierre con pasador interno, cuatro(4) bisagras metálicas de taco para trabajo pesado de ½" , soldadura, pintura anticorrosiva negro, acabado en pintura esmalte color negro mate y todo lo necesario para su correcta instalación y funcionamiento. 0.60/0.75 x 2.20 m. Una ala. | C57: UN | D57: 10 | E57: =+'APU 10,01'!E34 -> 1057979 | F57: =+D57*E57 -> 10579790
A58: 10.02 | B58: Suministro, transporte e instalación de puerta reja metálica de dos alas pivotantes; Cada ala esta compuesta por un bastidor en tubería PTS de 80 x 40 x 2,0 mm., platinas de 1 1/2" x 3/16" colocadas horizontalmente cada 0.099 m., cada ala lleva una varilla vertical de Ø 3/4 en la mitad, según diseño. Incluye pivotes superior e inferior, rodamientos para facilitar el desplazamiento, cerradura de seguridad de primera calidad tipo yale o su equivalente y falleba de piso y superior estos elementos los lleva cada ala, pintura anticorrosiva color negro, acabado en pintura esmalte color negro mate y todos los demás elementos necesarios para su correcta instalación y funcionamiento. De 1,00x2,00 m | C58: UN | D58: 2 | E58: =+'APU 10,02'!E38 -> 779537 | F58: =+D58*E58 -> 1559074
A59: 10.04 | B59: Suministro, transporte e instalación de puerta metálica, un (1) ala batiente en lámina cold rolled calibre 18, entamborada lisa, rellena con porón (poliuretano expandido), con bastidor perimetral en tubería PTS de 40x40x2 mm. y refuerzos horizontales en tubería metálica de 40x40x2 mm., marco metálico en lámina cold rolled calibre 18. Incluye dos (2) manijas en acero inoxidable de Ø= 3/4" L= 316 mm., cierre con pasador interno, cuatro(4) bisagras metálicas de taco para trabajo pesado de ½" , soldadura, pintura anticorrosiva negro, acabado en pintura esmalte color negro mate y todo lo necesario para su correcta instalación y funcionamiento. 0,76/1,00 x 2.20 m. Una ala. | C59: UN | D59: 3 | E59: =+'APU 10,04'!E34 -> 1715044 | F59: =+D59*E59 -> 5145132
A60: 10.05 | B60: Suministro y colocación de pasamanos metálico en tubo rectangular PTS 2"x 1"(colocado horizontalmente en la parte superior)+ varilla redonda de 3/4" colocada verticalmente cada 0,10 m y apoyos verticales en doble platina de 2" x 1/2" cada 1.00 m. colocados sobre platina de 1/2" anclada a losa mediante 4 pernos de 1/2"; y platina de 2" x 1/2" colocado horizontalmente en la parte inferior del pasamanos . Incluye base anticorrosiva, catalizador acabado final en pintura esmalte semibrillante para exteriores tipo poliuretano, color negro.Según diseño. h=1.10 m. | C60: UN | D60: 81 | E60: =+'APU 10,05'!E34 -> 425650 | F60: =+D60*E60 -> 34477650
A61: 10.06 | B61: Suministro, transporte y colocación de ventanas en aluminio anodizado negro mate y cristal templado de 6 mm., sistema 8025 de alúmina o equivalente y sistema Vp-3831. parte superior en celosía fija de aluminio anodizado natural el 40% de la altura del vano , parte inferior dividida en dos cuerpos verticales, uno fijo y otro corredizo ,alas corrediza en cristal templado de 6 mm. Marco y estructura en aluminio anodizado color negro mate, Incluye empaques de caucho en "U", pisavidrios a presión, felpa, sellado del marco (interior y exterior) fondo de junta con espuma de poliolefina tipo sikarod o equivalente de Ø= 6 mm. y acabado de junta con masilla elástica de poliuretano tipo sikaflex-1a o equivalente y todos los elementos necesarios para su correcta fabricación, instalación y funcionamiento. | C61: M2 | D61: 4.4 | E61: =+'APU 10,06'!E37 -> 580180 | F61: =+D61*E61 -> 2552792
A62: 10.08 | B62: Suministro, transporte e instalación de división para orinales en acero inoxidable calibre 20 acabado satinado, incluye: chazos y tornillos de fijación De 0,90 x 0,60 m. | C62: UN | D62: 2 | E62: =+'APU 10,08'!E26 -> 566464 | F62: =+D62*E62 -> 1132928
A63: 11 | B63: INSTALACIONES HIDROSANITARIAS
A64: 11.01 | B64: Instalación de SANITARIO INTEGRAL (línea Acuacer/one pice o equivalente) color BLANCO, bajo consumo 6lt, diseño de dos piezas, taza redonda, incluye el suministro y transporte del sanitario, sifón esmaltado, grifería antisifón, anillo abierto, abasto metálico, válvula de regulación metálica con manguera flexible, brida de fijación, tapón roscado y todos los demás elementos necesarios para su correcta instalación y funcionamiento. | C64: UN | D64: 6 | E64: =+'APU 11,01'!E32 -> 567118 | F64: =+D64*E64 -> 3402708
A65: 11.02 | B65: Suministro e instalación de orinal de porcelana sanitaria, con alimentación y desagüe vistos, gama básica, color blanco, grifería temporizada empotrada, gama media, acabado cromado, con sifón botella, color blanco. Incluye conexión a la red de agua fría y a la red de evacuación existente, fijación del aparato y sellado con silicona. Totalmente instalado, conexionado, probado y en funcionamiento. | C65: UN | D65: 3 | E65: =+'APU 11,02'!E28 -> 669923 | F65: =+D65*E65 -> 2009769
A66: 11.03 | B66: Suministro y fabricacion de lavamanos fabricado en sito, estructura en concreto armado y acabado en granito blaco semipulido, dimenciones de 0,25x0,50 por longitud segun diseños, con disposicion de bajantes segun diseños de tuberia en 2", y todo lo necesario para su correcta instalacion. | C66: ML | D66: 4.6 | E66: =+'APU 11,03'!E30 -> 338333 | F66: =+D66*E66 -> 1556331.8
A67: 11.04 | B67: Suministro, transporte e instalación de SALIDA SANITARIA DE 4". Incluye todos los accesorios hasta el tapón de prueba. Se pagará dicha salida hasta un recorrido máximo de tubería no mayor a 3 m. Estos deberán estar correctamente pegados usando limpiador, soldadura y teflón apropiados, sin presentar fugas, fisuras o cualquier otra clase de anomalía. Incluye además las perforaciones (canchas) de paredes o pisos que lo requieran incluyendo cargue, transporte y botada de escombros en botaderos oficiales o donde indique la interventoría. | C67: UN | D67: 6 | E67: =+'APU 11,04'!E33 -> 202169 | F67: =+D67*E67 -> 1213014
A68: 11.05 | B68: Suministro y colocación de tubería PVC-S para aguas negras y aguas lluvias. Incluye: accesorios, limpiador y soldaduras Ø = 4". | C68: ML | D68: 50 | E68: =+'APU 11,05'!E38 -> 77117 | F68: =+D68*E68 -> 3855850
A69: 11.06 | B69: Suministro, transporte e instalación de SALIDA SANITARIA DE 2". Incluye todos los accesorios hasta el tapón de prueba. Se pagará dicha salida hasta un recorrido máximo de tubería no mayor a 3 m. Estos deberán estar correctamente pegados usando limpiador, soldadura y teflón apropiados, sin presentar fugas, fisuras o cualquier otra clase de anomalía. Incluye además las perforaciones (canchas) de paredes o pisos que lo requieran incluyendo cargue, transporte y botada de escombros en botaderos oficiales o donde indique la interventoría. | C69: UN | D69: 15 | E69: =+'APU 11,06'!E33 -> 108157 | F69: =+D69*E69 -> 1622355
A70: 11.07 | B70: Suministro y colocación de tubería PVC-S para aguas negras y aguas lluvias. Incluye: accesorios, limpiador y soldaduras Ø = 2". | C70: ML | D70: 36 | E70: =+'APU 11,07'!E34 -> 34307 | F70: =+D70*E70 -> 1235052
A71: 11.08 | B71: Suministro y colocación de tubería PVC. Presión Ø = ½" RDE 9, incluye accesorios,limpiador y soldaduras | C71: ML | D71: 89 | E71: =+'APU 11,08'!E31 -> 15487 | F71: =+D71*E71 -> 1378343
A72: 11.09 | B72: Suministro e instalaciòn de ducha cromada sencilla con escudo cromado, y todo lo necesario para su correcta instalaciòn. ( referencias tipo grival o equivalente) | C72: UN | D72: 6 | E72: =+'APU 11,09'!E28 -> 281163 | F72: =+D72*E72 -> 1686978
A73: 11.1 | B73: Suministro, transporte e instalación de Grifería tipo Institucional De Mesa Tipo Push Para Lavamanos o similar, incluye lo necesario para su correcta instalación | C73: UN | D73: 6 | E73: =+'APU 11,10'!E27 -> 297034 | F73: =+D73*E73 -> 1782204
A74: 11.11 | B74: Construcción de cajas de registro de 80 x 80 x altura hasta 120 cm. en concreto de 21Mpa. con impermeabiIizante integral tipo Sika o equivalente, con concrefibra el piso y tapa en concreto, la tapa con su respectivo herraje. Incluye suministro, transporte e instalación de los materiales, formaleta, vibrado, acero de refuerzo y todos los elementos necesarios apara su correcta construcción y funcionamiento. Según diseño y especificaciones de E.P.M. La excavación, llenos y entresuelo se pagarán en su ítem respectivo. | C74: UN | D74: 1 | E74: =+'APU 11,11'!E31 -> 1294271 | F74: =+D74*E74 -> 1294271
A75: 11.12 | B75: Fosa séptica de polietileno de alta densidad (PEAD/HDPE) o fibra de vidrio, de 4000 litros, incluye excavacion | C75: UN | D75: 1 | E75: =+'APU 11,12'!E26 -> 7419037 | F75: =+D75*E75 -> 7419037
A76: 12 | B76: Media tensión, suministros, adecuaciones y retiros
A77: 12.01 | B77: Transformador monofasico de 5kVA, 13.2kV/220-127V, refrigerado en aceite, instalado en poste según norma EPM RA2-026. Incluye: Cruceta en L de 2,4m transporte y pruebas certificadas ante EPM, tornillo espaciador, collarín, fusibles tipo T y barras en alambre de cobre y demás elementos necesarios para su correcta instalación y funcionamiento. Deben entregar certificados de laboratorio y RETIE y protocolos. | C77: Un | D77: 1 | E77: =+'APU 12,01'!G48 -> 9149143 | F77: =+D77*E77 -> 9149143
A78: 12.02 | B78: Certificado de cumplimiento RETIE de la instalación a intervenir, incluye certificación desde medida, seccionamiento interno, sistema de distribución en media tensión, transformación, alimentador principal en baja tensión y gabinete de distribución principal en zona deportivas. El ente certificador debe estar acreditado por la ONAC. | C78: Un | D78: 1 | E78: =+'APU 12,02'!G48 -> 5000000 | F78: =+D78*E78 -> 5000000
A79: 12.03 | B79: Juego de 3 DPS 12kV, 10kA, MCOV: 10,2kV para instalar en crucetas de poste proyectado, incluye elementos de fijación y demás accesorios para su correcta instalación y puesta en servicio. | C79: Un | D79: 1 | E79: =+'APU 12,3'!G48 -> 581611 | F79: =+D79*E79 -> 581611
A80: 13 | B80: Protecciones, gabinetes, celdas y tableros
A81: 13.01 | B81: Tablero eléctrico de distribución (ML), 3 fases, 5 hilos (3 barras de fase + una barra aislada de neutro + una barra de tierra), tensión de operación 208/120V, barrajes para fases y neutro en cobre del alta pureza, lámina cold rolled calibre 16, pintura electrostática a base de polvo epóxico color gris texturizado RAL 7035, grado de protección IP40 (servicio interior), de dimensiones aproximadas (altura, ancho, profundidad = 120x90x40cm, doble fondo y frente muerto abatible en la misma lámina, con puerta y chapa; con espacios para instalación de Breaker Totalizador principal 3x150A en caja moldeada, un panel para 24 breaker enchufables cada uno. Incluye los siguientes equipos:- (1) Breaker Totalizador principal regulable de 3x150A en caja moldeada, Iu=40kA, Ics=100%Icu, Easypact CVS o equivalente a todas sus especificaciones técnicas.-- (1) paneles de 24 espacios para breakers enchufables con sus barras de neutro y tierra respectivas junto con cableado de conexión al barraje de cobre según diagrama unifilar.Incluye además: elementos de fijación, marcadores tipo anillo para fases neutros y tierra de TODOS los circuito, marcación frontal con placa en acrílico. El tablero debe tener certificado de conformidad RETIE.NOTA: Se debe garantizar la coordinación de protecciones mediante el cálculo. | C81: Un | D81: 1 | E81: =+'APU 13,01'!G48 -> 1045305 | F81: =+D81*E81 -> 1045305
A82: 13.02 | B82: Interruptor automático (breaker) tripolar enchufable 2x15, 2x20, 2x30, Icc>10 kA, 220 V. Incluye cintas y anillos de marcación | C82: Un | D82: 1 | E82: =+'APU 13,02'!G48 -> 115797 | F82: =+D82*E82 -> 115797
A83: 13.03 | B83: Interruptor automático (breaker) tripolar enchufable 3x15, 3x20, 3x30, Icc>10 kA, 220 V. Incluye cintas y anillos de marcación | C83: Un | D83: 1 | E83: =+'APU 13,03'!G48 -> 174142 | F83: =+D83*E83 -> 174142
A84: 13.04 | B84: Interruptor automático (breaker) monopolar enchufable 1x15,1x20,1x30, A, Icc>10 kA, 220 V. Incluye cintas y anillos de marcación | C84: Un | D84: 1 | E84: =+'APU 13,04'!G48 -> 36490 | F84: =+D84*E84 -> 36490
A85: 14 | B85: Alimentadores eléctricos
A86: 14.01 | B86: Alimentador eléctrico trifásico en cable de aluminio serie AA8000, 3No.4/0+ 1No.2/0)THWN. Incluye: terminales bimetálicas, aplicación de gel retardante a la corrosión, cintas, marcación con placas en acrílico con el número de circuito en cajas de paso, elementos de fijación y demás elementos necesarios para su correcta instalación. | C86: ml | D86: 100 | E86: =+'APU 14,01'!G48 -> 59336 | F86: =+D86*E86 -> 5933600
A87: 14.02 | B87: Alimentador eléctrico trifásico en cable de aluminio serie AA8000 3No.6 AWG THWN. Incluye: terminales bimetálicas, aplicación de gel retardante a la corrosión, cintas, marcación con placas en acrílico con el número de circuito en cajas de paso, elementos de fijación y demás elementos necesarios para su correcta instalación. | C87: ml | D87: 300 | E87: =+'APU 14,02'!G48 -> 22729 | F87: =+D87*E87 -> 6818700
A88: 14.03 | B88: Alimentador eléctrico en cable de cobre 3No.10 AWG THWN. Incluye: Conectores terminales, cintas, marcaciones, elementos de fijaión y demas elementos necesarios para su correcta instalación. | C88: ml | D88: 150 | E88: =+'APU 14,03'!G48 -> 38278 | F88: =+D88*E88 -> 5741700
A89: 14.04 | B89: Cable encauchetado 3x10AWG THWN. Incluye: Conetores, terminales, elementos de fijación y marcación. | C89: ml | D89: 30 | E89: =+'APU 14,04'!G48 -> 27798 | F89: =+D89*E89 -> 833940
A90: 14.05 | B90: Alimentador eléctrico en cable de cobre 3xN° 12 AWG THWN para circuitos de tomas e iluminación. Incluye: terminales, cintas, marcaciones, elementos de fijaión y demas elementos necesarios para su correcta instalación. | C90: ml | D90: 150 | E90: =+'APU 14,05'!G48 -> 30647 | F90: =+D90*E90 -> 4597050
A91: 14.06 | B91: Cable encauchetado 3x12AWG THWN. Incluye: Conetores, terminales, elementos de fijación y marcación. | C91: ml | D91: 35 | E91: =+'APU 14,06'!G48 -> 51857 | F91: =+D91*E91 -> 1814995
A92: 15 | B92: Salidas eléctricas
A93: 15.01 | B93: Salida eléctrica para toma corriente doble con polo a tierra color blanco, 125V, 15A en tubería EMT. Incluye: Caja metálica 12x12x5cm, conectores tipo resorte, accesorios de fijación y demás elementos para su correcta instalación. NO Incluye tubería ni cableado. | C93: un | D93: 5 | E93: =+'APU 15,01'!G48 -> 59953 | F93: =+D93*E93 -> 299765
A94: 15.02 | B94: Salida eléctrica 120V para iluminación Incluye: toma corriente doble con polo a tierra color blanco, 125V, 15A. Caja metálica 12x12x5cm, conectores tipo resorte, accesorios de fijación y demás elementos para su correcta instalación. NO Incluye tubería ni cableado. | C94: un | D94: 14 | E94: =+'APU 15,02'!G48 -> 64344 | F94: =+D94*E94 -> 900816
A95: 15.03 | B95: Salida eléctrica para toma corriente doble con polo a tierra color blanco, 125V, 15A en tubería PVC empotrada en muro. Incluye: Caja PVC 4''x4'', tapa flux PVC 4''x4'', conectores tipo resorte y accesorios. NO Incluye tubería. | C95: un | D95: 4 | E95: =+'APU 15,03'!G48 -> 115554 | F95: =+D95*E95 -> 462216
A96: 15.04 | B96: Salida eléctrica para interruptor sencillo 120V, 15A, expuesta en tubería EMT. Incluye: Caja metálica Rawelt 2''x4'', conectores tipo resorte, accesorios de fijación y demás elementos para su correcta instalación. NO Incluye tubería ni cableado. | C96: un | D96: 1 | E96: =+'APU 15,04'!G48 -> 59104 | F96: =+D96*E96 -> 59104
A97: 16 | B97: Canalizaciones
A98: 16.01 | B98: Tubería EMT de 1/2". Incluye: Uniones, entradas a caja, conduletas, elementos de fijación, marcación y demas accesorios necesarios para su correcta instalación. | C98: ml | D98: 10 | E98: =+'APU 16,01'!G48 -> 38003 | F98: =+D98*E98 -> 380030
A99: 16.02 | B99: Tubería EMT de 3/4". Incluye: Uniones, entradas a caja, conduletas, elementos de fijación, marcación y demas accesorios necesarios para su correcta instalación. | C99: ml | D99: 100 | E99: =+'APU 16,02'!G48 -> 40964 | F99: =+D99*E99 -> 4096400
A100: 16.03 | B100: Tubería CONDUIT de 3/4" empotrada en muro. Incluye: Canalización, elementos de fijación y accesorios necesarios para su correcta instalación. | C100: ml | D100: 30 | E100: =+'APU 16,03'!G48 -> 54970 | F100: =+D100*E100 -> 1649100
A101: 16.04 | B101: Tubería CONDUIT de 1" . Incluye: Elementos de fijación, uniones y/o pega CONDUIT, terminales, cinta de peligo y accesorios necesarios para su correcta instalación. | C101: ml | D101: 10 | E101: =+'APU 16,04'!G48 -> 57153 | F101: =+D101*E101 -> 571530
...

Sheet AU GYM
A1: MUNICIPIO DE LIBORINA ANTIOQUIA
A2: PROYECTO ADECUACION Y MEJORAMIENTO DE ZONAS DEPORTIVAS EN EL MUNICIPIO DE LIBORINA
A5: DURACION DEL PROYECTO EN MESES | F5: =+'[5]PRESUPUESTO GYM y CANCHA'!C4 -> 6
A6: COSTO DIRECTO | F6: =+'PRESUPUESTO GYM'!F122 -> 6.1564123e+08
A7: COSTO TOTAL | F7: =+'PRESUPUESTO GYM'!F128 -> 8.9005228e+08
A8: GASTOS DE LEGALIZACIÓN DEL CONTRATO
A9: RETENCION FONDO DE SEGURIDAD - DEPARTAMENTO | D9: 0.05 | E9: =+D9*$F$7 -> 44502614
A10: ESTAMPILLA PROCULTURA- MUNICIPIO | D10: 0.02 | E10: =+D10*$F$7 -> 17801046
A11: ESTAMPILLA PRO ANCIANO- MUNICIPIO | D11: 0.04 | E11: =+D11*$F$7 -> 35602091
A12: TASA PRO HOSPITAL - DEPARTAMENTO | D12: 0.01 | E12: =+D12*$F$7 -> 8900522.8
A13: ESTAMPILLA PARA LA JUSTICIA FAMILIAR- MUNICIPIO | D13: 0.02 | E13: =+D13*$F$7 -> 17801046
A14: TASA PRO DEPORTES (DEPARTAMENTO VG 2025) | D14: 0.025 | E14: =+D14*$F$7 -> 22251307
A15: TOTAL. | D15: =SUM(D9:D14) -> 0.165 | E15: =SUM(E9:F14) -> 1.4685863e+08
A16: GASTOS DESEMBOLSABLES
A17: DESCRIPCION | B17: Cantidad | C17: Valor/mes | D17: Prestaciones | E17: Cantidad en meses | F17: Vr. Total
A18: Campamento y punto de atencion, incluye servicios | B18: 1 | C18: 1070000 | D18: 1 | E18: =+$F$5 -> 6 | F18: =+E18*D18*C18*B18 -> 6420000
A19: Papeleria | B19: 1 | C19: 180000 | D19: 1 | E19: =+$F$5 -> 6 | F19: =+E19*D19*C19*B19 -> 1080000
A20: Valla (3,0X2,0m). Incluye estructura metálica para fijación y soporte | B20: 1 | C20: 1711008.9 | D20: 1 | E20: 1 | F20: =+E20*D20*C20*B20 -> 1711008.9
A21: Polizas | B21: 1 | C21: =+F7 -> 8.9005228e+08 | D21: 0.0099803234 | E21: 1 | F21: =+E21*B21*C21*D21 -> 8883009.6
A22: Auxilio rodamiento traslado personal administrativo a los dos frentes | B22: 2 | C22: 500000 | D22: 1 | E22: =+$F$5 -> 6 | F22: =+E22*D22*C22*B22 -> 6000000
A23: TOTAL. | F23: =SUM(F18:F22) -> 24094019
A24: GASTOS DE PERSONAL.
A25: Personal | B25: Cantidad | C25: Sueldo/mes | D25: Prestaciones | E25: Cantidad en meses | F25: Vr. Total
A26: Director de Obra | B26: 0.25 | C26: 8000000 | D26: 1.61 | E26: =+$F$5 -> 6 | F26: =+E26*D26*C26*B26 -> 19320000
A27: Residente de obra | B27: 0.5 | C27: 4500000 | D27: 1.61 | E27: =+$F$5 -> 6 | F27: =+E27*D27*C27*B27 -> 21735000
A28: Residente SISOMA | B28: 0.5 | C28: 3800000 | D28: 1.61 | E28: =+$F$5 -> 6 | F28: =+E28*D28*C28*B28 -> 18354000
A29: Tecnólogo Electrico | B29: 0.5 | C29: 3500000 | D29: 1.61 | E29: 3 | F29: =+E29*D29*C29*B29 -> 8452500
A30: TOTAL GASTO PERSONAL. | F30: =SUM(F26:F29) -> 67861500
A31: COSTO TOTAL DE LA ADMINISTRACIÓN | E31: =+(E15+F23+F30)/F6 -> 0.38791122 | F31: =F30+F23+E15 -> 2.3881414e+08
A32: UTILIDAD | E32: 0.05 | F32: =+E32*F6 -> 30782062
A33: COSTO TOTAL DEL AU | E33: =E32+E31 -> 0.43791122 | F33: =F32+F31 -> 2.6959621e+08
A36: Elaboró:
A37: JUAN SEBASTIAN HINCAPIE HERNANDEZ
A38: Secretario de Planeación y Desarrollo Territorial
A39: Municipio de Liborina

Sheet PMA GYM
A1: REPÚBLICA DE COLOMBIA
A2: DEPARTAMENTO DE ANTIOQUIA
A3: MUNICIPIO DE LIBORINA
A4: PLAN DE MANEJO AMBIENTAL - PMA (BÁSICO) GYM
A5: PMA GENERAL
A6: ITEM | B6: DESCRIPCIÓN | C6: UNIDAD | D6: CANTIDAD | E6: VR.UNITARIO | F6: VALOR TOTAL
A7: 1 | B7: PROGRAMA / PROYECTO GESTIÓN AMBIENTAL | F7: =SUM(F9:F17) -> 3013108
A8: 1.1 | B8: MANEJO Y DISPOSICION FINAL DE RESIDUOS SOLIDOS CONVENCIONALES Y ESPECIALES
B9: JUEGO DE TRES RECIPIENTES O CANECAS DE 55 GALONES INCLUYE IVA | C9: UN | D9: 1 | E9: 813214 | F9: =+E9*D9 -> 813214
B10: BOLSAS POLIETILENO ALTA DENSIDAD (PAQUETE 10 UNIDADES). INCLUYE IVA | C10: UN | D10: 3 | E10: 39380.667 | F10: =+E10*D10 -> 118142
B11: DISPOSICIÓN DE RESIDUOS PELIGROSOS Y ESPECIALES CON EMPRESAS CERTIFICADAS | C11: MES | D11: 4 | E11: 246429 | F11: =+E11*D11 -> 985716
A12: 1.2 | B12: SEÑALIZACIÓN FRENTES DE OBRASY SITIOS TEMPORALES (DEMARCACIÓN DE ÁREAS DE TRABAJO Y CENTROS DE ACOPIO)
B13: CINTA SEÑALIZACIÓN CALIBRE 4, 12 CM DE ALTO, COLOR NARANJA - BLANCO O AMARILLO- NEGRO, DE 500 M. (INCLUYE IVA) | C13: ROLLO | D13: 1 | E13: 118286 | F13: =+E13*D13 -> 118286
A14: 1.3 | B14: PROYECTO DE MANEJO INTEGRAL DE MATERIALES DE CONSTRUCCION Y MANEJO DE FUENTES DE EMISIONES ATMOSFÉRICAS
B15: TELERAS 1,35M X 0,90 M | C15: UN | D15: 6 | E15: 86250 | F15: =+E15*D15 -> 517500
A16: 1.4 | B16: MANEJO DE RESIDUOS LÍQUIDOS DOMÉSTICOS E INDUSTRIALES
B17: KIT DE EMERGENCIA PARA DERRAMES | C17: UN | D17: 1 | E17: 460250 | F17: =+E17*D17 -> 460250
A18: 2 | B18: PROGRAMA DE SEGURIDAD Y SALUD EN EL TRABAJO | F18: =SUM(F19:F21) -> 714589
B19: CAMILLA EMERGENCIA POLIETILENO 185X45CM (INCLUYE IVA) | C19: UN | D19: 1 | E19: 369643 | F19: =+E19*D19 -> 369643
B20: EXTINTOR ABC 20 LB (INCLUYE IVA) | C20: UN | D20: 1 | E20: 197143 | F20: =+E20*D20 -> 197143
B21: BOTIQUÍN CRUZ ROJA DE PRIMEROS AUXILIOS REF. 115 EN LONA | C21: UN | D21: 1 | E21: 147803 | F21: =+E21*D21 -> 147803
A22: 3 | B22: GESTIÓN SOCIAL | F22: =SUM(F23:F23) -> 1087142
B23: REUNIONES, TALLERES INFORMATIVOS Y DE SOCIALIZACIÓN CON LA COMUNIDAD AFECTADA POR EL PROYECTO. INICIO, AVANCE Y FIN DE OBRA. INCLUYE LOGÍSTICA Y REFRIGERIOS. | C23: UN | D23: 2 | E23: 543571 | F23: =+E23*D23 -> 1087142
A24: TOTAL PLAN DE MANEJO AMBIENTAL - PMA | F24: =+F7+F18+F22 -> 4814839
A26: Elaboró:
A27: JUAN SEBASTIAN HINCAPIE HERNANDEZ
A28: Secretario de Planeación y Desarrollo Territorial
A29: Municipio de Liborina

Sheet APU 1,01
A3: ANALISIS DE PRECIOS UNITARIOS
A4: Descripción | E4: No. Item | F4: Unidad
A5: LOCALIZACIÓN, TRAZADO Y REPLANTEO. Se utilizará personal experto con equipo de precisión. Se hará con la frecuencia que lo indique la interventoría. Incluye demarcación con pintura, línea de trazado, corte de piso, libretas y planos. | E5: 1.01 | F5: día
A6: Clave | B6: Materiales | C6: Unidad | D6: Cantidad | E6: V/Unitario | F6: V/Total
A7: CLAVOCOMUN11/2" | B7: Clavo común de 1 1/2" | C7: lb | D7: 0.1 | E7: 6127 | F7: =+D7*E7 -> 612.7
A8: PINTURABASEACEITE | B8: Pintura base aceite x galón. | C8: gal | D8: 0.01 | E8: 97190 | F8: =+D8*E8 -> 971.9
A9: LARGMADCOM5X5CMX2,8M | B9: Larguero de madera común 5x5cm - 2.8m (2 1/2" x 2 1/2" Canteado) | C9: un | D9: 3 | E9: 11524 | F9: =+D9*E9 -> 34572
A10: Total de Materiales | E10: SUBTOTAL | F10: =SUM(F7:F9) -> 36156.6
A11: Clave | B11: Mano de Obra | C11: Unidad | D11: Cantidad | E11: V/Unitario | F11: V/Total
A12: TOPOGRAFO | B12: Topógrafo con Licencia | C12: día | D12: 1 | E12: 249923.43 | F12: =+D12*E12 -> 249923.43
A13: CADENERO1 | B13: Cadenero 1 | C13: día | D13: 1 | E13: 152529 | F13: =+D13*E13 -> 152529
A14: Total de Mano de Obra | E14: SUBTOTAL | F14: =SUM(F12:F13) -> 402452.43
A15: Clave | B15: Herramienta | C15: Unidad | D15: Cantidad | E15: V/Unitario | F15: V/Total
A16: HERRMENOR | B16: Herramienta Menor (% de MdeO) | C16: (%)mo | D16: 0.05 | E16: =+F14 -> 402452.43 | F16: =+D16*E16 -> 20122.621
A17: Total de Herramienta | E17: SUBTOTAL | F17: =SUM(F16) -> 20122.621
A18: Clave | B18: Equipo | C18: Unidad | D18: Cantidad | E18: V/Unitario | F18: V/Total
A19: NIVELPRECISION | B19: Nivel de precisión | C19: día | D19: 1 | E19: 115193.99 | F19: =+D19*E19 -> 115193.99
A20: ESTACIONTOTAL | B20: Estación total | C20: día | D20: 1 | E20: 164561.79 | F20: =+D20*E20 -> 164561.79
A21: Total de Equipo | E21: SUBTOTAL | F21: =SUM(F19:F20) -> 279755.77
A22: Clave | B22: Fletes | C22: Unidad | D22: Cantidad | E22: V/Unitario | F22: V/Total
A23: AUXTRANSPPERSYEQ | B23: Auxilio para Transporte personal y equipo (viaje ida y regreso) | C23: viaje | D23: 0.5 | E23: 52650 | F23: =+D23*E23 -> 26325
A24: Total de Fletes | E24: SUBTOTAL | F24: =SUM(F23) -> 26325
A25: P R E C I O U N I T A R I O | E25: =ROUND((F10+F14+F17+F21+F24),0) -> 764812

Sheet APU 1,02
A3: ANALISIS DE PRECIOS UNITARIOS
A4: Descripción | E4: No. Item | F4: Unidad
A5: Instalación de CERRAMIENTO PROVISIONAL en tela verde polietileno de alta densidad y resistencia 65 gr/m2 con una altura de 2,10 m, estacones de madera común para fijación vertical de altura de 2,50 m puesto mínimo cada 2,0 m y para apuntalamiento mínimo cada 10 m y cada cambio de dirección, arranques y terminación, diámetro aproximado 0,10 m, elementos de fijación | E5: 1.02 | F5: m
A6: Clave | B6: Materiales | C6: Unidad | D6: Cantidad | E6: V/Unitario | F6: V/Total
A7: LISTONMADCOM2X1 | B7: Listón de madera común de 2" X 1" | C7: un | D7: 0.5 | E7: 5573 | F7: =+D7*E7 -> 2786.5
A8: TELAVERDEPOLIP | B8: Tela verde tejida de polipropileno de alta resistencia para cerramiento, (ancho 2.10m) 55gr/m2 | C8: m | D8: 1.05 | E8: 1998 | F8: =+D8*E8 -> 2097.9
A9: TACOMADCOM2,8M | B9: Taco en madera común diámetro 0,10 m x 2,80 m de alto (taco redondo) | C9: un | D9: 1 | E9: 7110 | F9: =+D9*E9 -> 7110
A10: CLAVOCOMUN11/2" | B10: Clavo común de 1 1/2" | C10: lb | D10: 0.04 | E10: 3702 | F10: =+D10*E10 -> 148.08
A11: Total de Materiales | E11: SUBTOTAL | F11: =SUM(F7:F10) -> 12142.48
A12: Clave | B12: Mano de Obra | C12: Unidad | D12: Cantidad | E12: V/Unitario | F12: V/Total
A13: OFICIAL | B13: Oficial | C13: día | D13: 0.025 | E13: 151529 | F13: =+D13*E13 -> 3788.225
A14: AYUDANTE | B14: Ayudante Raso | C14: día | D14: 0.025 | E14: 81327 | F14: =+D14*E14 -> 2033.175
F15: =+D15*E15 -> 0
A16: Total de Mano de Obra | E16: SUBTOTAL | F16: =SUM(F13:F15) -> 5821.4
A17: Clave | B17: Herramienta | C17: Unidad | D17: Cantidad | E17: V/Unitario | F17: V/Total
A18: HERRMENOR | B18: Herramienta Menor (% de MdeO) | C18: (%)mo | D18: 0.05 | E18: =+F16 -> 5821.4 | F18: =+D18*E18 -> 291.07
A19: Total de Herramienta | E19: SUBTOTAL | F19: =SUM(F18) -> 291.07
A20: Clave | B20: Equipo o Auxiliares | C20: Unidad | D20: Cantidad | E20: V/Unitario | F20: V/Total
F21: =+D21*E21 -> 0
F22: =+D22*E22 -> 0
A23: Total de Equipo | E23: SUBTOTAL | F23: =SUM(F21:F22) -> 0
A24: Clave | B24: Fletes o Matrices | C24: Unidad | D24: Cantidad | E24: V/Unitario | F24: V/Total
B25: Cargue MANUAL, transporte y disposición final de material proveniente de demolición, excavación y voladura de roca a sitio autorizado. Su medida será de acuerdo a las demoliciones, excavaciones y/o voladuras. El ítem incluye el factor de expansión. Incluye pago de derecho a botadero. | C25: m3 | D25: 0.0247 | E25: 63868 | F25: =+D25*E25 -> 1577.5396
B26: EXCAVACIÓN MANUAL de material heterogéneo de 0-2 m, bajo cualquier grado de humedad. Incluye: roca descompuesta, bolas de roca de volumen inferior a 0.35 m³. Incluye transporte interno del material proveniente de las excavaciones al sitio donde lo indique la interventoría y su medida será en el sitio. No incluye entibado ni botada del material. | C26: m3 | D26: 0.019 | E26: 49785 | F26: =+D26*E26 -> 945.915
A27: Total de Fletes | E27: SUBTOTAL | F27: =SUM(F25:F26) -> 2523.4546
A28: P R E C I O U N I T A R I O | E28: =ROUND((F11+F16+F19+F23+F27),0) -> 20778

Sheet APU 2.01
A3: ANALISIS DE PRECIOS UNITARIOS
A4: Descripción | E4: No. Item | F4: Unidad
A5: DESCAPOTE MANUAL. Incluye el desenraíce si es necesario, cargue, transporte y botada de material sobrante en botaderos oficiales. Medido en sitio. | E5: 2.01 | F5: m2
A6: Clave | B6: Materiales | C6: Unidad | D6: Cantidad | E6: V/Unitario | F6: V/Total
F7: =+D7*E7 -> 0
F8: =+D8*E8 -> 0
F9: =+D9*E9 -> 0
F10: =+D10*E10 -> 0
A11: Total de Materiales | E11: SUBTOTAL | F11: =SUM(F7:F10) -> 0
A12: Clave | B12: Mano de Obra | C12: Unidad | D12: Cantidad | E12: V/Unitario | F12: V/Total
A13: OFICIAL | B13: Oficial | C13: día | D13: 0.03 | E13: 151529 | F13: =+D13*E13 -> 4545.87
A14: AYUDANTE | B14: Ayudante Raso | C14: día | D14: 0.07 | E14: 81327 | F14: =+D14*E14 -> 5692.89
F15: =+D15*E15 -> 0
A16: Total de Mano de Obra | E16: SUBTOTAL | F16: =SUM(F13:F15) -> 10238.76
A17: Clave | B17: Herramienta | C17: Unidad | D17: Cantidad | E17: V/Unitario | F17: V/Total
A18: HERRMENOR | B18: Herramienta Menor (% de MdeO) | C18: (%)mo | D18: 0.05 | E18: =+F16 -> 10238.76 | F18: =+D18*E18 -> 511.938
A19: Total de Herramienta | E19: SUBTOTAL | F19: =SUM(F18) -> 511.938
A20: Clave | B20: Equipo o Auxiliares | C20: Unidad | D20: Cantidad | E20: V/Unitario | F20: V/Total
F21: =+D21*E21 -> 0
F22: =+D22*E22 -> 0
A23: Total de Equipo | E23: SUBTOTAL | F23: =SUM(F21:F22) -> 0
A24: Clave | B24: Fletes o Matrices | C24: Unidad | D24: Cantidad | E24: V/Unitario | F24: V/Total
B25: Acarreo Interno | C25: m3 o ton | D25: 0.05 | E25: 4820.625 | F25: =+D25*E25 -> 241.03125
B26: Acarreo maquina | C26: m3 o ton | D26: 0.01 | E26: 18000 | F26: =+D26*E26 -> 180
A27: Total de Fletes | E27: SUBTOTAL | F27: =SUM(F25:F26) -> 421.03125
A28: P R E C I O U N I T A R I O | E28: =ROUND((F11+F16+F19+F23+F27),0) -> 11172

Sheet APU 2.02
A3: ANALISIS DE PRECIOS UNITARIOS
A4: Descripción | E4: No. Item | F4: Unidad
A5: EXCAVACIÓN MANUAL de material heterogéneo DE 0-2 m., bajo cualquier grado de humedad. Incluye: roca descompuesta, bolas de roca de volúmen inferior a 0.35 m³, el cargue, transporte interno y externo, botada de material proveniente de las excavaciones en los sitios oficiales y su medida será en el sitio. No incluye entibado. | E5: 2.02 | F5: m3
A6: Clave | B6: Materiales | C6: Unidad | D6: Cantidad | E6: V/Unitario | F6: V/Total
F7: =+D7*E7 -> 0
F8: =+D8*E8 -> 0
F9: =+D9*E9 -> 0
F10: =+D10*E10 -> 0
A11: Total de Materiales | E11: SUBTOTAL | F11: =SUM(F7:F10) -> 0
A12: Clave | B12: Mano de Obra | C12: Unidad | D12: Cantidad | E12: V/Unitario | F12: V/Total
A13: OFICIAL | B13: Oficial | C13: día | D13: 0.1 | E13: 151530 | F13: =+D13*E13 -> 15153
A14: AYUDANTE | B14: Ayudante Raso | C14: día | D14: 0.35 | E14: 81328 | F14: =+D14*E14 -> 28464.8
F15: =+D15*E15 -> 0
A16: Total de Mano de Obra | E16: SUBTOTAL | F16: =SUM(F13:F15) -> 43617.8
A17: Clave | B17: Herramienta | C17: Unidad | D17: Cantidad | E17: V/Unitario | F17: V/Total
A18: HERRMENOR | B18: Herramienta Menor (% de MdeO) | C18: (%)mo | D18: 0.05 | E18: =+F16 -> 43617.8 | F18: =+D18*E18 -> 2180.89
A19: Total de Herramienta | E19: SUBTOTAL | F19: =SUM(F18) -> 2180.89
A20: Clave | B20: Equipo o Auxiliares | C20: Unidad | D20: Cantidad | E20: V/Unitario | F20: V/Total
F21: =+D21*E21 -> 0
F22: =+D22*E22 -> 0
A23: Total de Equipo | E23: SUBTOTAL | F23: =SUM(F21:F22) -> 0
A24: Clave | B24: Fletes o Matrices | C24: Unidad | D24: Cantidad | E24: V/Unitario | F24: V/Total
B25: Acarreo interno de materiales. Distancia entre 0 a 50 metros, en condiciones normales. | C25: m3 o ton | D25: 1.3 | E25: 25508.627 | F25: =+D25*E25 -> 33161.215
F26: =+D26*E26 -> 0
A27: Total de Fletes | E27: SUBTOTAL | F27: =SUM(F25:F26) -> 33161.215
A28: P R E C I O U N I T A R I O | E28: =ROUND((F11+F16+F19+F23+F27),0) -> 78960

Sheet APU 2.03
A3: ANALISIS DE PRECIOS UNITARIOS
A4: Descripción | E4: No. Item | F4: Unidad
A5: DEMOLICIÓN de muro divisorio interior de mampostería vista, formada por ladrillo perforado de 11/12 cm de espesor, con medios manuales, sin afectar a la estabilidad de los elementos constructivos contiguos. Incluso parte proporcional de desmontaje previo de las hojas de carpintería y retirada de marcos, limpieza, acopio, retirada y carga manual de escombros sobre camión o contenedor. | E5: 2.03 | F5: m2
A6: Clave | B6: Materiales | C6: Unidad | D6: Cantidad | E6: V/Unitario | F6: V/Total
B7: herramienta menor (5% M.O) | C7: gl | D7: 0.05 | E7: 32111.042 | F7: =+D7*E7 -> 1605.5521
B8: Pulidora manual eléctrica | C8: DIA | D8: 0.1 | E8: 31590 | F8: =+D8*E8 -> 3159
B9: DEMOLEDOR ELECTRICO | C9: DIA | D9: 0.06 | E9: 89505 | F9: =+D9*E9 -> 5370.3
B10: Andamio de carga Sección completa de (1.2m-1.5m) x 1.5 m. (+ 4 ruedas) | C10: DIA | D10: 0.06 | E10: 57915 | F10: =+D10*E10 -> 3474.9
A11: Total de Materiales | E11: SUBTOTAL | F11: =SUM(F7:F10) -> 13609.752
A12: Clave | B12: Mano de Obra | C12: Unidad | D12: Cantidad | E12: V/Unitario | F12: V/Total
A13: OFICIAL | B13: Oficial | C13: día | D13: 0.14 | E13: 187896.03 | F13: =+D13*E13 -> 26305.444
A14: AYUDANTE | B14: Ayudante Raso | C14: día | D14: 0.14 | E14: 100846.47 | F14: =+D14*E14 -> 14118.506
F15: =+D15*E15 -> 0
A16: Total de Mano de Obra | E16: SUBTOTAL | F16: =SUM(F13:F15) -> 40423.95
A17: Clave | B17: Herramienta | C17: Unidad | D17: Cantidad | E17: V/Unitario | F17: V/Total
A18: HERRMENOR | B18: Herramienta Menor (% de MdeO) | C18: (%)mo | D18: 0.05 | E18: =+F16 -> 40423.95 | F18: =+D18*E18 -> 2021.1975
A19: Total de Herramienta | E19: SUBTOTAL | F19: =SUM(F18) -> 2021.1975
A20: Clave | B20: Equipo o Auxiliares | C20: Unidad | D20: Cantidad | E20: V/Unitario | F20: V/Total
F21: =+D21*E21 -> 0
F22: =+D22*E22 -> 0
A23: Total de Equipo | E23: SUBTOTAL | F23: =SUM(F21:F22) -> 0
A24: Clave | B24: Fletes o Matrices | C24: Unidad | D24: Cantidad | E24: V/Unitario | F24: V/Total
B25: Acarreo Interno | C25: m3 o ton | D25: 0.1 | E25: 9000 | F25: =+D25*E25 -> 900
B26: Acarreo maquina | C26: m3 o ton | D26: 0.1 | E26: 27000 | F26: =+D26*E26 -> 2700
A27: Total de Fletes | E27: SUBTOTAL | F27: =SUM(F25:F26) -> 3600
A28: P R E C I O U N I T A R I O | E28: =ROUND((F11+F16+F19+F23+F27),0) -> 59655

Sheet APU 2.04
A3: ANALISIS DE PRECIOS UNITARIOS
A4: Descripción | E4: No. Item | F4: Unidad
A5: DEMOLICIÓN DE ESTRUCTURAS DE CONCRETO de cualquier resistencia, reforzado, ciclópeo y en cualquier clase y forma de estructura: Estructuras de contención, fundaciones, columnas, vigas, losas, escaleras, muros, coberturas, cámaras de inspección, entre otros; incluye transporte interno hasta el sitio de almacenamiento. | E5: 2.04 | F5: m3
A6: Clave | B6: Materiales | C6: Unidad | D6: Cantidad | E6: V/Unitario | F6: V/Total
F7: =+D7*E7 -> 0
F8: =+D8*E8 -> 0
F9: =+D9*E9 -> 0
F10: =+D10*E10 -> 0
A11: Total de Materiales | E11: SUBTOTAL | F11: =SUM(F7:F10) -> 0
A12: Clave | B12: Mano de Obra | C12: Unidad | D12: Cantidad | E12: V/Unitario | F12: V/Total
A13: OFICIAL | B13: Oficial | C13: día | D13: 0.05 | E13: 187896.03 | F13: =+D13*E13 -> 9394.8015
A14: 2AYUDANTE | B14: Cuadrilla 2 Ayudantes | C14: día | D14: 0.166667 | E14: =100846.47*2 -> 201692.94 | F14: =+D14*E14 -> 33615.557
F15: =+D15*E15 -> 0
A16: Total de Mano de Obra | E16: SUBTOTAL | F16: =SUM(F13:F15) -> 43010.359
A17: Clave | B17: Herramienta | C17: Unidad | D17: Cantidad | E17: V/Unitario | F17: V/Total
A18: HERRMENOR | B18: Herramienta Menor (% de MdeO) | C18: (%)mo | D18: 0.05 | E18: =+F16 -> 43010.359 | F18: =+D18*E18 -> 2150.5179
A19: Total de Herramienta | E19: SUBTOTAL | F19: =SUM(F18) -> 2150.5179
A20: Clave | B20: Equipo o Auxiliares | C20: Unidad | D20: Cantidad | E20: V/Unitario | F20: V/Total
A21: ANDAMIOCARG4M | B21: Andamio de carga certificado 2.07 x 2.07m, h=4.00m, 4 ruedas, incluye transporte | C21: día | D21: 0.083333 | E21: 60320.789 | F21: =+D21*E21 -> 5026.7123
A22: PLATAFORMAANDAMIO | B22: Plataforma con escotilla de 0.61 x 2.00m | C22: día | D22: 0.083333 | E22: 3308.1048 | F22: =+D22*E22 -> 275.6743
A23: COMPRNEUMATALQHR | B23: Compresor neumático 125 pies3/min, con martillo demoledor o perforador en superficie, punta, manguera de 40 m, combustible y operador. Tarifa por hora | C23: hr | D23: 1.333333 | E23: 116069.77 | F23: =+D23*E23 -> 154759.65
A24: PULIDORAMANUALINCDISCO | B24: Pulidora manual 7" y 9", incluye disco | C24: día | D24: 0.166667 | E24: 43444.358 | F24: =+D24*E24 -> 7240.7408
A25: EXTENSELECTRENCAUCH12 | B25: Extensión Eléctrica en cable encauchetado 2#12 AWG. Longitud=50m | C25: día | D25: 0.166667 | E25: 23655.961 | F25: =+D25*E25 -> 3942.668
A26: Total de Equipo | E26: SUBTOTAL | F26: =SUM(F21:F25) -> 171245.45
A27: Clave | B27: Fletes o Matrices | C27: Unidad | D27: Cantidad | E27: V/Unitario | F27: V/Total
B28: Acarreo maquina | C28: m3 o ton | D28: 1.4 | E28: 27000 | F28: =+D28*E28 -> 37800
F29: =+D29*E29 -> 0
A30: Total de Fletes | E30: SUBTOTAL | F30: =SUM(F28:F29) -> 37800
A31: P R E C I O U N I T A R I O | E31: =ROUND((F11+F16+F19+F26+F30),0) -> 254206

Sheet APU 2.05
A3: ANALISIS DE PRECIOS UNITARIOS
A4: Descripción | E4: No. Item | F4: Unidad
A5: LLENO con material proveniente de la excavación | E5: 2.05 | F5: m3
A6: Clave | B6: Materiales | C6: Unidad | D6: Cantidad | E6: V/Unitario | F6: V/Total
F7: =+D7*E7 -> 0
F8: =+D8*E8 -> 0
F9: =+D9*E9 -> 0
F10: =+D10*E10 -> 0
A11: Total de Materiales | E11: SUBTOTAL | F11: =SUM(F7:F10) -> 0
A12: Clave | B12: Mano de Obra | C12: Unidad | D12: Cantidad | E12: V/Unitario | F12: V/Total
A13: OFICIAL | B13: Oficial | C13: día | D13: 0.05 | E13: 151530 | F13: =+D13*E13 -> 7576.5
A14: AYUDANTE | B14: Ayudantes | C14: día | D14: 0.07 | E14: 81328 | F14: =+D14*E14 -> 5692.96
F15: =+D15*E15 -> 0
A16: Total de Mano de Obra | E16: SUBTOTAL | F16: =SUM(F13:F15) -> 13269.46
A17: Clave | B17: Herramienta | C17: Unidad | D17: Cantidad | E17: V/Unitario | F17: V/Total
A18: HERRMENOR | B18: Herramienta Menor (% de MdeO) | C18: (%)mo | D18: 0.05 | E18: =+F16 -> 13269.46 | F18: =+D18*E18 -> 663.473
A19: Total de Herramienta | E19: SUBTOTAL | F19: =SUM(F18) -> 663.473
A20: Clave | B20: Equipo o Auxiliares | C20: Unidad | D20: Cantidad | E20: V/Unitario | F20: V/Total
A21: COMPACTIPORANADIA | B21: Equipo de compactación tipo rana | C21: día | D21: 0.083333 | E21: 55000 | F21: =+D21*E21 -> 4583.315
F22: =+D22*E22 -> 0
F23: =+D23*E23 -> 0
F24: =+D24*E24 -> 0
F25: =+D25*E25 -> 0
A26: Total de Equipo | E26: SUBTOTAL | F26: =SUM(F21:F25) -> 4583.315
A27: Clave | B27: Fletes o Matrices | C27: Unidad | D27: Cantidad | E27: V/Unitario | F27: V/Total
B28: Acarreo interno | C28: m3 o ton | D28: 1.3 | E28: 18832.884 | F28: =+D28*E28 -> 24482.749
F29: =+D29*E29 -> 0
A30: Total de Fletes | E30: SUBTOTAL | F30: =SUM(F28:F29) -> 24482.749
A31: P R E C I O U N I T A R I O | E31: =ROUND((F11+F16+F19+F26+F30),0) -> 42999

Sheet APU 2.06
A3: ANALISIS DE PRECIOS UNITARIOS
A4: Descripción | E4: No. Item | F4: Unidad
A5: Suministro y colocación de subbase granular de máximo Ø 2 1/2", reacomodado con medios mecánicos y compactado al 96% mínimo del ensayo del proctor modificado, e max= 40 cm. | E5: 2.06 | F5: m3
A6: Clave | B6: Materiales | C6: Unidad | D6: Cantidad | E6: V/Unitario | F6: V/Total
B7: Dumper de descarga frontal de 2 t de carga útil. | C7: dia | D7: 0.01 | E7: 891805 | F7: =+D7*E7 -> 8918.05
B8: Compactador tándem autopropulsado, de 63 kW, de 9,65 t, anchura de trabajo 168 cm. | C8: dia | D8: 0.01 | E8: 279745 | F8: =+D8*E8 -> 2797.45
B9: Camión cisterna, de 8 m³ de capacidad. | C9: dia | D9: 0.001 | E9: 2234207 | F9: =+D9*E9 -> 2234.207
F10: =+D10*E10 -> 0
A11: Total de Materiales | E11: SUBTOTAL | F11: =SUM(F7:F10) -> 13949.707
A12: Clave | B12: Mano de Obra | C12: Unidad | D12: Cantidad | E12: V/Unitario | F12: V/Total
A13: OFICIAL | B13: Oficial | C13: día | D13: 0.05 | E13: 151530 | F13: =+D13*E13 -> 7576.5
A14: AYUDANTE | B14: Ayudantes | C14: día | D14: 0.2 | E14: 81328 | F14: =+D14*E14 -> 16265.6
F15: =+D15*E15 -> 0
A16: Total de Mano de Obra | E16: SUBTOTAL | F16: =SUM(F13:F15) -> 23842.1
A17: Clave | B17: Herramienta | C17: Unidad | D17: Cantidad | E17: V/Unitario | F17: V/Total
A18: HERRMENOR | B18: Herramienta Menor (% de MdeO) | C18: (%)mo | D18: 0.05 | E18: =+F16 -> 23842.1 | F18: =+D18*E18 -> 1192.105
A19: Total de Herramienta | E19: SUBTOTAL | F19: =SUM(F18) -> 1192.105
A20: Clave | B20: Equipo o Auxiliares | C20: Unidad | D20: Cantidad | E20: V/Unitario | F20: V/Total
A21: COMPACTIPORANADIA | B21: Base granular de máximo Ø 2 1/2 | C21: m3 | D21: 1.3 | E21: 136462 | F21: =+D21*E21 -> 177400.6
F22: =+D22*E22 -> 0
F23: =+D23*E23 -> 0
F24: =+D24*E24 -> 0
F25: =+D25*E25 -> 0
A26: Total de Equipo | E26: SUBTOTAL | F26: =SUM(F21:F25) -> 177400.6
A27: Clave | B27: Fletes o Matrices | C27: Unidad | D27: Cantidad | E27: V/Unitario | F27: V/Total
B28: Acarreo Interno | C28: m3 o ton | D28: 0.1 | E28: 7860 | F28: =+D28*E28 -> 786
F29: =+D29*E29 -> 0
A30: Total de Fletes | E30: SUBTOTAL | F30: =SUM(F28:F29) -> 786
A31: P R E C I O U N I T A R I O | E31: =ROUND((F11+F16+F19+F26+F30),0) -> 217171

Sheet APU 3.01
A3: ANALISIS DE PRECIOS UNITARIOS
A4: Descripción | E4: No. Item | F4: Unidad
A5: Colocación de concreto de 14 Mpa para SOLADO, con un espesor DE 0.05 m. Incluye el suministro y el transporte del concreto y todos los demás elementos necesarios para su correcta construcción, incluye acarreo interno. | E5: 3.01 | F5: m2
A6: Clave | B6: Materiales | C6: Unidad | D6: Cantidad | E6: V/Unitario | F6: V/Total
F7: =+D7*E7 -> 0
F8: =+D8*E8 -> 0
F9: =+D9*E9 -> 0
F10: =+D10*E10 -> 0
A11: Total de Materiales | E11: SUBTOTAL | F11: =SUM(F7:F10) -> 0
A12: Clave | B12: Mano de Obra | C12: Unidad | D12: Cantidad | E12: V/Unitario | F12: V/Total
A13: OFICIAL | B13: Oficial | C13: día | D13: 0.02 | E13: 151530 | F13: =+D13*E13 -> 3030.6
A14: AYUDANTE | B14: Ayudantes | C14: día | D14: 0.04 | E14: 81328 | F14: =+D14*E14 -> 3253.12
F15: =+D15*E15 -> 0
A16: Total de Mano de Obra | E16: SUBTOTAL | F16: =SUM(F13:F15) -> 6283.72
A17: Clave | B17: Herramienta | C17: Unidad | D17: Cantidad | E17: V/Unitario | F17: V/Total
A18: HERRMENOR | B18: Herramienta Menor (% de MdeO) | C18: (%)mo | D18: 0.05 | E18: =+F16 -> 6283.72 | F18: =+D18*E18 -> 314.186
A19: Total de Herramienta | E19: SUBTOTAL | F19: =SUM(F18) -> 314.186
A20: Clave | B20: Equipo o Auxiliares | C20: Unidad | D20: Cantidad | E20: V/Unitario | F20: V/Total
A21: CONCRE OBRA 14MPA | B21: Concreto de 14 Mpa preparado en obra (2000 PSI) | C21: m3 | D21: 0.0525 | E21: 552918 | F21: =+D21*E21 -> 29028.195
F22: =+D22*E22 -> 0
F23: =+D23*E23 -> 0
F24: =+D24*E24 -> 0
F25: =+D25*E25 -> 0
A26: Total de Equipo | E26: SUBTOTAL | F26: =SUM(F21:F25) -> 29028.195
A27: Clave | B27: Fletes o Matrices | C27: Unidad | D27: Cantidad | E27: V/Unitario | F27: V/Total
B28: Acarreo Interno | C28: m3 o ton | D28: 0.1 | E28: 5000 | F28: =+D28*E28 -> 500
F29: =+D29*E29 -> 0
A30: Total de Fletes | E30: SUBTOTAL | F30: =SUM(F28:F29) -> 500
A31: P R E C I O U N I T A R I O | E31: =ROUND((F11+F16+F19+F26+F30),0) -> 36126

Sheet APU 3.02
A3: ANALISIS DE PRECIOS UNITARIOS
A4: Descripción | E4: No. Item | F4: Unidad
A5: Construcción de PEDESTALES en concreto de 21 Mpa. DE 0.4 x 0.4. X 0.6. Incluye suministro, transporte y la colocación del concreto, mano de obra, formaleta, vibrado, protección y curado, para estructuras de acuerdo con las diferentes dimensiones establecidas en los planos y diseños. No incluye refuerzo. | E5: 3.02 | F5: m3
A6: Clave | B6: Materiales | C6: Unidad | D6: Cantidad | E6: V/Unitario | F6: V/Total
B7: Vibrador de concreto eléctrico a 110v (alquiler) | C7: DIA | D7: 0.25 | E7: 35364.764 | F7: =+D7*E7 -> 8841.1911
B8: Tabla madera común | C8: un | D8: 14 | E8: 7868.66 | F8: =+D8*E8 -> 110161.24
B9: Larguero madera común 4cmx8cmx2.80m. | C9: un | D9: 7.75 | E9: 7426.6005 | F9: =+D9*E9 -> 57556.154
B10: Alambre recocido C 18 | C10: kg | D10: 0.5 | E10: 6854.5754 | F10: =+D10*E10 -> 3427.2877
B11: Clavo común | C11: lb | D11: 1 | E11: 4862.6551 | F11: =+D11*E11 -> 4862.6551
B12: Separol o equivalente (Desmoldante) | C12: un | D12: 0.007 | E12: 260974.28 | F12: =+D12*E12 -> 1826.8199
F13: =+D13*E13 -> 0
A14: Total de Materiales | E14: SUBTOTAL | F14: =SUM(F7:F13) -> 186675.35
A15: Clave | B15: Mano de Obra | C15: Unidad | D15: Cantidad | E15: V/Unitario | F15: V/Total
A16: OFICIAL | B16: Oficial | C16: día | D16: 0.65 | E16: 151530 | F16: =+D16*E16 -> 98494.5
A17: 3AYUDANTE | B17: 3Ayudantes | C17: día | D17: 0.65 | E17: 243984 | F17: =+D17*E17 -> 158589.6
F18: =+D18*E18 -> 0
A19: Total de Mano de Obra | E19: SUBTOTAL | F19: =SUM(F16:F18) -> 257084.1
A20: Clave | B20: Herramienta | C20: Unidad | D20: Cantidad | E20: V/Unitario | F20: V/Total
A21: HERRMENOR | B21: Herramienta Menor (% de MdeO) | C21: (%)mo | D21: 0.05 | E21: =+F19 -> 257084.1 | F21: =+D21*E21 -> 12854.205
A22: Total de Herramienta | E22: SUBTOTAL | F22: =SUM(F21) -> 12854.205
A23: Clave | B23: Equipo o Auxiliares | C23: Unidad | D23: Cantidad | E23: V/Unitario | F23: V/Total
A24: CONCRE OBRA 21MPA | B24: Concreto de 21 Mpa preparado en obra (3000 PSI) | C24: m3 | D24: 1.05 | E24: 632282 | F24: =+D24*E24 -> 663896.1
F25: =+D25*E25 -> 0
F26: =+D26*E26 -> 0
F27: =+D27*E27 -> 0
F28: =+D28*E28 -> 0
A29: Total de Equipo | E29: SUBTOTAL | F29: =SUM(F24:F28) -> 663896.1
A30: Clave | B30: Fletes o Matrices | C30: Unidad | D30: Cantidad | E30: V/Unitario | F30: V/Total
B31: Acarreo Interno | C31: m3 o ton | D31: 0.1 | E31: 5000 | F31: =+D31*E31 -> 500
F32: =+D32*E32 -> 0
A33: Total de Fletes | E33: SUBTOTAL | F33: =SUM(F31:F32) -> 500
A34: P R E C I O U N I T A R I O | E34: =ROUND((F14+F19+F22+F29+F33),0) -> 1121010

Sheet APU 3.03
A3: ANALISIS DE PRECIOS UNITARIOS
A4: Descripción | E4: No. Item | F4: Unidad
A5: Construcción de ZAPATAS en concreto de 21 Mpa. Incluye suministro, transporte e instalación del concreto, mano de obra, vibrado, formaleta, curado y protección. incluye acarreo interno. No incluye refuerzo, según diseño. | E5: 3.03 | F5: m3
A6: Clave | B6: Materiales | C6: Unidad | D6: Cantidad | E6: V/Unitario | F6: V/Total
B7: Vibrador de concreto eléctrico a 110v (alquiler) | C7: DIA | D7: 0.14 | E7: 48412 | F7: =+D7*E7 -> 6777.68
F8: =+D8*E8 -> 0
F9: =+D9*E9 -> 0
F10: =+D10*E10 -> 0
F11: =+D11*E11 -> 0
F12: =+D12*E12 -> 0
F13: =+D13*E13 -> 0
A14: Total de Materiales | E14: SUBTOTAL | F14: =SUM(F7:F13) -> 6777.68
A15: Clave | B15: Mano de Obra | C15: Unidad | D15: Cantidad | E15: V/Unitario | F15: V/Total
A16: OFICIAL | B16: Oficial | C16: día | D16: 0.465 | E16: 151530 | F16: =+D16*E16 -> 70461.45
A17: 3AYUDANTE | B17: 3Ayudantes | C17: día | D17: 0.465 | E17: 243984 | F17: =+D17*E17 -> 113452.56
F18: =+D18*E18 -> 0
A19: Total de Mano de Obra | E19: SUBTOTAL | F19: =SUM(F16:F18) -> 183914.01
A20: Clave | B20: Herramienta | C20: Unidad | D20: Cantidad | E20: V/Unitario | F20: V/Total
A21: HERRMENOR | B21: Herramienta Menor (% de MdeO) | C21: (%)mo | D21: 0.05 | E21: =+F19 -> 183914.01 | F21: =+D21*E21 -> 9195.7005
A22: Total de Herramienta | E22: SUBTOTAL | F22: =SUM(F21) -> 9195.7005
A23: Clave | B23: Equipo o Auxiliares | C23: Unidad | D23: Cantidad | E23: V/Unitario | F23: V/Total
A24: CONCRE OBRA 21MPA | B24: Concreto de 21 Mpa preparado en obra (3000 PSI) | C24: m3 | D24: 1.05 | E24: 632282 | F24: =+D24*E24 -> 663896.1
F25: =+D25*E25 -> 0
F26: =+D26*E26 -> 0
F27: =+D27*E27 -> 0
F28: =+D28*E28 -> 0
A29: Total de Equipo | E29: SUBTOTAL | F29: =SUM(F24:F28) -> 663896.1
A30: Clave | B30: Fletes o Matrices | C30: Unidad | D30: Cantidad | E30: V/Unitario | F30: V/Total
B31: Acarreo Interno | C31: m3 o ton | D31: 0.1 | E31: 5000 | F31: =+D31*E31 -> 500
F32: =+D32*E32 -> 0
A33: Total de Fletes | E33: SUBTOTAL | F33: =SUM(F31:F32) -> 500
A34: P R E C I O U N I T A R I O | E34: =ROUND((F14+F19+F22+F29+F33),0) -> 864283

Sheet APU 3.04
A3: ANALISIS DE PRECIOS UNITARIOS
A4: Descripción | E4: No. Item | F4: Unidad
A5: Construcción de COLUMNAS DE 0.2 x 0,2m. en concreto de 21 MPa, acabado a la vista. Incluye suministro, transporte y colocación del concreto, formaleta en súper "T" de 19mm., aristas biseladas, desmoldante, fluidificante para mezclas de concreto, vibrado, protección, curado y todos los demás elementos necesarios para su correcta construcción según diseño. El acero de refuerzo se pagará en su respectivo ítem. | E5: 3.04 | F5: m
A6: Clave | B6: Materiales | C6: Unidad | D6: Cantidad | E6: V/Unitario | F6: V/Total
B7: Vibrador de concreto eléctrico a 110v (alquiler) | C7: DIA | D7: 0.028 | E7: 38016 | F7: =+D7*E7 -> 1064.448
B8: Andamio de carga Sección completa de (1.2m-1.5m) x 1.5 m. (+ 4 ruedas) | C8: DIA | D8: 1.33 | E8: 25410 | F8: =+D8*E8 -> 33795.3
B9: Taco metálico mediano hasta 3,40 m., incluye trasnporte | C9: DIA | D9: 2.67 | E9: 380 | F9: =+D9*E9 -> 1014.6
B10: COSTAL DE FIQUE (Gante para curado) | C10: un | D10: 0.5 | E10: 1900 | F10: =+D10*E10 -> 950
B11: Larguero madera común 4cmx8cmx2.80m. Incluye transporte. | C11: un | D11: 0.7 | E11: 7983 | F11: =+D11*E11 -> 5588.1
B12: Alambre recocido C 18 | C12: kg | D12: 0.04 | E12: 7368 | F12: =+D12*E12 -> 294.72
B13: Clavo común | C13: lb | D13: 0.4 | E13: 5227 | F13: =+D13*E13 -> 2090.8
B14: Separol o equivalente (Desmoldante) | C14: un | D14: 0.00077 | E14: 280542 | F14: =+D14*E14 -> 216.01734
B15: Super T de 19 mm de 1.83x2.44 m | C15: un | D15: 0.042 | E15: 262357 | F15: =+D15*E15 -> 11018.994
B16: Sikafluid o equivalente (Fluidificante para mezclas de concreto. Presentacion: 25 kg Rendimiento 250g por bulto de cemento de 50 kg. 1% del peso del concreto. | C16: un | D16: 0.00294 | E16: 249578 | F16: =+D16*E16 -> 733.75932
B17: Moldura en madera 1/4 bocel de L=3.00 m. Chingale | C17: m | D17: 2.3 | E17: 1285 | F17: =+D17*E17 -> 2955.5
F18: =+D18*E18 -> 0
A19: Total de Materiales | E19: SUBTOTAL | F19: =SUM(F7:F18) -> 59722.239
A20: Clave | B20: Mano de Obra | C20: Unidad | D20: Cantidad | E20: V/Unitario | F20: V/Total
A21: OFICIAL | B21: Oficial | C21: día | D21: 0.041 | E21: 151530 | F21: =+D21*E21 -> 6212.73
A22: 2AYUDANTE | B22: 2Ayudantes | C22: día | D22: 0.061 | E22: 162656 | F22: =+D22*E22 -> 9922.016
A23: AYUDANTE ENTENDIDO | B23: Ayudante | C23: día | D23: 0.061 | E23: 117925 | F23: =+D23*E23 -> 7193.425
A24: Total de Mano de Obra | E24: SUBTOTAL | F24: =SUM(F21:F23) -> 23328.171
A25: Clave | B25: Herramienta | C25: Unidad | D25: Cantidad | E25: V/Unitario | F25: V/Total
A26: HERRMENOR | B26: Herramienta Menor (% de MdeO) | C26: (%)mo | D26: 0.05 | E26: =+F24 -> 23328.171 | F26: =+D26*E26 -> 1166.4085
A27: Total de Herramienta | E27: SUBTOTAL | F27: =SUM(F26) -> 1166.4085
A28: Clave | B28: Equipo o Auxiliares | C28: Unidad | D28: Cantidad | E28: V/Unitario | F28: V/Total
A29: CONCRE OBRA 21MPA | B29: Concreto de 21 Mpa preparado en obra (3000 PSI) | C29: m3 | D29: =+(0.2*0.2*1)*1.15 -> 0.046 | E29: 632282 | F29: =+D29*E29 -> 29084.972
F30: =+D30*E30 -> 0
F31: =+D31*E31 -> 0
F32: =+D32*E32 -> 0
F33: =+D33*E33 -> 0
A34: Total de Equipo | E34: SUBTOTAL | F34: =SUM(F29:F33) -> 29084.972
A35: Clave | B35: Fletes o Matrices | C35: Unidad | D35: Cantidad | E35: V/Unitario | F35: V/Total
B36: Acarreo Interno | C36: m3 o ton | D36: 0.1 | E36: 5000 | F36: =+D36*E36 -> 500
F37: =+D37*E37 -> 0
A38: Total de Fletes | E38: SUBTOTAL | F38: =SUM(F36:F37) -> 500
A39: P R E C I O U N I T A R I O | E39: =ROUND((F19+F24+F27+F34+F38),0) -> 113802

Sheet APU 3.05
A3: ANALISIS DE PRECIOS UNITARIOS
A4: Descripción | E4: No. Item | F4: Unidad
A5: Construcción de LOSA DE FUNDACIÓN en concreto de 21 Mpa. con un espesor de 0.10m. Incluye suministro, transporte e instalación del concreto, mano de obra, vibrado, protección y curado, para estructuras de acuerdo con las diferentes dimensiones establecidas en los planos y diseños. No incluye refuerzo. | E5: 3.05 | F5: m2
A6: Clave | B6: Materiales | C6: Unidad | D6: Cantidad | E6: V/Unitario | F6: V/Total
B7: Vibrador de concreto eléctrico a 110v (alquiler) | C7: DIA | D7: 0.04 | E7: 45500 | F7: =+D7*E7 -> 1820
B8: Clavo común | C8: lb | D8: 0.1 | E8: 6100 | F8: =+D8*E8 -> 610
B9: Larguero madera común 4cmx8cmx2.80m. Incluye transporte. | C9: un | D9: 0.25 | E9: 9100 | F9: =+D9*E9 -> 2275
B10: Tabla madera común | C10: un | D10: 0.27 | E10: 10000 | F10: =+D10*E10 -> 2700
F11: =+D11*E11 -> 0
F12: =+D12*E12 -> 0
A13: Total de Materiales | E13: SUBTOTAL | F13: =SUM(F7:F12) -> 7405
A14: Clave | B14: Mano de Obra | C14: Unidad | D14: Cantidad | E14: V/Unitario | F14: V/Total
A15: CUAD 1OF+1AYU O.N. | B15: Cuadrilla 1Of + 1 Ay Obra Negra | C15: jor | D15: 0.13316 | E15: 214437 | F15: =+D15*E15 -> 28554.431
F16: =+D16*E16 -> 0
F17: =+D17*E17 -> 0
A18: Total de Mano de Obra | E18: SUBTOTAL | F18: =SUM(F15:F17) -> 28554.431
A19: Clave | B19: Herramienta | C19: Unidad | D19: Cantidad | E19: V/Unitario | F19: V/Total
A20: HERRMENOR | B20: Herramienta Menor (% de MdeO) | C20: (%)mo | D20: 0.05 | E20: =+F18 -> 28554.431 | F20: =+D20*E20 -> 1427.7215
A21: Total de Herramienta | E21: SUBTOTAL | F21: =SUM(F20) -> 1427.7215
A22: Clave | B22: Equipo o Auxiliares | C22: Unidad | D22: Cantidad | E22: V/Unitario | F22: V/Total
A23: CONCRE OBRA 21MPA | B23: Concreto de 21 Mpa preparado en obra (3000 PSI) | C23: m3 | D23: 0.105 | E23: 632282 | F23: =+D23*E23 -> 66389.61
A24: VIBRADOR CONCRE ELEC | B24: Vibrador de concreto eléctrico a 110v (alquiler). Tipo aguja | C24: día | D24: 0.025 | E24: 66376 | F24: =+D24*E24 -> 1659.4
F25: =+D25*E25 -> 0
F26: =+D26*E26 -> 0
F27: =+D27*E27 -> 0
A28: Total de Equipo | E28: SUBTOTAL | F28: =SUM(F23:F27) -> 68049.01
A29: Clave | B29: Fletes o Matrices | C29: Unidad | D29: Cantidad | E29: V/Unitario | F29: V/Total
B30: Acarreo Interno | C30: m3 o ton | D30: 0.1 | E30: 5000 | F30: =+D30*E30 -> 500
F31: =+D31*E31 -> 0
A32: Total de Fletes | E32: SUBTOTAL | F32: =SUM(F30:F31) -> 500
A33: P R E C I O U N I T A R I O | E33: =ROUND((F13+F18+F21+F28+F32),0) -> 105936

Sheet APU 3.06
A3: ANALISIS DE PRECIOS UNITARIOS
A4: Descripción | E4: No. Item | F4: Unidad
A5: Construcción de LOSA PARA RAMPA en concreto de 21 Mpa. con un espesor de 0.10m. Incluye suministro, transporte e instalación del concreto, mano de obra, vibrado, protección y curado, para estructuras de acuerdo con las diferentes dimensiones establecidas en los planos y diseños. No incluye refuerzo. | E5: 3.06 | F5: m2
A6: Clave | B6: Materiales | C6: Unidad | D6: Cantidad | E6: V/Unitario | F6: V/Total
A7: LARGUERO 1X1" | B7: Larguero de madera comun de 1" x 1" | C7: un | D7: 0.28 | E7: 11918 | F7: =+D7*E7 -> 3337.04
A8: MALLA ELECTROSO D84 | B8: Malla electrosoldada D-84 | C8: m2 | D8: 1.15 | E8: 9317 | F8: =+D8*E8 -> 10714.55
A9: PIEDRA ENTRESU + TTE | B9: Piedra de entresuelo (limpia), tamaño máximo 15 cm, con transporte. | C9: m3 | D9: 0.1575 | E9: 296679 | F9: =+D9*E9 -> 46726.942
A10: ARENILLA + TTE | B10: Arenilla con transporte. | C10: m3 | D10: 0.068 | E10: 149158 | F10: =+D10*E10 -> 10142.744
A11: SIKA SEPAROL | B11: Separol o equivalente (Desmoldante para evitar adherencia de concretos a formaletas.Presentación 15Kg. Rendimiento metal :45g/m2 madera:55g/m2 (15 kg)). para metal puro, para madera diluir hasta 5 partes de agua segun porosidad de la madera. | C11: un | D11: 0.001 | E11: 478669 | F11: =+D11*E11 -> 478.669
A12: CLAVO 1 1/2" | B12: Clavo común de 1 1/2". Caja x 500gr. | C12: lb | D12: 0.062 | E12: 19877 | F12: =+D12*E12 -> 1232.374
A13: POLIETILENO NEGRO | B13: Polietileno negro construccion | C13: m2 | D13: 1.07 | E13: 2918 | F13: =+D13*E13 -> 3122.26
A14: SUPERT19MM 1.83X2.44 | B14: Super T de 19 mm de 1.83x2.44 m | C14: un | D14: 0.04 | E14: 447641 | F14: =+D14*E14 -> 17905.64
F15: =+D15*E15 -> 0
A16: Total de Materiales | E16: SUBTOTAL | F16: =SUM(F7:F15) -> 93660.219
A17: Clave | B17: Mano de Obra | C17: Unidad | D17: Cantidad | E17: V/Unitario | F17: V/Total
A18: OFICIAL | B18: Oficial | C18: día | D18: 0.38 | E18: 187896.03 | F18: =+D18*E18 -> 71400.491
A19: 2AYUDANTE | B19: 2Ayudantes | C19: día | D19: 0.38 | E19: =100846.47*2 -> 201692.94 | F19: =+D19*E19 -> 76643.317
F20: =+D20*E20 -> 0
A21: Total de Mano de Obra | E21: SUBTOTAL | F21: =SUM(F18:F20) -> 148043.81
A22: Clave | B22: Herramienta | C22: Unidad | D22: Cantidad | E22: V/Unitario | F22: V/Total
A23: HERRMENOR | B23: Herramienta Menor (% de MdeO) | C23: (%)mo | D23: 0.05 | E23: =+F21 -> 148043.81 | F23: =+D23*E23 -> 7402.1904
A24: Total de Herramienta | E24: SUBTOTAL | F24: =SUM(F23) -> 7402.1904
A25: Clave | B25: Equipo o Auxiliares | C25: Unidad | D25: Cantidad | E25: V/Unitario | F25: V/Total
A26: CONCRE OBRA 21MPA | B26: Concreto de 21 Mpa preparado en obra (3000 PSI) | C26: m3 | D26: 0.105 | E26: 7116416.6 | F26: =+D26*E26 -> 747223.74
A27: VIBRADOR CONCRE ELEC | B27: Vibrador de concreto eléctrico a 110v (alquiler). Tipo aguja | C27: día | D27: 0.055 | E27: 67432 | F27: =+D27*E27 -> 3708.76
A28: COMPACT TIPO RANA | B28: Compactador tipo Rana a gasolina | C28: día | D28: 0.032 | E28: 44226 | F28: =+D28*E28 -> 1415.232
A32: Total de Equipo | E32: SUBTOTAL | F32: =SUM(F26:F31) -> 752347.73
A33: Clave | B33: Fletes o Matrices | C33: Unidad | D33: Cantidad | E33: V/Unitario | F33: V/Total
A34: ACARREO INT MAT (M3) | B34: Acarreo interno de materiales | C34: m3 | D34: 0.126 | E34: 36258 | F34: =+D34*E34 -> 4568.508
F35: =+D35*E35 -> 0
A36: Total de Fletes | E36: SUBTOTAL | F36: =SUM(F34:F35) -> 4568.508
A37: P R E C I O U N I T A R I O | E37: =ROUND((F16+F21+F24+F32+F36),0) -> 1006022

Sheet APU 3.07
A3: ANALISIS DE PRECIOS UNITARIOS
A4: Descripción | E4: No. Item | F4: Unidad
A5: Construcción de VIGAS DE FUNDACIÓN de 0,3 x 0,3 m. en concreto de 21 Mpa. Incluye suministro, transporte y colocación del concreto, formaleta de primera calidad en súper T de 19 mm o equivalente, vibrado, protección, curado y todos los demás elementos necesarios para su correcta construcción. El acero de refuerzo se pagará en su respectivo ítem según diseño y especificaciones establecidos en los planos. En el vaciado se deben dejar los hierros para el amarre de los elementos no estructurales que se requieran. | E5: 3.07 | F5: ml
A6: Clave | B6: Materiales | C6: Unidad | D6: Cantidad | E6: V/Unitario | F6: V/Total
B7: Vibrador de concreto eléctrico a 110v (alquiler) | C7: DIA | D7: 0.06 | E7: 42120 | F7: =+D7*E7 -> 2527.2
B8: Clavo común | C8: lb | D8: 0.1 | E8: 5791.5 | F8: =+D8*E8 -> 579.15
B9: Larguero madera común 4cmx8cmx2.80m. Incluye transporte. | C9: un | D9: 1.2 | E9: 8845.2 | F9: =+D9*E9 -> 10614.24
B10: Tabla madera común | C10: un | D10: 0.176 | E10: 9371.7 | F10: =+D10*E10 -> 1649.4192
B11: Super T de 19 mm de 1.53x2.44 m | C11: un | D11: 0.0375 | E11: 189434.7 | F11: =+D11*E11 -> 7103.8012
B12: Alambre recocido C 18 | C12: kg | D12: 0.648 | E12: 8163.909 | F12: =+D12*E12 -> 5290.213
F13: =+D13*E13 -> 0
F14: =+D14*E14 -> 0
A15: Total de Materiales | E15: SUBTOTAL | F15: =SUM(F7:F14) -> 27764.023
A16: Clave | B16: Mano de Obra | C16: Unidad | D16: Cantidad | E16: V/Unitario | F16: V/Total
A17: OFICIAL | B17: Oficial | C17: día | D17: 0.12 | E17: 151530 | F17: =+D17*E17 -> 18183.6
A18: AYUDANTE | B18: Ayudantes | C18: día | D18: 0.12 | E18: 81328 | F18: =+D18*E18 -> 9759.36
F19: =+D19*E19 -> 0
A20: Total de Mano de Obra | E20: SUBTOTAL | F20: =SUM(F17:F19) -> 27942.96
A21: Clave | B21: Herramienta | C21: Unidad | D21: Cantidad | E21: V/Unitario | F21: V/Total
A22: HERRMENOR | B22: Herramienta Menor (% de MdeO) | C22: (%)mo | D22: 0.05 | E22: =+F20 -> 27942.96 | F22: =+D22*E22 -> 1397.148
A23: Total de Herramienta | E23: SUBTOTAL | F23: =SUM(F22) -> 1397.148
A24: Clave | B24: Equipo o Auxiliares | C24: Unidad | D24: Cantidad | E24: V/Unitario | F24: V/Total
A25: CONCRE OBRA 21MPA | B25: Concreto de 21 Mpa preparado en obra (3000 PSI) | C25: m3 | D25: 0.11 | E25: 632282 | F25: =+D25*E25 -> 69551.02
A26: VIBRADOR CONCRE ELEC | F26: =+D26*E26 -> 0
F27: =+D27*E27 -> 0
F28: =+D28*E28 -> 0
F29: =+D29*E29 -> 0
A30: Total de Equipo | E30: SUBTOTAL | F30: =SUM(F25:F29) -> 69551.02
A31: Clave | B31: Fletes o Matrices | C31: Unidad | D31: Cantidad | E31: V/Unitario | F31: V/Total
B32: Acarreo Interno | C32: m3 o ton | D32: 1 | E32: 4452 | F32: =+D32*E32 -> 4452
F33: =+D33*E33 -> 0
A34: Total de Fletes | E34: SUBTOTAL | F34: =SUM(F32:F33) -> 4452
A35: P R E C I O U N I T A R I O | E35: =ROUND((F15+F20+F23+F30+F34),0) -> 131107

Sheet APU 3.08
A3: ANALISIS DE PRECIOS UNITARIOS
A4: Descripción | E4: No. Item | F4: Unidad
A5: Construcción de VIGAS AÉREAS de 0,2 x 0,2 m. en concreto de 21 Mpa, hasta una altura de 3,2m medidos desde el nivel de apoyo de la obra falsa hasta el nivel inferior de la viga. Incluye suministro, transporte y colocación del concreto, formaleta de primera calidad en súper T de 19 mm o equivalente, para acabado a la vista, aristas biseladas, suministro, transporte, armado y desarmado de la obra falsa requerida, vibrado, protección, curado y todos los demás elementos necesarios para su correcta construcción. El acero de refuerzo se pagará en su respectivo ítem según diseño y especificaciones establecidos en los planos. En el vaciado se deben dejar los hierros para el amarre de los elementos no estructurales que se requieran. | E5: 3.08 | F5: ml
A6: Clave | B6: Materiales | C6: Unidad | D6: Cantidad | E6: V/Unitario | F6: V/Total
A7: ALAMBRE RECOCIDO | B7: Alambre recocido C 18 | C7: kg | D7: 0.24 | E7: 6256 | F7: =+D7*E7 -> 1501.44
A8: MOLDURA 1/4 | B8: Moldura en madera 1/4 bocel de L=3.00 m. Chingale | C8: m | D8: 0.75 | E8: 1353 | F8: =+D8*E8 -> 1014.75
A9: LARGUMADERCOMUN | B9: Larguero madera común 4cmx8cmx2.80m. Incluye transporte. | C9: un | D9: 0.30932 | E9: 9615 | F9: =+D9*E9 -> 2974.1118
A10: LARGUMADERCOMUN | B10: Larguero madera común 4cmx8cmx2.80m. Incluye transporte. | C10: un | D10: 0.125 | E10: 9615 | F10: =+D10*E10 -> 1201.875
A11: CLAVO 1 1/2" | B11: Clavo común de 1 1/2". Caja x 500gr. | C11: lb | D11: 0.2372 | E11: 12258 | F11: =+D11*E11 -> 2907.5976
A12: SUPERT 19MM (UN) | B12: Super T de 19 mm. de 1,53 x 2,44 m. | C12: un | D12: 0.05648 | E12: 179900 | F12: =+D12*E12 -> 10160.752
A13: SIKA SEPAROL | B13: Separol o equivalente (Desmoldante para evitar adherencia de concretos a formaletas.Presentación 15Kg. Rendimiento metal :45g/m2 madera:55g/m2 (15 kg)). para metal puro, para madera diluir hasta 5 partes de agua segun porosidad de la madera. | C13: un | D13: 0.0011 | E13: 295180 | F13: =+D13*E13 -> 324.698
A14: SIKAFLUID 25KG | B14: Sikafluid o equivalente (Fluidificante para mezclas de concreto. Presentacion: 25 kg Rendimiento 250g por bulto de cemento de 50 kg. 1% del peso del concreto. | C14: un | D14: 0.00882 | E14: 262600 | F14: =+D14*E14 -> 2316.132
A15: Total de Materiales | E15: SUBTOTAL | F15: =SUM(F7:F14) -> 22401.356
A16: Clave | B16: Mano de Obra | C16: Unidad | D16: Cantidad | E16: V/Unitario | F16: V/Total
A17: CUAD VAC CONC ESTR | B17: Cuadrilla armado y vaciado de concreto en estructuras | C17: jor | D17: 0.2 | E17: 373086 | F17: =+D17*E17 -> 74617.2
F18: =+D18*E18 -> 0
F19: =+D19*E19 -> 0
A20: Total de Mano de Obra | E20: SUBTOTAL | F20: =SUM(F17:F19) -> 74617.2
A21: Clave | B21: Herramienta | C21: Unidad | D21: Cantidad | E21: V/Unitario | F21: V/Total
A22: HERRMENOR | B22: Herramienta Menor (% de MdeO) | C22: (%)mo | D22: 0.05 | E22: =+F20 -> 74617.2 | F22: =+D22*E22 -> 3730.86
A23: Total de Herramienta | E23: SUBTOTAL | F23: =SUM(F22) -> 3730.86
A24: Clave | B24: Equipo o Auxiliares | C24: Unidad | D24: Cantidad | E24: V/Unitario | F24: V/Total
A25: CONCRE OBRA 21MPA | B25: Concreto de 21 Mpa preparado en obra (3000 PSI) | C25: m3 | D25: 0.043 | E25: 632282 | F25: =+D25*E25 -> 27188.126
A26: TELERA 90 | B26: Telera de 0,90 x 1,35 m. | C26: día | D26: 7.77778 | E26: 572 | F26: =+D26*E26 -> 4448.8902
A27: MARCO ANDAMIOMODULAR | B27: Marco Andamio Modular. Incluye transporte. | C27: día | D27: 6 | E27: 426 | F27: =+D27*E27 -> 2556
A28: TIJERA ANDAMIO MODUL | B28: Tijera para andamio modular. Incluye transporte. | C28: día | D28: 4 | E28: 80 | F28: =+D28*E28 -> 320
A29: TACO MET MEDIANO | B29: Taco metálico mediano hasta 3,40 m., incluye trasnporte | C29: día | D29: 10.26667 | E29: 403 | F29: =+D29*E29 -> 4137.468
A30: CERCHA MET 3M ALQUIL | B30: Cercha metálica de 3m (alquiler). Incluye transporte. | C30: día | D30: 5.13333 | E30: 198 | F30: =+D30*E30 -> 1016.3993
A31: VIBRADOR CONCRE ELEC | B31: Vibrador de concreto eléctrico a 110v (alquiler). Tipo aguja | C31: día | D31: 0.01286 | E31: 45742 | F31: =+D31*E31 -> 588.24212
A32: CAN ZUNCHADO ALQUILE | B32: Can zunchado en madera común de 5,0cmx20cmx3,0m (alquiler). Incluye transporte. | C32: día | D32: 6 | E32: 666 | F32: =+D32*E32 -> 3996
F33: =+D33*E33 -> 0
A34: Total de Equipo | E34: SUBTOTAL | F34: =SUM(F25:F33) -> 44251.126
A35: Clave | B35: Fletes o Matrices | C35: Unidad | D35: Cantidad | E35: V/Unitario | F35: V/Total
A36: ACARREO INT MAT (M3) | B36: Acarreo interno de materiales | C36: m3 | D36: 0.126 | E36: 20183 | F36: =+D36*E36 -> 2543.058
F37: =+D37*E37 -> 0
A38: Total de Fletes | E38: SUBTOTAL | F38: =SUM(F36:F37) -> 2543.058
A39: P R E C I O U N I T A R I O | E39: =ROUND((F15+F20+F23+F34+F38),0) -> 147544

Sheet APU 3.09
A3: ANALISIS DE PRECIOS UNITARIOS
A4: Descripción | E4: No. Item | F4: Unidad
A5: Construcción de CINTA CULATA de 0,15 x 0,20 m. en concreto de 21 Mpa, hasta una altura de 3,2m medidos desde el nivel de apoyo de la obra falsa hasta el nivel inferior de la viga. Incluye suministro, transporte y colocación del concreto, formaleta de primera calidad en súper T de 19 mm o equivalente, para acabado a la vista, aristas biseladas, suministro, transporte, armado y desarmado de la obra falsa requerida, vibrado, protección, curado y todos los demás elementos necesarios para su correcta construcción. El acero de refuerzo se pagará en su respectivo ítem según diseño y especificaciones establecidos en los planos. En el vaciado se deben dejar los hierros para el amarre de los elementos no estructurales que se requieran, por ningún motivo se pagarán anclajes. | E5: 3.09 | F5: ml
A6: Clave | B6: Materiales | C6: Unidad | D6: Cantidad | E6: V/Unitario | F6: V/Total
B7: Vibrador de concreto eléctrico a 110v (alquiler) | C7: DIA | D7: 0.15 | E7: 39736 | F7: =+D7*E7 -> 5960.4
B8: MEZCLADORA DE CONCRETO (1 BULTO) | C8: HR | D8: 0.5 | E8: 8568 | F8: =+D8*E8 -> 4284
B9: Tabla madera común de 1,7cm x 20cm x 3,0m. Incluye transporte. | C9: un | D9: 1 | E9: 8404 | F9: =+D9*E9 -> 8404
F10: =+D10*E10 -> 0
A11: Total de Materiales | E11: SUBTOTAL | F11: =SUM(F7:F10) -> 18648.4
A12: Clave | B12: Mano de Obra | C12: Unidad | D12: Cantidad | E12: V/Unitario | F12: V/Total
A13: OFICIAL | B13: Oficial | C13: día | D13: 0.28 | E13: 151530 | F13: =+D13*E13 -> 42428.4
A14: AYUDANTE | B14: Ayudantes | C14: día | D14: 0.28 | E14: 81328 | F14: =+D14*E14 -> 22771.84
F15: =+D15*E15 -> 0
A16: Total de Mano de Obra | E16: SUBTOTAL | F16: =SUM(F13:F15) -> 65200.24
A17: Clave | B17: Herramienta | C17: Unidad | D17: Cantidad | E17: V/Unitario | F17: V/Total
A18: HERRMENOR | B18: Herramienta Menor (% de MdeO) | C18: (%)mo | D18: 0.05 | E18: =+F16 -> 65200.24 | F18: =+D18*E18 -> 3260.012
A19: Total de Herramienta | E19: SUBTOTAL | F19: =SUM(F18) -> 3260.012
A20: Clave | B20: Equipo o Auxiliares | C20: Unidad | D20: Cantidad | E20: V/Unitario | F20: V/Total
A21: CONCRE OBRA 21MPA | B21: Concreto de 21 Mpa preparado en obra (3000 PSI) | C21: m3 | D21: 0.043 | E21: 694185 | F21: =+D21*E21 -> 29849.955
F22: =+D22*E22 -> 0
F23: =+D23*E23 -> 0
A24: Total de Equipo | E24: SUBTOTAL | F24: =SUM(F21:F23) -> 29849.955
A25: Clave | B25: Fletes o Matrices | C25: Unidad | D25: Cantidad | E25: V/Unitario | F25: V/Total
A26: ACARREO INT MAT (M3) | B26: Acarreo interno de materiales | C26: m3 | D26: 0.126 | E26: 13168 | F26: =+D26*E26 -> 1659.168
F27: =+D27*E27 -> 0
A28: Total de Fletes | E28: SUBTOTAL | F28: =SUM(F26:F27) -> 1659.168
A29: P R E C I O U N I T A R I O | E29: =ROUND((F11+F16+F19+F24+F28),0) -> 118618

Sheet APU 3.10
A3: ANALISIS DE PRECIOS UNITARIOS
A4: Descripción | E4: No. Item | F4: Unidad
A5: Construcción de VIGA CANAL de 0,3 x 0,60 m; Vacio interno de 0,15x0,54m en concreto de 21 Mpa, hasta una altura de 3,2m medidos desde el nivel de apoyo de la obra falsa hasta el nivel inferior de la viga. Incluye suministro, transporte y colocación del concreto, formaleta de primera calidad en súper T de 19 mm o equivalente, para acabado a la vista, aristas biseladas, suministro, transporte, armado y desarmado de la obra falsa requerida, vibrado, protección, curado y todos los demás elementos necesarios para su correcta construcción. El acero de refuerzo se pagará en su respectivo ítem según diseño y especificaciones establecidos en los planos. En el vaciado se deben dejar los hierros para el amarre de los elementos no estructurales que se requieran, por ningún motivo se pagarán anclajes. | E5: 3,10 | F5: ml
A6: Clave | B6: Materiales | C6: Unidad | D6: Cantidad | E6: V/Unitario | F6: V/Total
A7: ALAMBRE RECOCIDO | B7: Alambre recocido C 18 | C7: kg | D7: 0.324 | E7: 6587.568 | F7: =+D7*E7 -> 2134.372
A8: MOLDURA 1/4 | B8: Moldura en madera 1/4 bocel de L=3.00 m. Chingale | C8: m | D8: 1.0125 | E8: 1424.709 | F8: =+D8*E8 -> 1442.5179
A9: LARGUMADERCOMUN | B9: Larguero madera común 4cmx8cmx2.80m. Incluye transporte. | C9: un | D9: 0.417582 | E9: 10124.595 | F9: =+D9*E9 -> 4227.8486
A10: LARGUMADERCOMUN | B10: Larguero madera común 4cmx8cmx2.80m. Incluye transporte. | C10: un | D10: 0.16875 | E10: 10124.595 | F10: =+D10*E10 -> 1708.5254
A11: CLAVO 1 1/2" | B11: Clavo común de 1 1/2". Caja x 500gr. | C11: lb | D11: 0.32022 | E11: 12907.674 | F11: =+D11*E11 -> 4133.2954
A12: SUPERT 19MM (UN) | B12: Super T de 19 mm. de 1,53 x 2,44 m. | C12: un | D12: 0.076248 | E12: 189434.7 | F12: =+D12*E12 -> 14444.017
A13: SIKA SEPAROL | B13: Separol o equivalente (Desmoldante para evitar adherencia de concretos a formaletas.Presentación 15Kg. Rendimiento metal :45g/m2 madera:55g/m2 (15 kg)). para metal puro, para madera diluir hasta 5 partes de agua segun porosidad de la madera. | C13: un | D13: 0.001485 | E13: 310824.54 | F13: =+D13*E13 -> 461.57444
A14: SIKAFLUID 25KG | B14: Sikafluid o equivalente (Fluidificante para mezclas de concreto. Presentacion: 25 kg Rendimiento 250g por bulto de cemento de 50 kg. 1% del peso del concreto. | C14: un | D14: 0.011907 | E14: 276517.8 | F14: =+D14*E14 -> 3292.4974
A15: Total de Materiales | E15: SUBTOTAL | F15: =SUM(F7:F14) -> 31844.648
A16: Clave | B16: Mano de Obra | C16: Unidad | D16: Cantidad | E16: V/Unitario | F16: V/Total
A17: CUAD VAC CONC ESTR | B17: Cuadrilla armado y vaciado de concreto en estructuras | C17: jor | D17: 0.47972 | E17: 462626.37 | F17: =+D17*E17 -> 221931.12
F18: =+D18*E18 -> 0
F19: =+D19*E19 -> 0
A20: Total de Mano de Obra | E20: SUBTOTAL | F20: =SUM(F17:F19) -> 221931.12
A21: Clave | B21: Herramienta | C21: Unidad | D21: Cantidad | E21: V/Unitario | F21: V/Total
A22: HERRMENOR | B22: Herramienta Menor (% de MdeO) | C22: (%)mo | D22: 0.05 | E22: =+F20 -> 221931.12 | F22: =+D22*E22 -> 11096.556
A23: Total de Herramienta | E23: SUBTOTAL | F23: =SUM(F22) -> 11096.556
A24: Clave | B24: Equipo o Auxiliares | C24: Unidad | D24: Cantidad | E24: V/Unitario | F24: V/Total
A25: CONCRE OBRA 21MPA | B25: Concreto de 21 Mpa preparado en obra (3000 PSI) | C25: m3 | D25: 0.221 | E25: 712754 | F25: =+D25*E25 -> 157518.63
A26: TELERA 90 | B26: Telera de 0,90 x 1,35 m. | C26: día | D26: 7.77778 | E26: 707.616 | F26: =+D26*E26 -> 5503.6816
A27: MARCO ANDAMIOMODULAR | B27: Marco Andamio Modular. Incluye transporte. | C27: día | D27: 6 | E27: 448.578 | F27: =+D27*E27 -> 2691.468
A28: TIJERA ANDAMIO MODUL | B28: Tijera para andamio modular. Incluye transporte. | C28: día | D28: 4 | E28: 84.24 | F28: =+D28*E28 -> 336.96
A29: TACO MET MEDIANO | B29: Taco metálico mediano hasta 3,40 m., incluye trasnporte | C29: día | D29: 10.26667 | E29: 424.359 | F29: =+D29*E29 -> 4356.7538
A30: CERCHA MET 3M ALQUIL | B30: Cercha metálica de 3m (alquiler). Incluye transporte. | C30: día | D30: 5.13333 | E30: 208.494 | F30: =+D30*E30 -> 1070.2685
A31: VIBRADOR CONCRE ELEC | B31: Vibrador de concreto eléctrico a 110v (alquiler). Tipo aguja | C31: día | D31: 0.01286 | E31: 48166.326 | F31: =+D31*E31 -> 619.41895
A32: CAN ZUNCHADO ALQUILE | B32: Can zunchado en madera común de 5,0cmx20cmx3,0m (alquiler). Incluye transporte. | C32: día | D32: 6 | E32: 701.298 | F32: =+D32*E32 -> 4207.788
A33: OBRA FALSA | B33: Plataforma para obra falsa | C33: día | D33: 1.2 | E33: 115074 | F33: =+D33*E33 -> 138088.8
A34: Total de Equipo | E34: SUBTOTAL | F34: =SUM(F25:F33) -> 314393.77
A35: Clave | B35: Fletes o Matrices | C35: Unidad | D35: Cantidad | E35: V/Unitario | F35: V/Total
A36: ACARREO INT MAT (M3) | B36: Acarreo interno de materiales | C36: m3 | D36: 0.126 | E36: 25899.588 | F36: =+D36*E36 -> 3263.3481
F37: =+D37*E37 -> 0
A38: Total de Fletes | E38: SUBTOTAL | F38: =SUM(F36:F37) -> 3263.3481
A39: P R E C I O U N I T A R I O | E39: =ROUND((F15+F20+F23+F34+F38),0) -> 582529

Sheet APU 3.11
A3: ANALISIS DE PRECIOS UNITARIOS
A4: Descripción | E4: No. Item | F4: Unidad
A5: Construcción de ANDÉN O PLACAS en concreto de 21 Mpa, espesor de 0.08 m., escobiado y llaneado. Incluye suministro y transporte de los materiales, nivelación del terreno y adecuación de la superficie, entresuelo en piedra (e=0,15 m.), arenilla compactada (e=0,05 m.), curado y todo lo necesario para su correcta construcción y funcionamiento. Según diseño. | E5: 3.11 | F5: m2
A6: Clave | B6: Materiales | C6: Unidad | D6: Cantidad | E6: V/Unitario | F6: V/Total
A7: LARGUERO 1X1" | B7: Larguero de madera comun de 1" x 1" | C7: un | D7: 0.28 | E7: 7739.55 | F7: =+D7*E7 -> 2167.074
A8: MALLA ELECTROSO D84 | B8: Malla electrosoldada D-84 | C8: m2 | D8: 1.15 | E8: 6050.538 | F8: =+D8*E8 -> 6958.1187
A9: PIEDRA ENTRESU + TTE | B9: Piedra de entresuelo (limpia), tamaño máximo 15 cm, con transporte. | C9: m3 | D9: 0.1575 | E9: 192648.83 | F9: =+D9*E9 -> 30342.19
A10: ARENILLA + TTE | B10: Arenilla con transporte. | C10: m3 | D10: 0.068 | E10: 96856.364 | F10: =+D10*E10 -> 6586.2328
A11: SIKA SEPAROL | B11: Separol o equivalente (Desmoldante para evitar adherencia de concretos a formaletas.Presentación 15Kg. Rendimiento metal :45g/m2 madera:55g/m2 (15 kg)). para metal puro, para madera diluir hasta 5 partes de agua segun porosidad de la madera. | C11: un | D11: 0.001 | E11: 310824.54 | F11: =+D11*E11 -> 310.82454
A12: CLAVO 1 1/2" | B12: Clavo común de 1 1/2". Caja x 500gr. | C12: lb | D12: 0.062 | E12: 12907.674 | F12: =+D12*E12 -> 800.27579
A13: POLIETILENO NEGRO | B13: Polietileno negro construccion | C13: m2 | D13: 1.07 | E13: 1895.4 | F13: =+D13*E13 -> 2028.078
A14: SUPERT19MM 1.83X2.44 | B14: Super T de 19 mm de 1.83x2.44 m | C14: un | D14: 0.04 | E14: 290676.44 | F14: =+D14*E14 -> 11627.058
F15: =+D15*E15 -> 0
A16: Total de Materiales | E16: SUBTOTAL | F16: =SUM(F7:F15) -> 60819.852
A17: Clave | B17: Mano de Obra | C17: Unidad | D17: Cantidad | E17: V/Unitario | F17: V/Total
A18: OFICIAL | B18: Oficial | C18: día | D18: 0.12 | E18: 187896.03 | F18: =+D18*E18 -> 22547.524
A19: 2AYUDANTE | B19: 2Ayudantes | C19: día | D19: 0.12 | E19: =100846.47*2 -> 201692.94 | F19: =+D19*E19 -> 24203.153
F20: =+D20*E20 -> 0
A21: Total de Mano de Obra | E21: SUBTOTAL | F21: =SUM(F18:F20) -> 46750.676
A22: Clave | B22: Herramienta | C22: Unidad | D22: Cantidad | E22: V/Unitario | F22: V/Total
A23: HERRMENOR | B23: Herramienta Menor (% de MdeO) | C23: (%)mo | D23: 0.05 | E23: =+F21 -> 46750.676 | F23: =+D23*E23 -> 2337.5338
A24: Total de Herramienta | E24: SUBTOTAL | F24: =SUM(F23) -> 2337.5338
A25: Clave | B25: Equipo o Auxiliares | C25: Unidad | D25: Cantidad | E25: V/Unitario | F25: V/Total
A26: CONCRE OBRA 21MPA | B26: Concreto de 21 Mpa preparado en obra (3000 PSI) | C26: m3 | D26: 0.105 | E26: 712754 | F26: =+D26*E26 -> 74839.17
A27: VIBRADOR CONCRE ELEC | B27: Vibrador de concreto eléctrico a 110v (alquiler). Tipo aguja | C27: día | D27: 0.055 | E27: 48166.326 | F27: =+D27*E27 -> 2649.1479
A28: COMPACT TIPO RANA | B28: Compactador tipo Rana a gasolina | C28: día | D28: 0.032 | E28: 31590 | F28: =+D28*E28 -> 1010.88
A32: Total de Equipo | E32: SUBTOTAL | F32: =SUM(F26:F31) -> 78499.198
A33: Clave | B33: Fletes o Matrices | C33: Unidad | D33: Cantidad | E33: V/Unitario | F33: V/Total
A34: ACARREO INT MAT (M3) | B34: Acarreo interno de materiales | C34: m3 | D34: 0.126 | E34: 25899.588 | F34: =+D34*E34 -> 3263.3481
F35: =+D35*E35 -> 0
A36: Total de Fletes | E36: SUBTOTAL | F36: =SUM(F34:F35) -> 3263.3481
A37: P R E C I O U N I T A R I O | E37: =ROUND((F16+F21+F24+F32+F36),0) -> 191671

Sheet APU 4.01
A3: ANALISIS DE PRECIOS UNITARIOS
A4: Descripción | E4: No. Item | F4: Unidad
A5: Construcción y montaje de ESTRUCTURA METÁLICA, en PERFILERIA TIPO IPE, HEA, PHR-C, PTE para elementos de cubierta, rampas o áreas de circulación metálicas, según diseño. Incluye: suministro y transporte de láminas, platinas, uniones, soldaduras de acabado o presentación, anclajes y pernos a estructura de concreto y madera. Todos los elementos deben llevar dos manos de pintura anticorrosiva, (2) dos manos de esmalte base aceite mate, color por definir, ensayos a soldaduras, anticorrosivos y pinturas, obra falsa y todo el equipo y la herramienta necesaria para el montaje. | E5: 4.01 | F5: KG
A6: Clave | B6: Materiales | C6: Unidad | D6: Cantidad | E6: V/Unitario | F6: V/Total
A7: ACERO ESTRUCTURAS | B7: Acero en Elementos Estructurales | C7: kg | D7: 1.2075 | E7: 13470.24 | F7: =+D7*E7 -> 16265.315
A8: PERNOS GALVAN 1/2-1" | B8: Perno expansión c/ tuerca y golilla. 1/2 x 4. 1/4. Laprox.= 10 cm. | C8: un | D8: 0.01725 | E8: 9932.44 | F8: =+D8*E8 -> 171.33459
A9: PINTURA ANTICORROSIV | B9: Pintura anticorrosivo gris. Pintuco | C9: gln | D9: 0.00345 | E9: 92206.24 | F9: =+D9*E9 -> 318.11153
A10: ESMALTE BASE ACEITE | B10: Esmalte a Base de Aceite, Rendimiento 30m2/gl | C10: gln | D10: 0.0069 | E10: 113060.64 | F10: =+D10*E10 -> 780.11842
A11: DISOLVE PINT BAS ACE | B11: Disolvente para Pinturas a Base de Aceite. | C11: gln | D11: 0.0115 | E11: 72032.8 | F11: =+D11*E11 -> 828.3772
A12: SOLDADURA 7018 | B12: Soldadura 7018 | C12: kg | D12: 0.092 | E12: 34111.84 | F12: =+D12*E12 -> 3138.2893
F13: =+D13*E13 -> 0
F14: =+D14*E14 -> 0
F15: =+D15*E15 -> 0
A16: Total de Materiales | E16: SUBTOTAL | F16: =SUM(F7:F15) -> 21501.546
A17: Clave | B17: Mano de Obra | C17: Unidad | D17: Cantidad | E17: V/Unitario | F17: V/Total
A18: CUAD MONT EST METALI | B18: Cuadrilla de Montaje de Estructuras Metálicas | C18: jor | D18: 0.0132435 | E18: 536495.25 | F18: =+D18*E18 -> 7105.0748
A19: OFICIAL OBRA BLANCA | B19: Oficial Obra Blanca | C19: jor | D19: 0.00738 | E19: 212924.07 | F19: =+D19*E19 -> 1571.3796
A20: AYUDANTE RASO | B20: Ayudante raso | C20: jor | D20: 0.00738 | E20: 100846.47 | F20: =+D20*E20 -> 744.24695
A21: Total de Mano de Obra | E21: SUBTOTAL | F21: =SUM(F18:F20) -> 9420.7014
A22: Clave | B22: Herramienta | C22: Unidad | D22: Cantidad | E22: V/Unitario | F22: V/Total
A23: HERRMENOR | B23: Herramienta Menor (% de MdeO) | C23: (%)mo | D23: 0.05 | E23: =+F21 -> 9420.7014 | F23: =+D23*E23 -> 471.03507
A24: Total de Herramienta | E24: SUBTOTAL | F24: =SUM(F23) -> 471.03507
A25: Clave | B25: Equipo o Auxiliares | C25: Unidad | D25: Cantidad | E25: V/Unitario | F25: V/Total
A26: EQUIPO SOL ELEC MILL | B26: Equipo de soldadura eléctrica MILLER XMT CC/W 300 AMP. Incluye transporte. | C26: día | D26: 0.002 | E26: 92472.24 | F26: =+D26*E26 -> 184.94448
A27: ANDA CARGA 1X1.5 CER | B27: Andamio de carga certificado marco de 1.00 x 1.50 (alto X ancho) | C27: día | D27: 0.0075 | E27: 61102.86 | F27: =+D27*E27 -> 458.27145
A28: EQUIPO DE OXICORTE | B28: Equipo de oxicorte, con pipetas | C28: día | D28: 0.00471 | E28: 60976.51 | F28: =+D28*E28 -> 287.19936
A29: PULIDO MANUAL ELECTR | B29: Pulidora manual eléctrica con disco | C29: día | D29: 0.009346 | E29: 62756.05 | F29: =+D29*E29 -> 586.51804
A30: DIFERENCIAL 3 TON | B30: Diferencial de cadena 3 Ton | C30: día | D30: 0.004 | E30: 24426.78 | F30: =+D30*E30 -> 97.70712
A31: TALADRO PERCUTOR | B31: Taladro roto percutor hasta 3/4" (alquiler). Incluye transporte. | C31: día | D31: 0.005882 | E31: 40400.08 | F31: =+D31*E31 -> 237.63327
A32: Total de Equipo | E32: SUBTOTAL | F32: =SUM(F26:F31) -> 1852.2737
A33: Clave | B33: Fletes o Matrices | C33: Unidad | D33: Cantidad | E33: V/Unitario | F33: V/Total
A34: ACARREO INT MAT (M3) | B34: Acarreo interno de materiales | C34: m3 | D34: 0.126 | E34: 25899.588 | F34: =+D34*E34 -> 3263.3481
F35: =+D35*E35 -> 0
A36: Total de Fletes | E36: SUBTOTAL | F36: =SUM(F34:F35) -> 3263.3481
A37: P R E C I O U N I T A R I O | E37: =ROUND((F16+F21+F24+F32+F36),0) -> 36509

Sheet APU 4.02
A3: ANALISIS DE PRECIOS UNITARIOS
A4: Descripción | E4: No. Item | F4: Unidad
A5: Suministro, transporte e instalación de ACERO DE REFUERZO FIGURADO FY= 420 Mpa-60000 PSI, corrugado. Incluye transporte con descarga, transporte interno, alambre de amarre, certificados y todos los elementos necesarios para su correcta instalación, según diseño y recomendaciones estructurales. | E5: 4.02 | F5: KG
A6: Clave | B6: Materiales | C6: Unidad | D6: Cantidad | E6: V/Unitario | F6: V/Total
A7: ACERO 60 FIGURADO | B7: Acero refuerzo G-60 figurado | C7: kg | D7: 1 | E7: 6080 | F7: =+D7*E7 -> 6080
A8: ALAMBRE RECOCIDO | B8: Alambre recocido C 18 | C8: kg | D8: 0.02 | E8: 9588.5934 | F8: =+D8*E8 -> 191.77187
F9: =+D9*E9 -> 0
A10: Total de Materiales | E10: SUBTOTAL | F10: =SUM(F7:F9) -> 6271.7719
A11: Clave | B11: Mano de Obra | C11: Unidad | D11: Cantidad | E11: V/Unitario | F11: V/Total
A12: OFICIAL | B12: Oficial | C12: día | D12: 0.008 | E12: 151530 | F12: =+D12*E12 -> 1212.24
A13: AYUDANTE | B13: Ayudantes | C13: día | D13: 0.01 | E13: 81328 | F13: =+D13*E13 -> 813.28
F14: =+D14*E14 -> 0
A15: Total de Mano de Obra | E15: SUBTOTAL | F15: =SUM(F12:F14) -> 2025.52
A16: Clave | B16: Herramienta | C16: Unidad | D16: Cantidad | E16: V/Unitario | F16: V/Total
A17: HERRMENOR | B17: Herramienta Menor (% de MdeO) | C17: (%)mo | D17: 0.02 | E17: =+F15 -> 2025.52 | F17: =+D17*E17 -> 40.5104
A18: Total de Herramienta | E18: SUBTOTAL | F18: =SUM(F17) -> 40.5104
A19: Clave | B19: Equipo o Auxiliares | C19: Unidad | D19: Cantidad | E19: V/Unitario | F19: V/Total
F20: =+D20*E20 -> 0
A21: Total de Equipo | E21: SUBTOTAL | F21: =SUM(F20:F20) -> 0
A22: Clave | B22: Fletes o Matrices | C22: Unidad | D22: Cantidad | E22: V/Unitario | F22: V/Total
A23: ACARREO INT MAT (M3) | B23: Acarreo interno de materiales | C23: m3 | D23: 0.001 | E23: 20000 | F23: =+D23*E23 -> 20
F24: =+D24*E24 -> 0
A25: Total de Fletes | E25: SUBTOTAL | F25: =SUM(F23:F24) -> 20
A26: P R E C I O U N I T A R I O | E26: =ROUND((F10+F15+F18+F21+F25),0) -> 8358

Sheet APU 4.03
A3: ANALISIS DE PRECIOS UNITARIOS
A4: Descripción | E4: No. Item | F4: Unidad
A5: Colocación de MALLA ELECTROSOLDADA. Incluye el suministro y el transporte del material y todos los elementos necesarios para su correcta colocación. | E5: 4.03 | F5: m2
A6: Clave | B6: Materiales | C6: Unidad | D6: Cantidad | E6: V/Unitario | F6: V/Total
A7: MALLA ELECTROSO D50 | B7: Malla electrosoldada D-50 | C7: m2 | D7: 1.2 | E7: 7797.9305 | F7: =+D7*E7 -> 9357.5166
A8: ALAMBRE RECOCIDO | B8: Alambre recocido C 18 | C8: kg | D8: 0.11 | E8: 8533.814 | F8: =+D8*E8 -> 938.71954
F9: =+D9*E9 -> 0
A10: Total de Materiales | E10: SUBTOTAL | F10: =SUM(F7:F9) -> 10296.236
A11: Clave | B11: Mano de Obra | C11: Unidad | D11: Cantidad | E11: V/Unitario | F11: V/Total
A12: OFICIAL + AYUDANTE1 | B12: Cuadrilla 1 Oficial + 1 Ayudante Entendido | C12: jor | D12: 0.01 | E12: 260940 | F12: =+D12*E12 -> 2609.4
F13: =+D13*E13 -> 0
F14: =+D14*E14 -> 0
A15: Total de Mano de Obra | E15: SUBTOTAL | F15: =SUM(F12:F14) -> 2609.4
A16: Clave | B16: Herramienta | C16: Unidad | D16: Cantidad | E16: V/Unitario | F16: V/Total
A17: HERRMENOR | B17: Herramienta Menor (% de MdeO) | C17: (%)mo | D17: 0.05 | E17: =+F15 -> 2609.4 | F17: =+D17*E17 -> 130.47
A18: Total de Herramienta | E18: SUBTOTAL | F18: =SUM(F17) -> 130.47
A19: Clave | B19: Equipo o Auxiliares | C19: Unidad | D19: Cantidad | E19: V/Unitario | F19: V/Total
F20: =+D20*E20 -> 0
A21: Total de Equipo | E21: SUBTOTAL | F21: =SUM(F20:F20) -> 0
A22: Clave | B22: Fletes o Matrices | C22: Unidad | D22: Cantidad | E22: V/Unitario | F22: V/Total
A23: ACARREO INT MAT (M3) | B23: Acarreo interno de materiales | C23: m3 | D23: 0.016 | E23: 12738 | F23: =+D23*E23 -> 203.808
F24: =+D24*E24 -> 0
A25: Total de Fletes | E25: SUBTOTAL | F25: =SUM(F23:F24) -> 203.808
A26: P R E C I O U N I T A R I O | E26: =ROUND((F10+F15+F18+F21+F25),0) -> 13240

Sheet APU 5.01
A3: ANALISIS DE PRECIOS UNITARIOS
A4: Descripción | E4: No. Item | F4: Unidad
A5: Construcción de SOBRECIMIENTO EN BLOQUE DE CONCRETO DE 12 x 20 x 40 cm. ESPESOR de 12 cm. (bloque de primera calidad, 1 HILADAS). Incluye el suministro y el transporte de materiales, mortero de pega 1:4, relleno en concreto fluido de 10.5Mpa en todas las celdas, y todos los elementos necesarios para su correcta ejecución y funcionamiento. | E5: 5.01 | F5: m2
A6: Clave | B6: Materiales | C6: Unidad | D6: Cantidad | E6: V/Unitario | F6: V/Total
A7: BLOQ2PINT15X20X40 | B7: BLOQUE CONCRETO R-10Mpa 2P INTERMEDIO 15 X 20 X 40 puesto en obra | C7: un | D7: 3 | E7: 3971 | F7: =+D7*E7 -> 11913
A8: CONCRE OBRA 10.5MPA | B8: Concreto de 10.5 Mpa preparado en obra | C8: m3 | D8: 0.03805 | E8: 476930 | F8: =+D8*E8 -> 18147.186
A9: MORTERO 1:4 | B9: Mortero 1:4 en obra | C9: m3 | D9: 0.007 | E9: 523736 | F9: =+D9*E9 -> 3666.152
A10: Total de Materiales | E10: SUBTOTAL | F10: =SUM(F7:F9) -> 33726.338
A11: Clave | B11: Mano de Obra | C11: Unidad | D11: Cantidad | E11: V/Unitario | F11: V/Total
A12: OFICIAL + AYUDANTE1 | B12: Cuadrilla 1 Oficial + 1 Ayudante Entendido | C12: jor | D12: 0.07 | E12: 263061 | F12: =+D12*E12 -> 18414.27
F13: =+D13*E13 -> 0
F14: =+D14*E14 -> 0
A15: Total de Mano de Obra | E15: SUBTOTAL | F15: =SUM(F12:F14) -> 18414.27
A16: Clave | B16: Herramienta | C16: Unidad | D16: Cantidad | E16: V/Unitario | F16: V/Total
A17: HERRMENOR | B17: Herramienta Menor (% de MdeO) | C17: (%)mo | D17: 0.05 | E17: =+F15 -> 18414.27 | F17: =+D17*E17 -> 920.7135
A18: Total de Herramienta | E18: SUBTOTAL | F18: =SUM(F17) -> 920.7135
A19: Clave | B19: Equipo o Auxiliares | C19: Unidad | D19: Cantidad | E19: V/Unitario | F19: V/Total
F20: =+D20*E20 -> 0
A21: Total de Equipo | E21: SUBTOTAL | F21: =SUM(F20:F20) -> 0
A22: Clave | B22: Fletes o Matrices | C22: Unidad | D22: Cantidad | E22: V/Unitario | F22: V/Total
A23: ACARREO INT MAT (M3) | B23: Acarreo interno de materiales | C23: m3 | D23: 0.041786096 | E23: 25899.588 | F23: =+D23*E23 -> 1082.2427
F24: =+D24*E24 -> 0
A25: Total de Fletes | E25: SUBTOTAL | F25: =SUM(F23:F24) -> 1082.2427
A26: P R E C I O U N I T A R I O | E26: =ROUND((F10+F15+F18+F21+F25),0) -> 54144

Sheet APU 5.02
A3: ANALISIS DE PRECIOS UNITARIOS
A4: Descripción | E4: No. Item | F4: Unidad
A5: Construcción de MAMPOSTERIA EN LADRILLO DE 12 x 20 x 40 cm. ESPESOR DE 12 cm. Incluye el suministro y transporte del bloque, el mortero de pega 1:4 espesor max=0.015 m y todos los demás elementos necesarios para su correcta construcción y funcionamiento. | E5: 5.02 | F5: m2
A6: Clave | B6: Materiales | C6: Unidad | D6: Cantidad | E6: V/Unitario | F6: V/Total
A7: LADRILLO 12X20X40RH | B7: LADRILLO 12X20X40 . puesto en obra | C7: un | D7: 13.125 | E7: 2726 | F7: =+D7*E7 -> 35778.75
A8: MORTERO 1:4 | B8: Mortero 1:4 en obra | C8: m3 | D8: 0.029397 | E8: 458810 | F8: =+D8*E8 -> 13487.638
F9: =+D9*E9 -> 0
A10: Total de Materiales | E10: SUBTOTAL | F10: =SUM(F7:F9) -> 49266.388
A11: Clave | B11: Mano de Obra | C11: Unidad | D11: Cantidad | E11: V/Unitario | F11: V/Total
A12: CUAD MAMPOSTERIA | B12: Cuadrilla Mampostería | C12: jor | D12: 0.07 | E12: 345050 | F12: =+D12*E12 -> 24153.5
F13: =+D13*E13 -> 0
F14: =+D14*E14 -> 0
A15: Total de Mano de Obra | E15: SUBTOTAL | F15: =SUM(F12:F14) -> 24153.5
A16: Clave | B16: Herramienta | C16: Unidad | D16: Cantidad | E16: V/Unitario | F16: V/Total
A17: HERRMENOR | B17: Herramienta Menor (% de MdeO) | C17: (%)mo | D17: 0.085 | E17: =+F15 -> 24153.5 | F17: =+D17*E17 -> 2053.0475
A18: Total de Herramienta | E18: SUBTOTAL | F18: =SUM(F17) -> 2053.0475
A19: Clave | B19: Equipo o Auxiliares | C19: Unidad | D19: Cantidad | E19: V/Unitario | F19: V/Total
A20: ANDAMIO COMPLE+ RUED | B20: Sección completa de andamio (1.2m-1.5m) x 1.5 m. (+ 4 ruedas) Incluye transporte. | C20: día | D20: 0.09 | E20: 20573 | F20: =+D20*E20 -> 1851.57
A21: CAN ZUNCHADO ALQUILE | B21: Can zunchado en madera común de 5,0cmx20cmx3,0m (alquiler). Incluye transporte. | C21: día | D21: 0.224 | E21: 637 | F21: =+D21*E21 -> 142.688
A22: CORTADO LADR+DIS+OP | B22: Cortadora de ladrillo / disco y operador | C22: día | D22: 0.01 | E22: 144229 | F22: =+D22*E22 -> 1442.29
F23: =+D23*E23 -> 0
A24: Total de Equipo | E24: SUBTOTAL | F24: =SUM(F20:F23) -> 3436.548
A25: Clave | B25: Fletes o Matrices | C25: Unidad | D25: Cantidad | E25: V/Unitario | F25: V/Total
A26: ACARREO INT MAT (M3) | B26: Acarreo interno de materiales | C26: m3 | D26: 0.05 | E26: 23540 | F26: =+D26*E26 -> 1177
F27: =+D27*E27 -> 0
A28: Total de Fletes | E28: SUBTOTAL | F28: =SUM(F26:F27) -> 1177
A29: P R E C I O U N I T A R I O | E29: =ROUND((F10+F15+F18+F24+F28),0) -> 80086

Sheet APU 6.01
A3: ANALISIS DE PRECIOS UNITARIOS
A4: Descripción | E4: No. Item | F4: Unidad
A5: Colocación de REVOQUE con mortero 1:4 EN MUROS. Incluye suministro y transporte de los materiales, fajas, ranuras, filetes y todos los demás elementos necesarios para su correcta construcción. | E5: 6.01 | F5: m2
A6: Clave | B6: Materiales | C6: Unidad | D6: Cantidad | E6: V/Unitario | F6: V/Total
A7: REVOQUE 1:4 CAL | B7: Revoque 1:4 preparado en obra | C7: m3 | D7: 0.025 | E7: 488111 | F7: =+D7*E7 -> 12202.775
F8: =+D8*E8 -> 0
A9: Total de Materiales | E9: SUBTOTAL | F9: =SUM(F7:F8) -> 12202.775
A10: Clave | B10: Mano de Obra | C10: Unidad | D10: Cantidad | E10: V/Unitario | F10: V/Total
A11: CUAD 1OF+1AYU O.N. | B11: Cuadrilla 1Of + 1 Ay Obra Negra | C11: jor | D11: 0.075 | E11: 288742 | F11: =+D11*E11 -> 21655.65
F12: =+D12*E12 -> 0
F13: =+D13*E13 -> 0
A14: Total de Mano de Obra | E14: SUBTOTAL | F14: =SUM(F11:F13) -> 21655.65
A15: Clave | B15: Herramienta | C15: Unidad | D15: Cantidad | E15: V/Unitario | F15: V/Total
A16: HERRMENOR | B16: Herramienta Menor (% de MdeO) | C16: (%)mo | D16: 0.03 | E16: =+F14 -> 21655.65 | F16: =+D16*E16 -> 649.6695
A17: Total de Herramienta | E17: SUBTOTAL | F17: =SUM(F16) -> 649.6695
A18: Clave | B18: Equipo o Auxiliares | C18: Unidad | D18: Cantidad | E18: V/Unitario | F18: V/Total
A19: ANDAMIO COMPLE+ RUED | B19: Sección completa de andamio (1.2m-1.5m) x 1.5 m. (+ 4 ruedas) Incluye transporte. | C19: día | D19: 0.0625 | E19: 20000 | F19: =+D19*E19 -> 1250
A20: CAN ZUNCHADO ALQUILE | B20: Can zunchado en madera común de 5,0cmx20cmx3,0m (alquiler). Incluye transporte. | C20: día | D20: 0.1875 | E20: 624 | F20: =+D20*E20 -> 117
F21: =+D21*E21 -> 0
A22: Total de Equipo | E22: SUBTOTAL | F22: =SUM(F19:F21) -> 1367
A23: Clave | B23: Fletes o Matrices | C23: Unidad | D23: Cantidad | E23: V/Unitario | F23: V/Total
A24: ACARREO INT MAT (M3) | B24: Acarreo interno de materiales | C24: m3 | D24: 0.011 | E24: 24433 | F24: =+D24*E24 -> 268.763
F25: =+D25*E25 -> 0
A26: Total de Fletes | E26: SUBTOTAL | F26: =SUM(F24:F25) -> 268.763
A27: P R E C I O U N I T A R I O | E27: =ROUND((F9+F14+F17+F22+F26),0) -> 36144

Sheet APU 6.02
A3: ANALISIS DE PRECIOS UNITARIOS
A4: Descripción | E4: No. Item | F4: Unidad
A5: ESTUCO sobre revoque acabado liso, lijado y listo para aplicación de Pintura | E5: 6.02 | F5: m2
A6: Clave | B6: Materiales | C6: Unidad | D6: Cantidad | E6: V/Unitario | F6: V/Total
A7: SIKA ESTUKA ACRILICO | B7: Estuka Acrílico. Estuco plástico listo para usar en interiores y exteriores. Presentación: 5gl, Rendimiento:2kg/m2 ó 4 m2/galon. | C7: gln | D7: 0.04 | E7: 186506.25 | F7: =+D7*E7 -> 7460.25
A8: LIJA 400 | B8: Lija de agua 400 | C8: un | D8: 0.11 | E8: 1738.8 | F8: =+D8*E8 -> 191.268
A9: ESTOPA | B9: Estopa | C9: kg | D9: 0.055 | E9: 14938.5 | F9: =+D9*E9 -> 821.6175
A10: Total de Materiales | E10: SUBTOTAL | F10: =SUM(F7:F9) -> 8473.1355
A11: Clave | B11: Mano de Obra | C11: Unidad | D11: Cantidad | E11: V/Unitario | F11: V/Total
A12: CUAD 1OF+1AYU O.B. | B12: Cuadrilla 1Of Obra Blanca+ 1 Ay Entendido | C12: jor | D12: 0.05 | E12: 348593.07 | F12: =+D12*E12 -> 17429.654
F13: =+D13*E13 -> 0
F14: =+D14*E14 -> 0
A15: Total de Mano de Obra | E15: SUBTOTAL | F15: =SUM(F12:F14) -> 17429.654
A16: Clave | B16: Herramienta | C16: Unidad | D16: Cantidad | E16: V/Unitario | F16: V/Total
A17: HERRMENOR | B17: Herramienta Menor (% de MdeO) | C17: (%)mo | D17: 0.05 | E17: =+F15 -> 17429.654 | F17: =+D17*E17 -> 871.48268
A18: Total de Herramienta | E18: SUBTOTAL | F18: =SUM(F17) -> 871.48268
A19: Clave | B19: Equipo o Auxiliares | C19: Unidad | D19: Cantidad | E19: V/Unitario | F19: V/Total
A20: ANDA CARGA 1X1.5 CER | B20: Andamio de carga certificado marco de 1.00 x 1.50 (alto X ancho) | C20: día | D20: 0.010989 | E20: 48376.926 | F20: =+D20*E20 -> 531.61404
A21: Total de Equipo | E21: SUBTOTAL | F21: =SUM(F20:F20) -> 531.61404
A22: Clave | B22: Fletes o Matrices | C22: Unidad | D22: Cantidad | E22: V/Unitario | F22: V/Total
A23: ACARREO INT MAT (M3) | B23: Acarreo interno de materiales | C23: m3 | D23: 0.022 | E23: 25899.588 | F23: =+D23*E23 -> 569.79094
F24: =+D24*E24 -> 0
A25: Total de Fletes | E25: SUBTOTAL | F25: =SUM(F23:F24) -> 569.79094
A26: P R E C I O U N I T A R I O | E26: =ROUND((F10+F15+F18+F21+F25),0) -> 27876

Sheet APU 6.03
A3: ANALISIS DE PRECIOS UNITARIOS
A4: Descripción | E4: No. Item | F4: Unidad
A5: Aplicación de PINTURA A BASE DE AGUA EN MUROS REVOCADOS, CON VINILO TIPO 1 de primera calidad sobre muros revocados, dos manos. Incluye suministro y transporte de los materiales, resanes, tapa poros en estuco plástico tipo plastestuco o equivalente diluido en agua proporción 1:2, adecuación de la superficie a intervenir hasta obtener una superficie pareja y homogénea, color a definir según aprobación de la interventoría. | E5: 6.03 | F5: m2
A6: Clave | B6: Materiales | C6: Unidad | D6: Cantidad | E6: V/Unitario | F6: V/Total
A7: PINTURA VINILO ANTI | B7: Pintura vinilo tipo 1 | C7: gln | D7: 0.1 | E7: 86131.787 | F7: =+D7*E7 -> 8613.1787
A8: ESTUCOR | B8: Estucor kg - Sumicol | C8: kg | D8: 0.3 | E8: 1097 | F8: =+D8*E8 -> 329.1
A9: ESTOPA | B9: Estopa | C9: kg | D9: 0.01 | E9: 9670 | F9: =+D9*E9 -> 96.7
A10: LIJA 200 | B10: Lija 200 | C10: un | D10: 0.1 | E10: 1125 | F10: =+D10*E10 -> 112.5
A11: Total de Materiales | E11: SUBTOTAL | F11: =SUM(F7:F10) -> 9151.4787
A12: Clave | B12: Mano de Obra | C12: Unidad | D12: Cantidad | E12: V/Unitario | F12: V/Total
A13: CUAD 1OF+1AYU O.B. | B13: Cuadrilla 1Of Obra Blanca+ 1 Ay Entendido | C13: jor | D13: 0.02 | E13: 283409 | F13: =+D13*E13 -> 5668.18
F14: =+D14*E14 -> 0
F15: =+D15*E15 -> 0
A16: Total de Mano de Obra | E16: SUBTOTAL | F16: =SUM(F13:F15) -> 5668.18
A17: Clave | B17: Herramienta | C17: Unidad | D17: Cantidad | E17: V/Unitario | F17: V/Total
A18: HERRMENOR | B18: Herramienta Menor (% de MdeO) | C18: (%)mo | D18: 0.05 | E18: =+F16 -> 5668.18 | F18: =+D18*E18 -> 283.409
A19: Total de Herramienta | E19: SUBTOTAL | F19: =SUM(F18) -> 283.409
A20: Clave | B20: Equipo o Auxiliares | C20: Unidad | D20: Cantidad | E20: V/Unitario | F20: V/Total
A21: ANDA CARGA 1X1.5 CER | B21: Andamio de carga certificado marco de 1.00 x 1.50 (alto X ancho) | C21: día | D21: 0.010989 | E21: 36345 | F21: =+D21*E21 -> 399.39521
A22: Total de Equipo | E22: SUBTOTAL | F22: =SUM(F21:F21) -> 399.39521
A23: Clave | B23: Fletes o Matrices | C23: Unidad | D23: Cantidad | E23: V/Unitario | F23: V/Total
A24: ACARREO INT MAT (M3) | B24: Acarreo interno de materiales | C24: m3 | D24: 0.022 | E24: 17689 | F24: =+D24*E24 -> 389.158
F25: =+D25*E25 -> 0
A26: Total de Fletes | E26: SUBTOTAL | F26: =SUM(F24:F25) -> 389.158
A27: P R E C I O U N I T A R I O | E27: =ROUND((F11+F16+F19+F22+F26),0) -> 15892

Sheet APU 6.04
A3: ANALISIS DE PRECIOS UNITARIOS
A4: Descripción | E4: No. Item | F4: Unidad
A5: Aplicación de PINTURA A BASE DE AGUA EN MUROS ESTUCADOS, CON VINILO TIPO 1 de primera calidad sobre muros estucados, tres manos o las necesarias hasta obtener una superficie pareja y homogénea. Incluye suministro y transporte de los materiales, resanes, tapa poros en estuco plástico tipo plastestuco o equivalente diluido en agua proporción 1:2, adecuación de la superficie a intervenir hasta obtener una superficie pareja y homogénea, color a definir según aprobación de la interventoría. | E5: 6.04 | F5: m2
A6: Clave | B6: Materiales | C6: Unidad | D6: Cantidad | E6: V/Unitario | F6: V/Total
A7: PINTURA VINILO ANTI | B7: Pintura vinilo tipo 1 | C7: gln | D7: 0.085 | E7: 137828.32 | F7: =+D7*E7 -> 11715.407
A8: ESTUCOR | B8: Estucor (25 kg) - Sumicol | C8: kg | D8: 0.3 | E8: 1606.66 | F8: =+D8*E8 -> 481.998
A9: ESTOPA | B9: Estopa | C9: kg | D9: 0.1 | E9: 14159.1 | F9: =+D9*E9 -> 1415.91
A10: LIJA 200 | B10: Lija 200 | C10: un | D10: 0.5 | E10: 1648.08 | F10: =+D10*E10 -> 824.04
A11: Total de Materiales | E11: SUBTOTAL | F11: =SUM(F7:F10) -> 14437.355
A12: Clave | B12: Mano de Obra | C12: Unidad | D12: Cantidad | E12: V/Unitario | F12: V/Total
A13: CUAD 1OF+1AYU O.B. | B13: Cuadrilla 1Of Obra Blanca+ 1 Ay Entendido | C13: jor | D13: 0.02465 | E13: 348593.07 | F13: =+D13*E13 -> 8592.8192
F14: =+D14*E14 -> 0
F15: =+D15*E15 -> 0
A16: Total de Mano de Obra | E16: SUBTOTAL | F16: =SUM(F13:F15) -> 8592.8192
A17: Clave | B17: Herramienta | C17: Unidad | D17: Cantidad | E17: V/Unitario | F17: V/Total
A18: HERRMENOR | B18: Herramienta Menor (% de MdeO) | C18: (%)mo | D18: 0.05 | E18: =+F16 -> 8592.8192 | F18: =+D18*E18 -> 429.64096
A19: Total de Herramienta | E19: SUBTOTAL | F19: =SUM(F18) -> 429.64096
A20: Clave | B20: Equipo o Auxiliares | C20: Unidad | D20: Cantidad | E20: V/Unitario | F20: V/Total
A21: ANDA CARGA 1X1.5 CER | B21: Andamio de carga certificado marco de 1.00 x 1.50 (alto X ancho) | C21: día | D21: 0.010989 | E21: 48376.926 | F21: =+D21*E21 -> 531.61404
A22: Total de Equipo | E22: SUBTOTAL | F22: =SUM(F21:F21) -> 531.61404
A23: Clave | B23: Fletes o Matrices | C23: Unidad | D23: Cantidad | E23: V/Unitario | F23: V/Total
A24: ACARREO INT MAT (M3) | B24: Acarreo interno de materiales | C24: m3 | D24: 0.022 | E24: 25899.588 | F24: =+D24*E24 -> 569.79094
F25: =+D25*E25 -> 0
A26: Total de Fletes | E26: SUBTOTAL | F26: =SUM(F24:F25) -> 569.79094
A27: P R E C I O U N I T A R I O | E27: =ROUND((F11+F16+F19+F22+F26),0) -> 24561

Sheet APU 6.05
A3: ANALISIS DE PRECIOS UNITARIOS
A4: Descripción | E4: No. Item | F4: Unidad
A5: Aplicación de PINTURA A BASE DE ACEITE EN BAJANTES, de primera calidad, 2 manos o las necesarias hasta obtener una superficie pareja y homogénea. Incluye suministro y transporte de los materiales color a definir según aprobación de la interventoría. | E5: 6.05 | F5: m
A6: Clave | B6: Materiales | C6: Unidad | D6: Cantidad | E6: V/Unitario | F6: V/Total
A7: PINTURA VINILO ANTI | B7: Pintura aceite | C7: gln | D7: 0.1 | E7: 118991 | F7: =+D7*E7 -> 11899.1
A8: Total de Materiales | E8: SUBTOTAL | F8: =SUM(F7:F7) -> 11899.1
A9: Clave | B9: Mano de Obra | C9: Unidad | D9: Cantidad | E9: V/Unitario | F9: V/Total
A10: CUAD 1OF+1AYU O.B. | B10: Cuadrilla 1Of Obra Blanca+ 1 Ay Entendido | C10: jor | D10: 0.01684 | E10: 283409 | F10: =+D10*E10 -> 4772.6076
F11: =+D11*E11 -> 0
F12: =+D12*E12 -> 0
A13: Total de Mano de Obra | E13: SUBTOTAL | F13: =SUM(F10:F12) -> 4772.6076
A14: Clave | B14: Herramienta | C14: Unidad | D14: Cantidad | E14: V/Unitario | F14: V/Total
A15: HERRMENOR | B15: Herramienta Menor (% de MdeO) | C15: (%)mo | D15: 0.05 | E15: =+F13 -> 4772.6076 | F15: =+D15*E15 -> 238.63038
A16: Total de Herramienta | E16: SUBTOTAL | F16: =SUM(F15) -> 238.63038
A17: Clave | B17: Equipo o Auxiliares | C17: Unidad | D17: Cantidad | E17: V/Unitario | F17: V/Total
A18: ANDA CARGA 1X1.5 CER | B18: Andamio de carga certificado marco de 1.00 x 1.50 (alto X ancho) | C18: día | D18: 0.010989 | E18: 43979 | F18: =+D18*E18 -> 483.28523
A19: Total de Equipo | E19: SUBTOTAL | F19: =SUM(F18:F18) -> 483.28523
A20: Clave | B20: Fletes o Matrices | C20: Unidad | D20: Cantidad | E20: V/Unitario | F20: V/Total
A21: ACARREO INT MAT (M3) | B21: Acarreo interno de materiales | C21: m3 | D21: 0.012 | E21: 23545 | F21: =+D21*E21 -> 282.54
F22: =+D22*E22 -> 0
A23: Total de Fletes | E23: SUBTOTAL | F23: =SUM(F21:F22) -> 282.54
A24: P R E C I O U N I T A R I O | E24: =ROUND((F8+F13+F16+F19+F23),0) -> 17676

Sheet APU 7.01
A3: ANALISIS DE PRECIOS UNITARIOS
A4: Descripción | E4: No. Item | F4: Unidad
A5: Suministro, transporte e instalación de teja upvc termoacustica de 2 mm cresta baja con todos sus accesorios para su correcta Instalacion. Incluye perfil en tubo rectangular de 80X40X2,5mm o similar pintado con anticorrosivo ubicados cada 1.8 m a eje longitudinal y 1.21 m a eje trasversal y todo lo necesario para su correcta construcción y funcionamiento. Según diseño. | E5: 7.01 | F5: m2
A6: Clave | B6: Materiales | C6: Unidad | D6: Cantidad | E6: V/Unitario | F6: V/Total
B7: Teja termoacustica de 2 mm cresta baja de 1,07 m de desarrollo color blanco | C7: m2 | D7: 1.05 | E7: 50155 | F7: =+D7*E7 -> 52662.75
B8: Tornillo autoroscante de cubierta | C8: un | D8: 1.5 | E8: 2462 | F8: =+D8*E8 -> 3693
B9: Tornillo autoroscante de remate | C9: un | D9: 1.5 | E9: 1069 | F9: =+D9*E9 -> 1603.5
B10: Sikaflex 1A | C10: un | D10: 0.2 | E10: 36338 | F10: =+D10*E10 -> 7267.6
B11: Clip de fijación para cubiertas en paneles | C11: un | D11: 1 | E11: 1050 | F11: =+D11*E11 -> 1050
B12: perfil rectangular 80*40*2,5 | C12: ml | D12: 2 | E12: 22493 | F12: =+D12*E12 -> 44986
A13: Total de Materiales | E13: SUBTOTAL | F13: =SUM(F7:F12) -> 111262.85
A14: Clave | B14: Mano de Obra | C14: Unidad | D14: Cantidad | E14: V/Unitario | F14: V/Total
A15: CUAD 1OF+1AYU O.B. | B15: Cuadrilla 1Of Obra Blanca+ 1 Ay Entendido | C15: jor | D15: 0.1458 | E15: 283409 | F15: =+D15*E15 -> 41321.032
F16: =+D16*E16 -> 0
F17: =+D17*E17 -> 0
A18: Total de Mano de Obra | E18: SUBTOTAL | F18: =SUM(F15:F17) -> 41321.032
A19: Clave | B19: Herramienta | C19: Unidad | D19: Cantidad | E19: V/Unitario | F19: V/Total
A20: HERRMENOR | B20: Herramienta Menor (% de MdeO) | C20: (%)mo | D20: 0.05 | E20: =+F18 -> 41321.032 | F20: =+D20*E20 -> 2066.0516
A21: Total de Herramienta | E21: SUBTOTAL | F21: =SUM(F20) -> 2066.0516
A22: Clave | B22: Equipo o Auxiliares | C22: Unidad | D22: Cantidad | E22: V/Unitario | F22: V/Total
A23: ANDA CARGA 1X1.5 CER | B23: Andamio de carga certificado marco de 1.00 x 1.50 (alto X ancho) | C23: día | D23: 0.0978 | E23: 39981 | F23: =+D23*E23 -> 3910.1418
A24: Total de Equipo | E24: SUBTOTAL | F24: =SUM(F23:F23) -> 3910.1418
A25: Clave | B25: Fletes o Matrices | C25: Unidad | D25: Cantidad | E25: V/Unitario | F25: V/Total
A26: ACARREO INT MAT (M3) | B26: Acarreo interno de materiales | C26: m3 | D26: 0.08 | E26: 21405 | F26: =+D26*E26 -> 1712.4
F27: =+D27*E27 -> 0
A28: Total de Fletes | E28: SUBTOTAL | F28: =SUM(F26:F27) -> 1712.4
A29: P R E C I O U N I T A R I O | E29: =ROUND((F13+F18+F21+F24+F28),0) -> 160272

Sheet APU 7.02
A3: ANALISIS DE PRECIOS UNITARIOS
A4: Descripción | E4: No. Item | F4: Unidad
A5: Suministro e Instalacion de Ruana o flanche de desarrollo de 0,70 m en lamina galvanizada calibre 24 con acabado en esmalte blanco semi mate | E5: 7.02 | F5: m
A6: Clave | B6: Materiales | C6: Unidad | D6: Cantidad | E6: V/Unitario | F6: V/Total
B7: Ruana galvanizada C24 L=0.70m | C7: m | D7: 1.05 | E7: 50615.604 | F7: =+D7*E7 -> 53146.384
B8: Clavos comunes 1" | C8: lb | D8: 0.08 | E8: 8097.212 | F8: =+D8*E8 -> 647.77696
B9: Pintura anticorrosiva | C9: gln | D9: 0.042 | E9: 82089.774 | F9: =+D9*E9 -> 3447.7705
F10: =+D10*E10 -> 0
F11: =+D11*E11 -> 0
F12: =+D12*E12 -> 0
A13: Total de Materiales | E13: SUBTOTAL | F13: =SUM(F7:F12) -> 57241.932
A14: Clave | B14: Mano de Obra | C14: Unidad | D14: Cantidad | E14: V/Unitario | F14: V/Total
A15: CUAD 1OF+1AYU O.B. | B15: Cuadrilla 1Of Obra Blanca+ 1 Ay Entendido | C15: jor | D15: 0.0754 | E15: 348593.07 | F15: =+D15*E15 -> 26283.917
F16: =+D16*E16 -> 0
F17: =+D17*E17 -> 0
A18: Total de Mano de Obra | E18: SUBTOTAL | F18: =SUM(F15:F17) -> 26283.917
A19: Clave | B19: Herramienta | C19: Unidad | D19: Cantidad | E19: V/Unitario | F19: V/Total
A20: HERRMENOR | B20: Herramienta Menor (% de MdeO) | C20: (%)mo | D20: 0.05 | E20: =+F18 -> 26283.917 | F20: =+D20*E20 -> 1314.1959
A21: Total de Herramienta | E21: SUBTOTAL | F21: =SUM(F20) -> 1314.1959
A22: Clave | B22: Equipo o Auxiliares | C22: Unidad | D22: Cantidad | E22: V/Unitario | F22: V/Total
A23: ANDA CARGA 1X1.5 CER | B23: Andamio de carga certificado marco de 1.00 x 1.50 (alto X ancho) | C23: día | D23: 0.0978 | E23: 48376.926 | F23: =+D23*E23 -> 4731.2634
A24: Total de Equipo | E24: SUBTOTAL | F24: =SUM(F23:F23) -> 4731.2634
A25: Clave | B25: Fletes o Matrices | C25: Unidad | D25: Cantidad | E25: V/Unitario | F25: V/Total
A26: ACARREO INT MAT (M3) | B26: Acarreo interno de materiales | C26: m3 | D26: 0.03 | E26: 25899.588 | F26: =+D26*E26 -> 776.98764
F27: =+D27*E27 -> 0
A28: Total de Fletes | E28: SUBTOTAL | F28: =SUM(F26:F27) -> 776.98764
A29: P R E C I O U N I T A R I O | E29: =ROUND((F13+F18+F21+F24+F28),0) -> 90348

Sheet APU 7.03
A3: ANALISIS DE PRECIOS UNITARIOS
A4: Descripción | E4: No. Item | F4: Unidad
A5: Suministro, transporte e instalación de TUBERÍA PVC-VENTILACIÓN, con un DIÁMETRO DE 3", para bajantes de aguas lluvias o reventilación. Incluye suministro y transporte de los materiales, bocas, accesorios, pegante, limpiador, wash primer, acabado en esmalte mate, color a definir por parte de interventoría, andamios, abrazaderas y todos los elementos necesarios para su correcta instalación y funcionamiento. | E5: 7.03 | F5: m
A6: Clave | B6: Materiales | C6: Unidad | D6: Cantidad | E6: V/Unitario | F6: V/Total
A7: TUBERIA PVC-V ALL 3 | B7: Tubería PVC-V Ø= 3" A.LL | C7: m | D7: 1.05 | E7: 19212 | F7: =+D7*E7 -> 20172.6
A8: UNION PVC-S 3" | B8: Unión PVC-S Ø= 3" | C8: un | D8: 0.16667 | E8: 6098 | F8: =+D8*E8 -> 1016.3537
A9: CODO 45 PVC-S CXC 3" | B9: Codo 45º PVC-S CxC, Ø= 3". | C9: un | D9: 0.1 | E9: 13430 | F9: =+D9*E9 -> 1343
A10: CODO 90 PVC-S CXC 3" | B10: Codo 90º PVC-S CxC, Ø= 3". | C10: un | D10: 0.1 | E10: 13956 | F10: =+D10*E10 -> 1395.6
A11: YEE PVC-S 3" | B11: Yee PVC-S Ø= 3" - Pavco o equivalente. | C11: un | D11: 0.1 | E11: 24564 | F11: =+D11*E11 -> 2456.4
A12: YEE PVC-S 3X2" | B12: Yee PVC-S Reducida Ø= 3X2" pavco o equivalente | C12: un | D12: 0.1 | E12: 25620 | F12: =+D12*E12 -> 2562
A13: TEE PVC-S 3" | B13: Tee PVC-S Ø= 3" | C13: un | D13: 0.1 | E13: 29578 | F13: =+D13*E13 -> 2957.8
A14: TEE PVC-S RED 3X2 | B14: Tee PVC-S Ø= 3"x2" | C14: un | D14: 0.1 | E14: 29578 | F14: =+D14*E14 -> 2957.8
A15: BUJE PVC-S 3X2" | B15: Buje soldado PVC-S de 3" a 2" | C15: un | D15: 0.1 | E15: 8878 | F15: =+D15*E15 -> 887.8
A16: ABRAZA FIJADOR 3 | B16: Abrazadera tipo fijador galvanizado para tubo de Ø= 3" + tornillos marca mecano ref FPAG300 o equivalente. | C16: un | D16: 0.33333 | E16: 4605 | F16: =+D16*E16 -> 1534.9847
A17: WASH PRIMER COMP B | B17: Pintura acondicionador de superficies Tipo Wash Primer, componente B. Presentación por 1/4 galón | C17: un | D17: 0.016 | E17: 18897 | F17: =+D17*E17 -> 302.352
A18: ESMALTE BASE ACEITE | B18: Esmalte a Base de Aceite, Rendimiento 30m2/gl | C18: gln | D18: 0.024 | E18: 115355 | F18: =+D18*E18 -> 2768.52
... A20: SOLDADURA PVC 1/4 | B20: Soldadura PVC (Unión simple) 1/4 | C20: un | D20: 0.02 | E20: 150355 | F20: =+D20*E20 -> 3007.1
A22: Total de Materiales | E22: SUBTOTAL | F22: =SUM(F7:F21) -> 44933.89
A23: Clave | B23: Mano de Obra | C23: Unidad | D23: Cantidad | E23: V/Unitario | F23: V/Total
A24: CUAD FONTANERIA | B24: Cuadrilla de Instalaciones Hidrosanitarias | C24: jor | D24: 0.04599 | E24: 234750 | F24: =+D24*E24 -> 10796.153
F25: =+D25*E25 -> 0
F26: =+D26*E26 -> 0
A27: Total de Mano de Obra | E27: SUBTOTAL | F27: =SUM(F24:F26) -> 10796.153
A28: Clave | B28: Herramienta | C28: Unidad | D28: Cantidad | E28: V/Unitario | F28: V/Total
A29: HERRMENOR | B29: Herramienta Menor (% de MdeO) | C29: (%)mo | D29: 0.05 | E29: =+F27 -> 10796.153 | F29: =+D29*E29 -> 539.80763
A30: Total de Herramienta | E30: SUBTOTAL | F30: =SUM(F29) -> 539.80763
A31: Clave | B31: Equipo o Auxiliares | C31: Unidad | D31: Cantidad | E31: V/Unitario | F31: V/Total
A32: ANDA CARGA 1X1.5 CER | B32: Andamio de carga certificado marco de 1.00 x 1.50 (alto X ancho) | C32: día | D32: 0.1 | E32: 39981 | F32: =+D32*E32 -> 3998.1
A33: CAN ZUNCHADO ALQUILE | B33: Can zunchado en madera común de 5,0cmx20cmx3,0m (alquiler). Incluye transporte. | C33: día | D33: 0.2 | E33: 11406 | F33: =+D33*E33 -> 2281.2
A34: Total de Equipo | E34: SUBTOTAL | F34: =SUM(F32:F33) -> 6279.3
A35: Clave | B35: Fletes o Matrices | C35: Unidad | D35: Cantidad | E35: V/Unitario | F35: V/Total
A36: ACARREO INT MAT (M3) | B36: Acarreo interno de materiales | C36: m3 | D36: 0.03 | E36: 23543 | F36: =+D36*E36 -> 706.29
F37: =+D37*E37 -> 0
A38: Total de Fletes | E38: SUBTOTAL | F38: =SUM(F36:F37) -> 706.29
A39: P R E C I O U N I T A R I O | E39: =ROUND((F22+F27+F30+F34+F38),0) -> 63255

Sheet APU 8.01
A3: ANALISIS DE PRECIOS UNITARIOS
A4: Descripción | E4: No. Item | F4: Unidad
A5: Instalación de ENCHAPE CERÁMICO PISO 60x60 cm. Incluye suministro y transporte de los materiales, mortero de nivelación 1:5, pegacor o su equivalente y todos los elementos necesarios para su correcta instalación y funcionamiento. referencia GRIS CLARO o silimiar. | E5: 8.01 | F5: m2
A6: Clave | B6: Materiales | C6: Unidad | D6: Cantidad | E6: V/Unitario | F6: V/Total
A7: CERAMICAEGEOPARED | B7: Ceramica piso 60x60 cm | C7: m2 | D7: 1.1 | E7: 47636 | F7: =+D7*E7 -> 52399.6
A8: BOQUILLA BLANCA | B8: Boquilla (concolor 5-15)- Sumicol. (rend. 0,5 Kg./m², para juntas de 3mm) | C8: kg | D8: 0.55 | E8: 14582 | F8: =+D8*E8 -> 8020.1
A9: PEGACOR GRIS | B9: Adhesivo cerámico Pegacor gris - Corona | C9: kg | D9: 1 | E9: 7981 | F9: =+D9*E9 -> 7981
A10: MOLDURA PVCBLANCA | B10: Moldura plastica blanco (toro plastico) 2.40m | C10: m | D10: 0.611111 | E10: 2306 | F10: =+D10*E10 -> 1409.222
A11: ESTOPA | B11: Estopa | C11: kg | D11: 0.06 | E11: 13108 | F11: =+D11*E11 -> 786.48
A12: Total de Materiales | E12: SUBTOTAL | F12: =SUM(F7:F11) -> 70596.402
A13: Clave | B13: Mano de Obra | C13: Unidad | D13: Cantidad | E13: V/Unitario | F13: V/Total
A14: CUAD 1OF+1AYU O.B. | B14: Cuadrilla 1Of Obra Blanca+ 1 Ay Entendido | C14: jor | D14: 0.11117 | E14: 283409 | F14: =+D14*E14 -> 31506.579
F15: =+D15*E15 -> 0
F16: =+D16*E16 -> 0
A17: Total de Mano de Obra | E17: SUBTOTAL | F17: =SUM(F14:F16) -> 31506.579
A18: Clave | B18: Herramienta | C18: Unidad | D18: Cantidad | E18: V/Unitario | F18: V/Total
A19: HERRMENOR | B19: Herramienta Menor (% de MdeO) | C19: (%)mo | D19: 0.05 | E19: =+F17 -> 31506.579 | F19: =+D19*E19 -> 1575.3289
A20: Total de Herramienta | E20: SUBTOTAL | F20: =SUM(F19) -> 1575.3289
A21: Clave | B21: Equipo o Auxiliares | C21: Unidad | D21: Cantidad | E21: V/Unitario | F21: V/Total
A22: BURIL CORTADORACERAM | B22: Buril para Cortadora de Cerámica | C22: día | D22: 0.025 | E22: 1735 | F22: =+D22*E22 -> 43.375
A23: CORTADORA CERAMICA | B23: Cortadora de Cerámica TX-900 TM-50 TS-60 | C23: día | D23: 0.125 | E23: 9377 | F23: =+D23*E23 -> 1172.125
A24: MORTERO 1:4 | B24: Mortero 1:4 en obra | C24: m3 | D24: 0.038 | E24: 504691 | F24: =+D24*E24 -> 19178.258
A25: Total de Equipo | E25: SUBTOTAL | F25: =SUM(F22:F24) -> 20393.758
A26: Clave | B26: Fletes o Matrices | C26: Unidad | D26: Cantidad | E26: V/Unitario | F26: V/Total
A27: ACARREO INT MAT (M3) | B27: Acarreo interno de materiales | C27: m3 | D27: 0.03 | E27: 23545 | F27: =+D27*E27 -> 706.35
F28: =+D28*E28 -> 0
A29: Total de Fletes | E29: SUBTOTAL | F29: =SUM(F27:F28) -> 706.35
A30: P R E C I O U N I T A R I O | E30: =ROUND((F12+F17+F20+F25+F29),0) -> 124778

Sheet APU 8.02
A3: ANALISIS DE PRECIOS UNITARIOS
A4: Descripción | E4: No. Item | F4: Unidad
A5: Suministro y vaciado de ENCHAPE CERÁMICO GUARDAESCOBA 10x60 Incluye suministro y transporte de los materiales, mortero de nivelación 1:5, pegacor o su equivalente y todos los elementos necesarios para su correcta instalación y funcionamiento. referencia GRIS PRATO o silimiar. | E5: 8.02 | F5: ml
A6: Clave | B6: Materiales | C6: Unidad | D6: Cantidad | E6: V/Unitario | F6: V/Total
A7: CERAMICAEGEOPARED | B7: Ceramica piso 60x60 cm | C7: m2 | D7: 0.2 | E7: 52400 | F7: =+D7*E7 -> 10480
A8: BOQUILLA BLANCA | B8: Boquilla (concolor 5-15)- Sumicol. (rend. 0,5 Kg./m², para juntas de 3mm) | C8: kg | D8: 0.1 | E8: 16200 | F8: =+D8*E8 -> 1620
A9: PEGACOR GRIS | B9: Adhesivo cerámico Pegacor gris - Corona | C9: kg | D9: 0.5 | E9: 8780 | F9: =+D9*E9 -> 4390
A10: MOLDURA PVCBLANCA | B10: Moldura plastica blanco (toro plastico) 2.40m | C10: m | D10: 0.211111 | E10: 2537.46 | F10: =+D10*E10 -> 535.68572
A11: ESTOPA | B11: Estopa | C11: kg | D11: 0.06 | E11: 14418.9 | F11: =+D11*E11 -> 865.134
A12: Total de Materiales | E12: SUBTOTAL | F12: =SUM(F7:F11) -> 17890.82
A13: Clave | B13: Mano de Obra | C13: Unidad | D13: Cantidad | E13: V/Unitario | F13: V/Total
A14: CUAD 1OF+1AYU O.B. | B14: Cuadrilla 1Of Obra Blanca+ 1 Ay Entendido | C14: jor | D14: 0.05117 | E14: 348593.07 | F14: =+D14*E14 -> 17837.507
F15: =+D15*E15 -> 0
F16: =+D16*E16 -> 0
A17: Total de Mano de Obra | E17: SUBTOTAL | F17: =SUM(F14:F16) -> 17837.507
A18: Clave | B18: Herramienta | C18: Unidad | D18: Cantidad | E18: V/Unitario | F18: V/Total
A19: HERRMENOR | B19: Herramienta Menor (% de MdeO) | C19: (%)mo | D19: 0.05 | E19: =+F17 -> 17837.507 | F19: =+D19*E19 -> 891.87537
A20: Total de Herramienta | E20: SUBTOTAL | F20: =SUM(F19) -> 891.87537
A21: Clave | B21: Equipo o Auxiliares | C21: Unidad | D21: Cantidad | E21: V/Unitario | F21: V/Total
A22: BURIL CORTADORACERAM | B22: Buril para Cortadora de Cerámica | C22: día | D22: 0.025 | E22: 1909.089 | F22: =+D22*E22 -> 47.727225
A23: CORTADORA CERAMICA | B23: Cortadora de Cerámica TX-900 TM-50 TS-60 | C23: día | D23: 0.094 | E23: 10315.188 | F23: =+D23*E23 -> 969.62767
A24: MORTERO 1:4 | B24: Mortero 1:4 en obra | C24: m3 | D24: 0.011 | E24: 555160.55 | F24: =+D24*E24 -> 6106.7661
A25: Total de Equipo | E25: SUBTOTAL | F25: =SUM(F22:F24) -> 7124.121
A26: Clave | B26: Fletes o Matrices | C26: Unidad | D26: Cantidad | E26: V/Unitario | F26: V/Total
A27: ACARREO INT MAT (M3) | B27: Acarreo interno de materiales | C27: m3 | D27: 0.03 | E27: 25899.588 | F27: =+D27*E27 -> 776.98764
F28: =+D28*E28 -> 0
A29: Total de Fletes | E29: SUBTOTAL | F29: =SUM(F27:F28) -> 776.98764
A30: P R E C I O U N I T A R I O | E30: =ROUND((F12+F17+F20+F25+F29),0) -> 44521

Sheet APU 8.03
A3: ANALISIS DE PRECIOS UNITARIOS
A4: Descripción | E4: No. Item | F4: Unidad
A5: Instalación de ENCHAPE CERÁMICO ANTIDESLIZANTE DE 50x50 cm o similar. Incluye suministro y transporte de los materiales, adhesivo para cerámica tipo pegacor o su equivalente y todos los elementos necesarios para su correcta instalación y funcionamiento. referencia GRIS PRATO o silimiar. | E5: 8.03 | F5: m2
A6: Clave | B6: Materiales | C6: Unidad | D6: Cantidad | E6: V/Unitario | F6: V/Total
A7: CERAMICAEGEOPARED | B7: Ceramica piso 50x50 cm | C7: m2 | D7: 1.1 | E7: 47636 | F7: =+D7*E7 -> 52399.6
A8: BOQUILLA BLANCA | B8: Boquilla (concolor 5-15)- Sumicol. (rend. 0,5 Kg./m², para juntas de 3mm) | C8: kg | D8: 0.55 | E8: 14582 | F8: =+D8*E8 -> 8020.1
A9: PEGACOR GRIS | B9: Adhesivo cerámico Pegacor gris - Corona | C9: kg | D9: 1 | E9: 7981 | F9: =+D9*E9 -> 7981
A10: MOLDURA PVCBLANCA | B10: Moldura plastica blanco (toro plastico) 2.40m | C10: m | D10: 0.611111 | E10: 2306 | F10: =+D10*E10 -> 1409.222
A11: ESTOPA | B11: Estopa | C11: kg | D11: 0.06 | E11: 13108 | F11: =+D11*E11 -> 786.48
A12: Total de Materiales | E12: SUBTOTAL | F12: =SUM(F7:F11) -> 70596.402
A13: Clave | B13: Mano de Obra | C13: Unidad | D13: Cantidad | E13: V/Unitario | F13: V/Total
A14: CUAD 1OF+1AYU O.B. | B14: Cuadrilla 1Of Obra Blanca+ 1 Ay Entendido | C14: jor | D14: 0.11117 | E14: 283409 | F14: =+D14*E14 -> 31506.579
F15: =+D15*E15 -> 0
F16: =+D16*E16 -> 0
A17: Total de Mano de Obra | E17: SUBTOTAL | F17: =SUM(F14:F16) -> 31506.579
A18: Clave | B18: Herramienta | C18: Unidad | D18: Cantidad | E18: V/Unitario | F18: V/Total
A19: HERRMENOR | B19: Herramienta Menor (% de MdeO) | C19: (%)mo | D19: 0.05 | E19: =+F17 -> 31506.579 | F19: =+D19*E19 -> 1575.3289
A20: Total de Herramienta | E20: SUBTOTAL | F20: =SUM(F19) -> 1575.3289
A21: Clave | B21: Equipo o Auxiliares | C21: Unidad | D21: Cantidad | E21: V/Unitario | F21: V/Total
A22: BURIL CORTADORACERAM | B22: Buril para Cortadora de Cerámica | C22: día | D22: 0.025 | E22: 1735 | F22: =+D22*E22 -> 43.375
A23: CORTADORA CERAMICA | B23: Cortadora de Cerámica TX-900 TM-50 TS-60 | C23: día | D23: 0.125 | E23: 9377 | F23: =+D23*E23 -> 1172.125
A24: MORTERO 1:4 | B24: Mortero 1:4 en obra | C24: m3 | D24: 0.038 | E24: 504691 | F24: =+D24*E24 -> 19178.258
A25: Total de Equipo | E25: SUBTOTAL | F25: =SUM(F22:F24) -> 20393.758
A26: Clave | B26: Fletes o Matrices | C26: Unidad | D26: Cantidad | E26: V/Unitario | F26: V/Total
A27: ACARREO INT MAT (M3) | B27: Acarreo interno de materiales | C27: m3 | D27: 0.03 | E27: 23545 | F27: =+D27*E27 -> 706.35
F28: =+D28*E28 -> 0
A29: Total de Fletes | E29: SUBTOTAL | F29: =SUM(F27:F28) -> 706.35
A30: P R E C I O U N I T A R I O | E30: =ROUND((F12+F17+F20+F25+F29),0) -> 124778

Sheet APU 8.04
A3: ANALISIS DE PRECIOS UNITARIOS
A4: Descripción | E4: No. Item | F4: Unidad
A5: Suministro y vaciado de ENCHAPE CERÁMICO ANTIDESLIZANTE GUARDAESCOBA DE 10x50 Incluye suministro y transporte de los materiales, mortero de nivelación 1:5, pegacor o su equivalente y todos los elementos necesarios para su correcta instalación y funcionamiento. referencia GRIS PRATO o silimiar. | E5: 8.04 | F5: ml
A6: Clave | B6: Materiales | C6: Unidad | D6: Cantidad | E6: V/Unitario | F6: V/Total
A7: CERAMICAEGEOPARED | B7: Ceramica piso 60x60 cm | C7: m2 | D7: 0.2 | E7: 52400 | F7: =+D7*E7 -> 10480
A8: BOQUILLA BLANCA | B8: Boquilla (concolor 5-15)- Sumicol. (rend. 0,5 Kg./m², para juntas de 3mm) | C8: kg | D8: 0.1 | E8: 16200 | F8: =+D8*E8 -> 1620
A9: PEGACOR GRIS | B9: Adhesivo cerámico Pegacor gris - Corona | C9: kg | D9: 0.5 | E9: 8780 | F9: =+D9*E9 -> 4390
A10: MOLDURA PVCBLANCA | B10: Moldura plastica blanco (toro plastico) 2.40m | C10: m | D10: 0.211111 | E10: 2537.46 | F10: =+D10*E10 -> 535.68572
A11: ESTOPA | B11: Estopa | C11: kg | D11: 0.06 | E11: 14418.9 | F11: =+D11*E11 -> 865.134
A12: Total de Materiales | E12: SUBTOTAL | F12: =SUM(F7:F11) -> 17890.82
A13: Clave | B13: Mano de Obra | C13: Unidad | D13: Cantidad | E13: V/Unitario | F13: V/Total
A14: CUAD 1OF+1AYU O.B. | B14: Cuadrilla 1Of Obra Blanca+ 1 Ay Entendido | C14: jor | D14: 0.05117 | E14: 348593.07 | F14: =+D14*E14 -> 17837.507
F15: =+D15*E15 -> 0
F16: =+D16*E16 -> 0
A17: Total de Mano de Obra | E17: SUBTOTAL | F17: =SUM(F14:F16) -> 17837.507
A18: Clave | B18: Herramienta | C18: Unidad | D18: Cantidad | E18: V/Unitario | F18: V/Total
A19: HERRMENOR | B19: Herramienta Menor (% de MdeO) | C19: (%)mo | D19: 0.05 | E19: =+F17 -> 17837.507 | F19: =+D19*E19 -> 891.87537
A20: Total de Herramienta | E20: SUBTOTAL | F20: =SUM(F19) -> 891.87537
A21: Clave | B21: Equipo o Auxiliares | C21: Unidad | D21: Cantidad | E21: V/Unitario | F21: V/Total
A22: BURIL CORTADORACERAM | B22: Buril para Cortadora de Cerámica | C22: día | D22: 0.025 | E22: 1909.089 | F22: =+D22*E22 -> 47.727225
A23: CORTADORA CERAMICA | B23: Cortadora de Cerámica TX-900 TM-50 TS-60 | C23: día | D23: 0.094 | E23: 10315.188 | F23: =+D23*E23 -> 969.62767
A24: MORTERO 1:4 | B24: Mortero 1:4 en obra | C24: m3 | D24: 0.011 | E24: 555160.55 | F24: =+D24*E24 -> 6106.7661
A25: Total de Equipo | E25: SUBTOTAL | F25: =SUM(F22:F24) -> 7124.121
A26: Clave | B26: Fletes o Matrices | C26: Unidad | D26: Cantidad | E26: V/Unitario | F26: V/Total
A27: ACARREO INT MAT (M3) | B27: Acarreo interno de materiales | C27: m3 | D27: 0.03 | E27: 25899.588 | F27: =+D27*E27 -> 776.98764
F28: =+D28*E28 -> 0
A29: Total de Fletes | E29: SUBTOTAL | F29: =SUM(F27:F28) -> 776.98764
A30: P R E C I O U N I T A R I O | E30: =ROUND((F12+F17+F20+F25+F29),0) -> 44521

Sheet APU 8.05
A3: ANALISIS DE PRECIOS UNITARIOS
A4: Descripción | E4: No. Item | F4: Unidad
A5: Instalación de ENCHAPE CERÁMICO PARED 30x60 cm.. Incluye suministro y transporte de los materiales, adhesivo para cerámica tipo pegacor o su equivalente y todos los elementos necesarios para su correcta instalación y funcionamiento. referencia BLANCO o silimiar. | E5: 8.05 | F5: m2
A6: Clave | B6: Materiales | C6: Unidad | D6: Cantidad | E6: V/Unitario | F6: V/Total
A7: CERAMICAEGEOPARED1 | B7: Ceramica pared egeo de 30 x 60 cm. Blanca | C7: m2 | D7: 1.1 | E7: 40805 | F7: =+D7*E7 -> 44885.5
A8: PEGACOR GRIS | B8: Boquilla (concolor 5-15)- Sumicol. (rend. 0,5 Kg./m², para juntas de 3mm) | C8: kg | D8: 0.55 | E8: 10170 | F8: =+D8*E8 -> 5593.5
A9: BOQUILLA BLANCA | B9: Adhesivo cerámico Pegacor gris - Corona | C9: kg | D9: 1 | E9: 4596 | F9: =+D9*E9 -> 4596
A10: MOLDURA PVCBLANCA | B10: Moldura plastica blanco (toro plastico) 2.40m | C10: m | D10: 0.611111 | E10: 1400 | F10: =+D10*E10 -> 855.5554
A11: ESTOPA | B11: Estopa | C11: kg | D11: 0.06 | E11: 7000 | F11: =+D11*E11 -> 420
A12: Total de Materiales | E12: SUBTOTAL | F12: =SUM(F7:F11) -> 56350.555
A13: Clave | B13: Mano de Obra | C13: Unidad | D13: Cantidad | E13: V/Unitario | F13: V/Total
A14: CUAD 1OF+1AYU O.B. | B14: Cuadrilla 1Of Obra Blanca+ 1 Ay Entendido | C14: jor | D14: 0.1 | E14: 283409 | F14: =+D14*E14 -> 28340.9
F15: =+D15*E15 -> 0
F16: =+D16*E16 -> 0
A17: Total de Mano de Obra | E17: SUBTOTAL | F17: =SUM(F14:F16) -> 28340.9
A18: Clave | B18: Herramienta | C18: Unidad | D18: Cantidad | E18: V/Unitario | F18: V/Total
A19: HERRMENOR | B19: Herramienta Menor (% de MdeO) | C19: (%)mo | D19: 0.05 | E19: =+F17 -> 28340.9 | F19: =+D19*E19 -> 1417.045
A20: Total de Herramienta | E20: SUBTOTAL | F20: =SUM(F19) -> 1417.045
A21: Clave | B21: Equipo o Auxiliares | C21: Unidad | D21: Cantidad | E21: V/Unitario | F21: V/Total
A22: CORTADORA CERAMICA | B22: Cortadora de Cerámica TX-900 TM-50 TS-60 | C22: día | D22: 0.125 | E22: 6359 | F22: =+D22*E22 -> 794.875
A23: BURIL CORTADORACERAM | B23: Buril para Cortadora de Cerámica | C23: día | D23: 0.025 | E23: 1648 | F23: =+D23*E23 -> 41.2
F24: =+D24*E24 -> 0
A25: Total de Equipo | E25: SUBTOTAL | F25: =SUM(F22:F24) -> 836.075
A26: Clave | B26: Fletes o Matrices | C26: Unidad | D26: Cantidad | E26: V/Unitario | F26: V/Total
A27: ACARREO INT MAT (M3) | B27: Acarreo interno de materiales | C27: m3 | D27: 0.03 | E27: 15458 | F27: =+D27*E27 -> 463.74
F28: =+D28*E28 -> 0
A29: Total de Fletes | E29: SUBTOTAL | F29: =SUM(F27:F28) -> 463.74
A30: P R E C I O U N I T A R I O | E30: =ROUND((F12+F17+F20+F25+F29),0) -> 87408

Sheet APU 9.01
A3: ANALISIS DE PRECIOS UNITARIOS
A4: Descripción | E4: No. Item | F4: Unidad
A5: Vigas de amarre aereas en general en concreto de f' c=21 Mpa (210Kg/cm2) para ESCALERAS MACIZAS en concreto e= 0,15mt, el acero se pagara en su item | E5: 9.01 | F5: m3
A6: Clave | B6: Materiales | C6: Unidad | D6: Cantidad | E6: V/Unitario | F6: V/Total
B7: Distanciadores 2mm | C7: un | D7: 0.06 | E7: 41951.52 | F7: =+D7*E7 -> 2517.0912
B8: Tornillos | C8: un | D8: 3 | E8: 4169.88 | F8: =+D8*E8 -> 12509.64
B9: Triplex 19mm | C9: m2 | D9: 4 | E9: 49280.4 | F9: =+D9*E9 -> 197121.6
B10: Tabla madera común de 1,7cm x 20cm x 3,0m. Incluye transporte. | C10: un | D10: 3 | E10: 8908.38 | F10: =+D10*E10 -> 26725.14
B11: LARGUERO MADERA COMÚN | C11: un | D11: 3 | E11: 51297.948 | F11: =+D11*E11 -> 153893.84
B12: Desmoldante separol o equivalente | C12: un | D12: 0.7 | E12: 16300.44 | F12: =+D12*E12 -> 11410.308
F13: =+D13*E13 -> 0
A14: Total de Materiales | E14: SUBTOTAL | F14: =SUM(F7:F13) -> 404177.62
A15: Clave | B15: Mano de Obra | C15: Unidad | D15: Cantidad | E15: V/Unitario | F15: V/Total
A16: OFICIAL | B16: Oficial | C16: día | D16: 1 | E16: 187896.03 | F16: =+D16*E16 -> 187896.03
A17: 5AYUDANTE | B17: 5Ayudantes | C17: día | D17: 1 | E17: =100846.47*5 -> 504232.35 | F17: =+D17*E17 -> 504232.35
F18: =+D18*E18 -> 0
A19: Total de Mano de Obra | E19: SUBTOTAL | F19: =SUM(F16:F18) -> 692128.38
A20: Clave | B20: Herramienta | C20: Unidad | D20: Cantidad | E20: V/Unitario | F20: V/Total
A21: HERRMENOR | B21: Herramienta Menor (% de MdeO) | C21: (%)mo | D21: 0.05 | E21: =+F19 -> 692128.38 | F21: =+D21*E21 -> 34606.419
A22: Total de Herramienta | E22: SUBTOTAL | F22: =SUM(F21) -> 34606.419
A23: Clave | B23: Equipo o Auxiliares | C23: Unidad | D23: Cantidad | E23: V/Unitario | F23: V/Total
A24: CONCRE OBRA 21MPA | B24: Concreto de 21 Mpa preparado en obra (3000 PSI) | C24: m3 | D24: 1.05 | E24: 666140.7 | F24: =+D24*E24 -> 699447.74
A25: VIBRADOR CONCRE ELEC | B25: Vibrador de concreto eléctrico a 110v (alquiler). Tipo aguja | C25: día | D25: 0.025 | E25: 48166.326 | F25: =+D25*E25 -> 1204.1581
F26: =+D26*E26 -> 0
F27: =+D27*E27 -> 0
F28: =+D28*E28 -> 0
A29: Total de Equipo | E29: SUBTOTAL | F29: =SUM(F24:F28) -> 700651.9
A30: Clave | B30: Fletes o Matrices | C30: Unidad | D30: Cantidad | E30: V/Unitario | F30: V/Total
B31: Acarreo Interno | C31: m3 o ton | D31: 1 | E31: 9000 | F31: =+D31*E31 -> 9000
F32: =+D32*E32 -> 0
A33: Total de Fletes | E33: SUBTOTAL | F33: =SUM(F31:F32) -> 9000
A34: P R E C I O U N I T A R I O | E34: =ROUND((F14+F19+F22+F29+F33),0) -> 1840564

Sheet APU 10,01
A3: ANALISIS DE PRECIOS UNITARIOS
A4: Descripción | E4: No. Item | F4: Unidad
A5: Suministro, transporte e instalación de puerta metálica, un (1) ala batiente en lámina cold rolled calibre 18, entamborada lisa, rellena con porón (poliuretano expandido), con bastidor perimetral en tubería PTS de 40x40x2 mm. y refuerzos horizontales en tubería metálica de 40x40x2 mm., marco metálico en lámina cold rolled calibre 18. Incluye dos (2) manijas en acero inoxidable de Ø= 3/4" L= 316 mm., cierre con pasador interno, cuatro(4) bisagras metálicas de taco para trabajo pesado de ½" , soldadura, pintura anticorrosiva negro, acabado en pintura esmalte color negro mate y todo lo necesario para su correcta instalación y funcionamiento. 0.60/0.75 x 2.20 m. Una ala. | E5: 10.01 | F5: un
A6: Clave | B6: Materiales | C6: Unidad | D6: Cantidad | E6: V/Unitario | F6: V/Total
A7: LAMINA GALVAN CAL 18 | B7: Lámina galvanizada calibre 18 de 1.20 x 2.40 mt. | C7: un | D7: 2.048 | E7: 199302 | F7: =+D7*E7 -> 408170.5
A8: CERRADURA | B8: Pasador | C8: un | D8: 2 | E8: 10500 | F8: =+D8*E8 -> 21000
A9: PTS 30X30X3MM | B9: PTS 30 x 30 x 3 mm. | C9: m | D9: 12.075 | E9: 9621 | F9: =+D9*E9 -> 116173.57
A10: SOLDADURA 6013 X 1/8 | B10: Soldadura lincoln 6013 x 1/8" | C10: kg | D10: 1.5 | E10: 13566 | F10: =+D10*E10 -> 20349
A11: BISAGRA ALA GALV | B11: Bisagra de ala galvanizada | C11: un | D11: 4 | E11: 11908 | F11: =+D11*E11 -> 47632
A12: PINTURA ANTICORROSIV | B12: Pintura anticorrosivo gris. Pintuco | C12: gln | D12: 0.361 | E12: 91885 | F12: =+D12*E12 -> 33170.485
A13: PINTURA BASE ACEITE | B13: Pintura negro mate | C13: gln | D13: 0.361 | E13: 81301 | F13: =+D13*E13 -> 29349.661
F14: =+D14*E14 -> 0
A15: Total de Materiales | E15: SUBTOTAL | F15: =SUM(F7:F14) -> 675845.22
A16: Clave | B16: Mano de Obra | C16: Unidad | D16: Cantidad | E16: V/Unitario | F16: V/Total
A17: CUAD 1OF+1AYU FAB | B17: Cuadrilla 1Of + 1 Ay Fabricación | C17: jor | D17: 1 | E17: 263061 | F17: =+D17*E17 -> 263061
A18: CUAD 1OF+1AYU INSTAL | B18: Cuadrilla 1Of + 1 Ay Instalación | C18: jor | D18: 0.2 | E18: 263061 | F18: =+D18*E18 -> 52612.2
A19: OFICIAL PINTURA | B19: Oficial Pintura | C19: jor | D19: 0.1 | E19: 173109 | F19: =+D19*E19 -> 17310.9
A20: Total de Mano de Obra | E20: SUBTOTAL | F20: =SUM(F17:F19) -> 332984.1
A21: Clave | B21: Herramienta | C21: Unidad | D21: Cantidad | E21: V/Unitario | F21: V/Total
A22: HERRMENOR | B22: Herramienta Menor (% de MdeO) | C22: (%)mo | D22: 0.05 | E22: =+F20 -> 332984.1 | F22: =+D22*E22 -> 16649.205
A23: Total de Herramienta | E23: SUBTOTAL | F23: =SUM(F22) -> 16649.205
A24: Clave | B24: Equipo o Auxiliares | C24: Unidad | D24: Cantidad | E24: V/Unitario | F24: V/Total
A25: EQUIPO SOL ELEC LINC | B25: Equipo de soldadura eléctrica Lincoln AC-225 GLM 110 v. Incluye transporte. | C25: día | D25: 0.5 | E25: 20000 | F25: =+D25*E25 -> 10000
A26: PULIDO MANUAL ELECTR | B26: Pulidora manual eléctrica con disco | C26: día | D26: 1 | E26: 20000 | F26: =+D26*E26 -> 20000
F27: =+D27*E27 -> 0
F28: =+D28*E28 -> 0
A29: Total de Equipo | E29: SUBTOTAL | F29: =SUM(F25:F28) -> 30000
A30: Clave | B30: Fletes o Matrices | C30: Unidad | D30: Cantidad | E30: V/Unitario | F30: V/Total
B31: Acarreo Interno | C31: m3 o ton | D31: 1 | E31: 2500 | F31: =+D31*E31 -> 2500
F32: =+D32*E32 -> 0
A33: Total de Fletes | E33: SUBTOTAL | F33: =SUM(F31:F32) -> 2500
A34: P R E C I O U N I T A R I O | E34: =ROUND((F15+F20+F23+F29+F33),0) -> 1057979

Sheet APU 10,02
A3: ANALISIS DE PRECIOS UNITARIOS
A4: Descripción | E4: No. Item | F4: Unidad
A5: Suministro, transporte e instalación de puerta reja metálica de dos alas pivotantes; Cada ala esta compuesta por un bastidor en tubería PTS de 80 x 40 x 2,0 mm., platinas de 1 1/2" x 3/16" colocadas horizontalmente cada 0.099 m., cada ala lleva una varilla vertical de Ø 3/4 en la mitad, según diseño. Incluye pivotes superior e inferior, rodamientos para facilitar el desplazamiento, cerradura de seguridad de primera calidad tipo yale o su equivalente y falleba de piso y superior estos elementos los lleva cada ala, pintura anticorrosiva color negro, acabado en pintura esmalte color negro mate y todos los demás elementos necesarios para su correcta instalación y funcionamiento. De 1,00x2,00 m | E5: 10.02 | F5: un
A6: Clave | B6: Materiales | C6: Unidad | D6: Cantidad | E6: V/Unitario | F6: V/Total
A7: SOLDADURA 6011 X 1/8 | B7: Soldadura LIN-6011 x 1/8 | C7: kg | D7: 3.5 | E7: 11694 | F7: =+D7*E7 -> 40929
A8: LAMINA 3/16 | B8: Lámina metálica de 3/16" o 5mm | C8: m2 | D8: 0.24 | E8: 73275 | F8: =+D8*E8 -> 17586
A9: FALLEBA DE 5/8" | B9: Falleba de 5/8" | C9: un | D9: 2 | E9: 10344 | F9: =+D9*E9 -> 20688
A10: CHAPA CANDADO | B10: Chapa candado para puertas metálicas | C10: un | D10: 1 | E10: 94827 | F10: =+D10*E10 -> 94827
A11: PTS 80X40X2MM | B11: PTS 80 x 40 x 2 mm | C11: m | D11: 19.4 | E11: 8448 | F11: =+D11*E11 -> 163891.2
A12: TUBERIA NEGRA ½ C16 | B12: Tubería negra de 1.5mm 1/2" | C12: m | D12: 38 | E12: 2013 | F12: =+D12*E12 -> 76494
A13: PLATINA 2" X 3/8" | B13: Platina de 2" x 3/8" | C13: m | D13: 2 | E13: 8966 | F13: =+D13*E13 -> 17932
A14: PINTURA | B14: Pintura acabado negro mate | C14: gln | D14: 0.38 | E14: 70087 | F14: =+D14*E14 -> 26633.06
A15: BISAGRA 2 1/2" X 4" | B15: Bisagra de ala galvanizada | C15: un | D15: 6 | E15: 10265 | F15: =+D15*E15 -> 61590
A16: BASE ANTICORROSIVA | B16: Base anticorrosiva y adherente | C16: gln | D16: 0.25 | E16: 79211 | F16: =+D16*E16 -> 19802.75
A17: PERNO EXPAN 3/8X3 | B17: Perno de expansión 3/8" | C17: un | D17: 12 | E17: 2000 | F17: =+D17*E17 -> 24000
F18: =+D18*E18 -> 0
A19: Total de Materiales | E19: SUBTOTAL | F19: =SUM(F7:F18) -> 564373.01
A20: Clave | B20: Mano de Obra | C20: Unidad | D20: Cantidad | E20: V/Unitario | F20: V/Total
A21: CUAD 1OF+1AYU FAB | B21: Cuadrilla 1Of + 1 Ay Fabricación | C21: jor | D21: 0.6 | E21: 263061 | F21: =+D21*E21 -> 157836.6
A22: CUAD 1OF+1AYU INSTAL | B22: Cuadrilla 1Of + 1 Ay Instalación | C22: jor | D22: 0.1 | E22: 263061 | F22: =+D22*E22 -> 26306.1
A23: CUAD 1OF+1AYU O.B. | B23: Cuadrilla 1Of Obra Blanca+ 1 Ay Entendido | C23: jor | D23: 0 | E23: 283409 | F23: =+D23*E23 -> 0
A24: Total de Mano de Obra | E24: SUBTOTAL | F24: =SUM(F21:F23) -> 184142.7
A25: Clave | B25: Herramienta | C25: Unidad | D25: Cantidad | E25: V/Unitario | F25: V/Total
A26: HERRMENOR | B26: Herramienta Menor (% de MdeO) | C26: (%)mo | D26: 0.05 | E26: =+F24 -> 184142.7 | F26: =+D26*E26 -> 9207.135
A27: Total de Herramienta | E27: SUBTOTAL | F27: =SUM(F26) -> 9207.135
A28: Clave | B28: Equipo o Auxiliares | C28: Unidad | D28: Cantidad | E28: V/Unitario | F28: V/Total
A29: EQUIPO SOL ELEC LINC | B29: Equipo de soldadura eléctrica Lincoln AC-225 GLM 110 v. Incluye transporte. | C29: día | D29: 0.5 | E29: 19000 | F29: =+D29*E29 -> 9500
A30: PULIDO MANUAL ELECTR | B30: Pulidora manual eléctrica con disco | C30: día | D30: 0.5 | E30: 19000 | F30: =+D30*E30 -> 9500
F31: =+D31*E31 -> 0
F32: =+D32*E32 -> 0
A33: Total de Equipo | E33: SUBTOTAL | F33: =SUM(F29:F32) -> 19000
A34: Clave | B34: Fletes o Matrices | C34: Unidad | D34: Cantidad | E34: V/Unitario | F34: V/Total
B35: Acarreo Interno | C35: m3 o ton | D35: 1 | E35: 2814 | F35: =+D35*E35 -> 2814
F36: =+D36*E36 -> 0
A37: Total de Fletes | E37: SUBTOTAL | F37: =SUM(F35:F36) -> 2814
A38: P R E C I O U N I T A R I O | E38: =ROUND((F19+F24+F27+F33+F37),0) -> 779537

Sheet APU 10,04
A3: ANALISIS DE PRECIOS UNITARIOS
A4: Descripción | E4: No. Item | F4: Unidad
A5: Suministro, transporte e instalación de puerta metálica, un (1) ala batiente en lámina cold rolled calibre 18, entamborada lisa, rellena con porón (poliuretano expandido), con bastidor perimetral en tubería PTS de 40x40x2 mm. y refuerzos horizontales en tubería metálica de 40x40x2 mm., marco metálico en lámina cold rolled calibre 18. Incluye dos (2) manijas en acero inoxidable de Ø= 3/4" L= 316 mm., cierre con pasador interno, cuatro(4) bisagras metálicas de taco para trabajo pesado de ½" , soldadura, pintura anticorrosiva negro, acabado en pintura esmalte color negro mate y todo lo necesario para su correcta instalación y funcionamiento. 0,76/1,00 x 2.20 m. Una ala. | E5: 10.01 | F5: un
A6: Clave | B6: Materiales | C6: Unidad | D6: Cantidad | E6: V/Unitario | F6: V/Total
A7: LAMINA GALVAN CAL 18 | B7: Lámina galvanizada calibre 18 de 1.20 x 2.40 mt. | C7: un | D7: 2.8 | E7: 219329 | F7: =+D7*E7 -> 614121.2
A8: CERRADURA | B8: Pasador | C8: un | D8: 2 | E8: 16532 | F8: =+D8*E8 -> 33064
A9: PTS 30X30X3MM | B9: PTS 30 x 30 x 3 mm. | C9: m | D9: 16 | E9: 13507 | F9: =+D9*E9 -> 216112
A10: SOLDADURA 6013 X 1/8 | B10: Soldadura lincoln 6013 x 1/8" | C10: kg | D10: 3 | E10: 19046 | F10: =+D10*E10 -> 57138
A11: BISAGRA ALA GALV | B11: Bisagra de ala galvanizada | C11: un | D11: 4 | E11: 16718 | F11: =+D11*E11 -> 66872
A12: PINTURA ANTICORROSIV | B12: Pintura anticorrosivo gris. Pintuco | C12: gln | D12: 0.5 | E12: 129006 | F12: =+D12*E12 -> 64503
A13: PINTURA BASE ACEITE | B13: Pintura negro mate | C13: gln | D13: 0.5 | E13: 114146 | F13: =+D13*E13 -> 57073
F14: =+D14*E14 -> 0
A15: Total de Materiales | E15: SUBTOTAL | F15: =SUM(F7:F14) -> 1108883.2
A16: Clave | B16: Mano de Obra | C16: Unidad | D16: Cantidad | E16: V/Unitario | F16: V/Total
A17: CUAD 1OF+1AYU FAB | B17: Cuadrilla 1Of + 1 Ay Fabricación | C17: jor | D17: 1.5 | E17: 263061 | F17: =+D17*E17 -> 394591.5
A18: CUAD 1OF+1AYU INSTAL | B18: Cuadrilla 1Of + 1 Ay Instalación | C18: jor | D18: 0.4 | E18: 263061 | F18: =+D18*E18 -> 105224.4
A19: OFICIAL PINTURA | B19: Oficial Pintura | C19: jor | D19: 0.2 | E19: 173109 | F19: =+D19*E19 -> 34621.8
A20: Total de Mano de Obra | E20: SUBTOTAL | F20: =SUM(F17:F19) -> 534437.7
A21: Clave | B21: Herramienta | C21: Unidad | D21: Cantidad | E21: V/Unitario | F21: V/Total
A22: HERRMENOR | B22: Herramienta Menor (% de MdeO) | C22: (%)mo | D22: 0.05 | E22: =+F20 -> 534437.7 | F22: =+D22*E22 -> 26721.885
A23: Total de Herramienta | E23: SUBTOTAL | F23: =SUM(F22) -> 26721.885
A24: Clave | B24: Equipo o Auxiliares | C24: Unidad | D24: Cantidad | E24: V/Unitario | F24: V/Total
A25: EQUIPO SOL ELEC LINC | B25: Equipo de soldadura eléctrica Lincoln AC-225 GLM 110 v. Incluye transporte. | C25: día | D25: 1 | E25: 20000 | F25: =+D25*E25 -> 20000
A26: PULIDO MANUAL ELECTR | B26: Pulidora manual eléctrica con disco | C26: día | D26: 1 | E26: 20000 | F26: =+D26*E26 -> 20000
F27: =+D27*E27 -> 0
F28: =+D28*E28 -> 0
A29: Total de Equipo | E29: SUBTOTAL | F29: =SUM(F25:F28) -> 40000
A30: Clave | B30: Fletes o Matrices | C30: Unidad | D30: Cantidad | E30: V/Unitario | F30: V/Total
B31: Acarreo Interno | C31: m3 o ton | D31: 1 | E31: 5001 | F31: =+D31*E31 -> 5001
F32: =+D32*E32 -> 0
A33: Total de Fletes | E33: SUBTOTAL | F33: =SUM(F31:F32) -> 5001
A34: P R E C I O U N I T A R I O | E34: =ROUND((F15+F20+F23+F29+F33),0) -> 1715044

Sheet APU 10,05
A3: ANALISIS DE PRECIOS UNITARIOS
A4: Descripción | E4: No. Item | F4: Unidad
A5: Suministro y colocación de pasamanos metálico en tubo rectangular PTS 2"x 1"(colocado horizontalmente en la parte superior)+ varilla redonda de 3/4" colocada verticalmente cada 0,10 m y apoyos verticales en doble platina de 2" x 1/2" cada 1.00 m. colocados sobre platina de 1/2" anclada a losa mediante 4 pernos de 1/2"; y platina de 2" x 1/2" colocado horizontalmente en la parte inferior del pasamanos . Incluye base anticorrosiva, catalizador acabado final en pintura esmalte semibrillante para exteriores tipo poliuretano, color negro.Según diseño. h=1.10 m. | E5: 10.03 | F5: ml
A6: Clave | B6: Materiales | C6: Unidad | D6: Cantidad | E6: V/Unitario | F6: V/Total
A7: PTS 2"x1" | B7: Tubo rectangular 2"x1" | C7: m | D7: 1.1 | E7: 15918 | F7: =+D7*E7 -> 17509.8
A8: TUBERIA NEGRA 3/4 | B8: Varilla redonda de 3/4" | C8: m | D8: 8 | E8: 12000 | F8: =+D8*E8 -> 96000
A9: PLATINA | B9: Platina 2" x 1/2" | C9: m | D9: 0.24 | E9: 27168 | F9: =+D9*E9 -> 6520.32
A10: PERNO EXPAN 3/8X3 | B10: Perno de expansión ref TEA08x075 de 3/8"X 3". Marca mecano o equivalente | C10: un | D10: 12 | E10: 2896 | F10: =+D10*E10 -> 34752
B11: Pintura anticorrosiva | C11: gln | D11: 0.45 | E11: 55642 | F11: =+D11*E11 -> 25038.9
B12: Esmalte a Base de Aceite | C12: gln | D12: 0.45 | E12: 56886 | F12: =+D12*E12 -> 25598.7
B13: Disolvente | C13: gln | D13: 0.3 | E13: 39097 | F13: =+D13*E13 -> 11729.1
A14: SOLDADURA 6011 X 1/8 | B14: Soldadura LIN-6011 x 1/8 | C14: kg | D14: 0.2 | E14: 24294 | F14: =+D14*E14 -> 4858.8
E15: 0 | F15: =+D15*E15 -> 0
A16: Total de Materiales | E16: SUBTOTAL | F16: =SUM(F7:F15) -> 222007.62
A17: Clave | B17: Mano de Obra | C17: Unidad | D17: Cantidad | E17: V/Unitario | F17: V/Total
A18: CUAD 1OF+1AYU FAB | B18: Cuadrilla 1Of + 1 Ay Fabricación | C18: jor | D18: 0.3 | E18: 263061 | F18: =+D18*E18 -> 78918.3
A19: CUAD 1OF+1AYU INSTAL | B19: Cuadrilla 1Of + 1 Ay Instalación | C19: jor | D19: 0.4 | E19: 263061 | F19: =+D19*E19 -> 105224.4
A20: Total de Mano de Obra | E20: SUBTOTAL | F20: =SUM(F18:F19) -> 184142.7
A21: Clave | B21: Herramienta | C21: Unidad | D21: Cantidad | E21: V/Unitario | F21: V/Total
A22: HERRMENOR | B22: Herramienta Menor (% de MdeO) | C22: (%)mo | D22: 0.05 | E22: =+F20 -> 184142.7 | F22: =+D22*E22 -> 9207.135
A23: Total de Herramienta | E23: SUBTOTAL | F23: =SUM(F22) -> 9207.135
A24: Clave | B24: Equipo o Auxiliares | C24: Unidad | D24: Cantidad | E24: V/Unitario | F24: V/Total
A25: EQUIPO SOL ELEC LINC | B25: Equipo de soldadura eléctrica Lincoln AC-225 GLM 110 v. Incluye transporte. | C25: día | D25: 0.1 | E25: 25745 | F25: =+D25*E25 -> 2574.5
A26: PULIDO MANUAL ELECTR | B26: Pulidora manual eléctrica con disco | C26: día | D26: 0.1 | E26: 47185 | F26: =+D26*E26 -> 4718.5
F27: =+D27*E27 -> 0
F28: =+D28*E28 -> 0
A29: Total de Equipo | E29: SUBTOTAL | F29: =SUM(F25:F28) -> 7293
A30: Clave | B30: Fletes o Matrices | C30: Unidad | D30: Cantidad | E30: V/Unitario | F30: V/Total
B31: Acarreo Interno | C31: m3 o ton | D31: 1 | E31: 3000 | F31: =+D31*E31 -> 3000
F32: =+D32*E32 -> 0
A33: Total de Fletes | E33: SUBTOTAL | F33: =SUM(F31:F32) -> 3000
A34: P R E C I O U N I T A R I O | E34: =ROUND((F16+F20+F23+F29+F33),0) -> 425650

Sheet APU 10,06
A3: ANALISIS DE PRECIOS UNITARIOS
A4: Descripción | E4: No. Item | F4: Unidad
A5: =+[6]PRESUPUESTO!B61 -> Suministro, transporte y colocación de ventanas fijas - corredizas, sistema PC-744 de alúmina o equivalente. Marco y estructura en aluminio anodizado color natural, cristal templado claro, espesor de 6 mm. Incluye empaques-pisavidrio de caucho en "U", cerraduras seguro chapa, rodachines, sellado del marco (interior y exterior) fondo de junta con espuma de poliolefina tipo sikarod o equivalente de Ø= 6 mm. y acabado de junta con masilla elástica de poliuretano tipo sikaflex-1a o equivalente y todos los elementos necesarios para su correcta fabricación, instalación y funcionamiento. Ver cuadro de puertas y ventanas. | E5: 10.04 | F5: m2
A6: Clave | B6: Materiales | C6: Unidad | D6: Cantidad | E6: V/Unitario | F6: V/Total
A7: CRISTAL TEMPLADO 6MM | B7: Cristal claro templado de 6 mm. | C7: m2 | D7: 1.05 | E7: 203340 | F7: =+D7*E7 -> 213507
A8: PERFIL ALUM ALN-392 | B8: Perfil CABEZAL ALN-392 de alumina en aluminio anodizado color natural, sistema VP-744 | C8: m | D8: 1.1 | E8: 5071 | F8: =+D8*E8 -> 5578.1
A9: PERFIL ALUM ALN-387 | B9: Perfil SILLAR ALN-387 de alumina en aluminio anodizado color natural, sistema VP-744 | C9: m | D9: 1.1 | E9: 5533 | F9: =+D9*E9 -> 6086.3
A10: PERFIL ALUM ALN-393 | B10: Perfil JAMBA ALN-393 de alumina en aluminio anodizado color natural, sistema VP-744 | C10: m | D10: 1.1 | E10: 5349 | F10: =+D10*E10 -> 5883.9
A11: PERFIL ALUM ALN-391 | B11: Perfil ENGANCHE ALN-391 de alumina en aluminio anodizado color natural, sistema VP-744 | C11: m | D11: 1.1 | E11: 5823 | F11: =+D11*E11 -> 6405.3
A12: PERFIL ALUM ALN-388 | B12: Perfil TRASLAPE ALN-388 de alumina en aluminio anodizado color natural, sistema VP-744 | C12: m | D12: 1.1 | E12: 5574 | F12: =+D12*E12 -> 6131.4
A13: PERFIL ALUM ALN-389 | B13: Perfil HORIZONTAL SUPERIOR ALN-389 de alumina en aluminio anodizado color natural, sistema VP-744 | C13: m | D13: 1.1 | E13: 4082 | F13: =+D13*E13 -> 4490.2
A14: PERFIL ALUM ALN-390 | B14: Perfil HORIZONTAL INFERIOR ALN-390 de alumina en aluminio anodizado color natural, sistema VP-744 | C14: m | D14: 1.1 | E14: 5565 | F14: =+D14*E14 -> 6121.5
A15: EMPAQUE NEOPREN EN U | B15: Empaque de neopreno en "U" | C15: m | D15: 4 | E15: 4789 | F15: =+D15*E15 -> 19156
A16: RODACHIN PC-744 | B16: Rodachin para sistema PC-744 | C16: un | D16: 1 | E16: 6705 | F16: =+D16*E16 -> 6705
A17: CERRADSEGUROCHAPA | B17: Cerradura Seguro Chapa para sistema PC-744 | C17: un | D17: 0.5 | E17: 13769 | F17: =+D17*E17 -> 6884.5
A18: TORNILLO 6X1 LAM | B18: Tornillo lámina ranurado de 6 x 1". | C18: un | D18: 12 | E18: 100 | F18: =+D18*E18 -> 1200
... A20: SIKA ROD 1/4 | B20: Sika Rod de 1 1/4". Fondo de Juntas para aplicar masillas en frio. Presentacion: Rollos de 1700ml Rendimiento: 1ml x 1ml | C20: m | D20: 2.2 | E20: 13757 | F20: =+D20*E20 -> 30265.4
A21: Total de Materiales | E21: SUBTOTAL | F21: =SUM(F7:F20) -> 329479.47
A22: Clave | B22: Mano de Obra | C22: Unidad | D22: Cantidad | E22: V/Unitario | F22: V/Total
A23: CUAD 1OF+1AYU FAB | B23: Cuadrilla 1Of + 1 Ay Fabricación | C23: jor | D23: 0.7798 | E23: 263061 | F23: =+D23*E23 -> 205134.97
A24: CUAD 1OF+1AYU INSTAL | B24: Cuadrilla 1Of + 1 Ay Instalación | C24: jor | D24: 0.11697 | E24: 263061 | F24: =+D24*E24 -> 30770.245
A25: Total de Mano de Obra | E25: SUBTOTAL | F25: =SUM(F23:F24) -> 235905.21
A26: Clave | B26: Herramienta | C26: Unidad | D26: Cantidad | E26: V/Unitario | F26: V/Total
A27: HERRMENOR | B27: Herramienta Menor (% de MdeO) | C27: (%)mo | D27: 0.05 | E27: =+F25 -> 235905.21 | F27: =+D27*E27 -> 11795.261
A28: Total de Herramienta | E28: SUBTOTAL | F28: =SUM(F27) -> 11795.261
A29: Clave | B29: Equipo o Auxiliares | C29: Unidad | D29: Cantidad | E29: V/Unitario | F29: V/Total
F30: =+D30*E30 -> 0
F31: =+D31*E31 -> 0
A32: Total de Equipo | E32: SUBTOTAL | F32: =SUM(F30:F31) -> 0
A33: Clave | B33: Fletes o Matrices | C33: Unidad | D33: Cantidad | E33: V/Unitario | F33: V/Total
A34: TRANSPORTE INT MATER | B34: Acarreo Interno | C34: m3 o ton | D34: 1 | E34: 3000 | F34: =+D34*E34 -> 3000
F35: =+D35*E35 -> 0
A36: Total de Fletes | E36: SUBTOTAL | F36: =SUM(F34:F35) -> 3000
A37: P R E C I O U N I T A R I O | E37: =ROUND((F21+F25+F28+F32+F36),0) -> 580180

Sheet APU 10,08
A3: ANALISIS DE PRECIOS UNITARIOS
A4: Descripción | E4: No. Item | F4: Unidad
A5: Suministro, transporte e instalación de división para orinales en acero inoxidable calibre 20 acabado satinado, incluye: chazos y tornillos de fijación De 0,90 x 0,60 m. | E5: 10.05 | F5: m2
A6: Clave | B6: Materiales | C6: Unidad | D6: Cantidad | E6: V/Unitario | F6: V/Total
A7: DIVISION ORINAL | B7: División para orinal de 0.46 x 0.96 m. en acero inoxidable AISI 304, cal 20, e= 3 cm. | C7: un | D7: 1 | E7: 434705.53 | F7: =+D7*E7 -> 434705.53
F8: =+D8*E8 -> 0
F9: =+D9*E9 -> 0
A10: Total de Materiales | E10: SUBTOTAL | F10: =SUM(F7:F9) -> 434705.53
A11: Clave | B11: Mano de Obra | C11: Unidad | D11: Cantidad | E11: V/Unitario | F11: V/Total
A12: CUAD 1OF+1AYU INSTAL | B12: Cuadrilla 1Of + 1 Ay Instalación | C12: jor | D12: 0.40799 | E12: 294150.03 | F12: =+D12*E12 -> 120010.27
F13: =+D13*E13 -> 0
A14: Total de Mano de Obra | E14: SUBTOTAL | F14: =SUM(F12:F13) -> 120010.27
A15: Clave | B15: Herramienta | C15: Unidad | D15: Cantidad | E15: V/Unitario | F15: V/Total
A16: HERRMENOR | B16: Herramienta Menor (% de MdeO) | C16: (%)mo | D16: 0.05 | E16: =+F14 -> 120010.27 | F16: =+D16*E16 -> 6000.5135
A17: Total de Herramienta | E17: SUBTOTAL | F17: =SUM(F16) -> 6000.5135
A18: Clave | B18: Equipo o Auxiliares | C18: Unidad | D18: Cantidad | E18: V/Unitario | F18: V/Total
F19: =+D19*E19 -> 0
F20: =+D20*E20 -> 0
A21: Total de Equipo | E21: SUBTOTAL | F21: =SUM(F19:F20) -> 0
A22: Clave | B22: Fletes o Matrices | C22: Unidad | D22: Cantidad | E22: V/Unitario | F22: V/Total
A23: TRANSPORTE INT MATER | B23: Acarreo Interno | C23: m3 o ton | D23: 1 | E23: 5748 | F23: =+D23*E23 -> 5748
F24: =+D24*E24 -> 0
A25: Total de Fletes | E25: SUBTOTAL | F25: =SUM(F23:F24) -> 5748
A26: P R E C I O U N I T A R I O | E26: =ROUND((F10+F14+F17+F21+F25),0) -> 566464

Sheet APU 11,01
A3: ANALISIS DE PRECIOS UNITARIOS
A4: Descripción | E4: No. Item | F4: Unidad
A5: Instalación de SANITARIO INTEGRAL (línea Acuacer/one pice o equivalente) color BLANCO, bajo consumo 6lt, diseño de dos piezas, taza redonda, incluye el suministro y transporte del sanitario, sifón esmaltado, grifería antisifón, anillo abierto, abasto metálico, válvula de regulación metálica con manguera flexible, brida de fijación, tapón roscado y todos los demás elementos necesarios para su correcta instalación y funcionamiento. | E5: 11.01 | F5: Un
A6: Clave | B6: Materiales | C6: Unidad | D6: Cantidad | E6: V/Unitario | F6: V/Total
A7: SANITARIO ECONOBLANC | B7: Sanitario linea económica blanco. Consumo 6lt. | C7: un | D7: 1 | E7: 400527 | F7: =+D7*E7 -> 400527
A8: CEMENTO BLANCO | B8: Cemento blanco (saco 40 kilos) Argos | C8: un | D8: 0.014286 | E8: 63057 | F8: =+D8*E8 -> 900.8323
A9: SIKA SIL-C | B9: Silicona antihongos. Presentacion 280ml Rendimiento de 8ml/en junta de 6mm x 6mm | C9: un | D9: 0.3 | E9: 40847 | F9: =+D9*E9 -> 12254.1
A10: TAPON ROSCADO BRIDA | B10: Tapón rosca para brida de fijación | C10: un | D10: 4 | E10: 1767 | F10: =+D10*E10 -> 7068
A11: BRIDAFIJAC | B11: Brida sanitaria de fijación 4", incluye empaque de caucho y tornillos de fijación | C11: un | D11: 1 | E11: 32317 | F11: =+D11*E11 -> 32317
A12: SOLDAD + LIMPIAD PVC | B12: Soldadura PVC (1/4 gal) + Limpiador PVC (1/4 gal) | C12: un | D12: 0.001 | E12: 140158 | F12: =+D12*E12 -> 140.158
A13: ABASTO METALICO | B13: Abasto metálico (llave de regulación liviana de 1/2"metálica con manguera metálica) | C13: un | D13: 1 | E13: 41778 | F13: =+D13*E13 -> 41778
A14: ESTOPA | B14: Estopa | C14: kg | D14: 0.1 | E14: 10791 | F14: =+D14*E14 -> 1079.1
F15: =+D15*E15 -> 0
A16: Total de Materiales | E16: SUBTOTAL | F16: =SUM(F7:F15) -> 496064.19
A17: Clave | B17: Mano de Obra | C17: Unidad | D17: Cantidad | E17: V/Unitario | F17: V/Total
A18: CUAD 1OF+1AYU INSTAL | B18: Cuadrilla 1Of + 1 Ay Instalación | C18: jor | D18: 0.25 | E18: 263061 | F18: =+D18*E18 -> 65765.25
F19: =+D19*E19 -> 0
A20: Total de Mano de Obra | E20: SUBTOTAL | F20: =SUM(F18:F19) -> 65765.25
A21: Clave | B21: Herramienta | C21: Unidad | D21: Cantidad | E21: V/Unitario | F21: V/Total
A22: HERRMENOR | B22: Herramienta Menor (% de MdeO) | C22: (%)mo | D22: 0.05 | E22: =+F20 -> 65765.25 | F22: =+D22*E22 -> 3288.2625
A23: Total de Herramienta | E23: SUBTOTAL | F23: =SUM(F22) -> 3288.2625
A24: Clave | B24: Equipo o Auxiliares | C24: Unidad | D24: Cantidad | E24: V/Unitario | F24: V/Total
F25: =+D25*E25 -> 0
F26: =+D26*E26 -> 0
A27: Total de Equipo | E27: SUBTOTAL | F27: =SUM(F25:F26) -> 0
A28: Clave | B28: Fletes o Matrices | C28: Unidad | D28: Cantidad | E28: V/Unitario | F28: V/Total
A29: TRANSPORTE INT MATER | B29: Acarreo Interno | C29: m3 o ton | D29: 1 | E29: 2000 | F29: =+D29*E29 -> 2000
F30: =+D30*E30 -> 0
A31: Total de Fletes | E31: SUBTOTAL | F31: =SUM(F29:F30) -> 2000
A32: P R E C I O U N I T A R I O | E32: =ROUND((F16+F20+F23+F27+F31),0) -> 567118

Sheet APU 11,02
A3: ANALISIS DE PRECIOS UNITARIOS
A4: Descripción | E4: No. Item | F4: Unidad
A5: Suministro e instalación de orinal de porcelana sanitaria, con alimentación y desagüe vistos, gama básica, color blanco, grifería temporizada empotrada, gama media, acabado cromado, con sifón botella, color blanco. Incluye conexión a la red de agua fría y a la red de evacuación existente, fijación del aparato y sellado con silicona. Totalmente instalado, conexionado, probado y en funcionamiento. | E5: 11.02 | F5: Un
A6: Clave | B6: Materiales | C6: Unidad | D6: Cantidad | E6: V/Unitario | F6: V/Total
A7: ORINAL GRANDE | B7: Orinal pequeño blanco | C7: un | D7: 1 | E7: 416400 | F7: =+D7*E7 -> 416400
A8: GRIFERIA PUSH 75121 | B8: Grifería valvula de Push (orinal) | C8: un | D8: 1 | E8: 150759 | F8: =+D8*E8 -> 150759
A9: SIFON BOTELLA ORINAL | B9: Sifón botella para orinal pequeño | C9: un | D9: 1 | E9: 12611.667 | F9: =+D9*E9 -> 12611.667
A10: GRAPA APAR. SANITARI | B10: Grapas para soporte de aparatos sanitarios | C10: par | D10: 1 | E10: 15447 | F10: =+D10*E10 -> 15447
F11: =+D11*E11 -> 0
A12: Total de Materiales | E12: SUBTOTAL | F12: =SUM(F7:F11) -> 595217.67
A13: Clave | B13: Mano de Obra | C13: Unidad | D13: Cantidad | E13: V/Unitario | F13: V/Total
A14: OFICIAL OBRA BLANCA | B14: Oficial Obra Blanca | C14: jor | D14: 0.4 | E14: 173109 | F14: =+D14*E14 -> 69243.6
F15: =+D15*E15 -> 0
A16: Total de Mano de Obra | E16: SUBTOTAL | F16: =SUM(F14:F15) -> 69243.6
A17: Clave | B17: Herramienta | C17: Unidad | D17: Cantidad | E17: V/Unitario | F17: V/Total
A18: HERRMENOR | B18: Herramienta Menor (% de MdeO) | C18: (%)mo | D18: 0.05 | E18: =+F16 -> 69243.6 | F18: =+D18*E18 -> 3462.18
A19: Total de Herramienta | E19: SUBTOTAL | F19: =SUM(F18) -> 3462.18
A20: Clave | B20: Equipo o Auxiliares | C20: Unidad | D20: Cantidad | E20: V/Unitario | F20: V/Total
F21: =+D21*E21 -> 0
F22: =+D22*E22 -> 0
A23: Total de Equipo | E23: SUBTOTAL | F23: =SUM(F21:F22) -> 0
A24: Clave | B24: Fletes o Matrices | C24: Unidad | D24: Cantidad | E24: V/Unitario | F24: V/Total
A25: TRANSPORTE INT MATER | B25: Acarreo Interno | C25: m3 o ton | D25: 1 | E25: 2000 | F25: =+D25*E25 -> 2000
F26: =+D26*E26 -> 0
A27: Total de Fletes | E27: SUBTOTAL | F27: =SUM(F25:F26) -> 2000
A28: P R E C I O U N I T A R I O | E28: =ROUND((F12+F16+F19+F23+F27),0) -> 669923

Sheet APU 11,03
A3: ANALISIS DE PRECIOS UNITARIOS
A4: Descripción | E4: No. Item | F4: Unidad
A5: Suministro y fabricacion de lavamanos fabricado en sito, estructura en concreto armado y acabado en granito blaco semipulido, dimenciones de 0,25x0,50 por longitud segun diseños, con disposicion de bajantes segun diseños de tuberia en 2", y todo lo necesario para su correcta instalacion. | E5: 11.03 | F5: ml
A6: Clave | B6: Materiales | C6: Unidad | D6: Cantidad | E6: V/Unitario | F6: V/Total
A7: CONCRETO | B7: concreto 21 Mpa | C7: M3 | D7: 0.08 | E7: 632282 | F7: =+D7*E7 -> 50582.56
A8: GRANITO | B8: Granito blanco | C8: kg | D8: 4 | E8: 2500 | F8: =+D8*E8 -> 10000
A9: CEMENTO BLANCO | B9: Cemento blanco | C9: kg | D9: 8 | E9: 2500 | F9: =+D9*E9 -> 20000
A10: ACERO | B10: Hierro de refuerzo | C10: kg | D10: 5 | E10: 8228 | F10: =+D10*E10 -> 41140
A11: TUBERIA | B11: Tubería de 2" pvc | C11: ml | D11: 0.5 | E11: 10000 | F11: =+D11*E11 -> 5000
A12: MADERA | B12: Placas de madera para formaleta con acabado liso | C12: Und | D12: 0.3 | E12: 54203 | F12: =+D12*E12 -> 16260.9
F13: =+D13*E13 -> 0
A14: Total de Materiales | E14: SUBTOTAL | F14: =SUM(F7:F13) -> 142983.46
A15: Clave | B15: Mano de Obra | C15: Unidad | D15: Cantidad | E15: V/Unitario | F15: V/Total
A16: CUAD 1OF+1AYU INSTAL | B16: Cuadrilla 1Of + 1 Ay Instalación | C16: jor | D16: 0.7 | E16: 263061 | F16: =+D16*E16 -> 184142.7
F17: =+D17*E17 -> 0
A18: Total de Mano de Obra | E18: SUBTOTAL | F18: =SUM(F16:F17) -> 184142.7
A19: Clave | B19: Herramienta | C19: Unidad | D19: Cantidad | E19: V/Unitario | F19: V/Total
A20: HERRMENOR | B20: Herramienta Menor (% de MdeO) | C20: (%)mo | D20: 0.05 | E20: =+F18 -> 184142.7 | F20: =+D20*E20 -> 9207.135
A21: Total de Herramienta | E21: SUBTOTAL | F21: =SUM(F20) -> 9207.135
A22: Clave | B22: Equipo o Auxiliares | C22: Unidad | D22: Cantidad | E22: V/Unitario | F22: V/Total
F23: =+D23*E23 -> 0
F24: =+D24*E24 -> 0
A25: Total de Equipo | E25: SUBTOTAL | F25: =SUM(F23:F24) -> 0
A26: Clave | B26: Fletes o Matrices | C26: Unidad | D26: Cantidad | E26: V/Unitario | F26: V/Total
A27: TRANSPORTE INT MATER | B27: Acarreo Interno | C27: m3 o ton | D27: 1 | E27: 2000 | F27: =+D27*E27 -> 2000
F28: =+D28*E28 -> 0
A29: Total de Fletes | E29: SUBTOTAL | F29: =SUM(F27:F28) -> 2000
A30: P R E C I O U N I T A R I O | E30: =ROUND((F14+F18+F21+F25+F29),0) -> 338333

Sheet APU 11,04
A3: ANALISIS DE PRECIOS UNITARIOS
A4: Descripción | E4: No. Item | F4: Unidad
A5: Suministro, transporte e instalación de SALIDA SANITARIA DE 4". Incluye todos los accesorios hasta el tapón de prueba. Se pagará dicha salida hasta un recorrido máximo de tubería no mayor a 3 m. Estos deberán estar correctamente pegados usando limpiador, soldadura y teflón apropiados, sin presentar fugas, fisuras o cualquier otra clase de anomalía. Incluye además las perforaciones (canchas) de paredes o pisos que lo requieran incluyendo cargue, transporte y botada de escombros en botaderos oficiales o donde indique la interventoría. | E5: 11.04 | F5: un
A6: Clave | B6: Materiales | C6: Unidad | D6: Cantidad | E6: V/Unitario | F6: V/Total
A7: TUBERIA PVC-S 4" | B7: Tubería PVC-S Ø= 4" | C7: m | D7: 1 | E7: 46219 | F7: =+D7*E7 -> 46219
A8: CODO 90 PVC-S CXC 4" | B8: Codo 90º PVC-S CxC, Ø= 4". | C8: un | D8: 1 | E8: 18640 | F8: =+D8*E8 -> 18640
A9: CODO 45 PVC-S CXC 4" | B9: Codo 45º PVC-S CxC, Ø= 4". | C9: un | D9: 1 | E9: 18044 | F9: =+D9*E9 -> 18044
A10: TAPON PRUEPVC-S 4" | B10: Tapón prueba PVC-S Ø= 4" | C10: un | D10: 1 | E10: 3747 | F10: =+D10*E10 -> 3747
A11: BUJE PVC-S 4X3" | B11: Buje soldado PVC-S de 4" a 3" | C11: un | D11: 1 | E11: 11928 | F11: =+D11*E11 -> 11928
A12: TEE PVC-S RED 4X3 | B12: Tee PVC-S Ø= 4"x3" | C12: un | D12: 1 | E12: 38097 | F12: =+D12*E12 -> 38097
A13: SOLDADURA PVC 1/4 | B13: Soldadura PVC (Unión simple) 1/4 | C13: un | D13: 0.08 | E13: 115836 | F13: =+D13*E13 -> 9266.88
A14: LIMPIADOR PVC | B14: Limpiador Removedor PVC x 1/4 de galón. | C14: un | D14: 0.08 | E14: 60539 | F14: =+D14*E14 -> 4843.12
A15: ESTOPA | B15: Estopa | C15: kg | D15: 0.08 | E15: 13580 | F15: =+D15*E15 -> 1086.4
F16: =+D16*E16 -> 0
A17: Total de Materiales | E17: SUBTOTAL | F17: =SUM(F7:F16) -> 151871.4
A18: Clave | B18: Mano de Obra | C18: Unidad | D18: Cantidad | E18: V/Unitario | F18: V/Total
A19: CUAD FONTANERIA | B19: Cuadrilla de Instalaciones Hidrosanitarias | C19: jor | D19: 0.2 | E19: 234750 | F19: =+D19*E19 -> 46950
F20: =+D20*E20 -> 0
A21: Total de Mano de Obra | E21: SUBTOTAL | F21: =SUM(F19:F20) -> 46950
A22: Clave | B22: Herramienta | C22: Unidad | D22: Cantidad | E22: V/Unitario | F22: V/Total
A23: HERRMENOR | B23: Herramienta Menor (% de MdeO) | C23: (%)mo | D23: 0.05 | E23: =+F21 -> 46950 | F23: =+D23*E23 -> 2347.5
A24: Total de Herramienta | E24: SUBTOTAL | F24: =SUM(F23) -> 2347.5
A25: Clave | B25: Equipo o Auxiliares | C25: Unidad | D25: Cantidad | E25: V/Unitario | F25: V/Total
F26: =+D26*E26 -> 0
F27: =+D27*E27 -> 0
A28: Total de Equipo | E28: SUBTOTAL | F28: =SUM(F26:F27) -> 0
A29: Clave | B29: Fletes o Matrices | C29: Unidad | D29: Cantidad | E29: V/Unitario | F29: V/Total
A30: TRANSPORTE INT MATER | B30: Acarreo Interno | C30: m3 o ton | D30: 1 | E30: 1000 | F30: =+D30*E30 -> 1000
F31: =+D31*E31 -> 0
A32: Total de Fletes | E32: SUBTOTAL | F32: =SUM(F30:F31) -> 1000
A33: P R E C I O U N I T A R I O | E33: =ROUND((F17+F21+F24+F28+F32),0) -> 202169

Sheet APU 11,05
A3: ANALISIS DE PRECIOS UNITARIOS
A4: Descripción | E4: No. Item | F4: Unidad
A5: Suministro y colocación de tubería PVC-S para aguas negras y aguas lluvias. Incluye: accesorios, limpiador y soldaduras Ø = 4". | E5: 11.05 | F5: ml
A6: Clave | B6: Materiales | C6: Unidad | D6: Cantidad | E6: V/Unitario | F6: V/Total
A7: TUBERIA PVC-S 4" | B7: Tubería PVC-S Ø= 4" | C7: m | D7: 1.05 | E7: 39987 | F7: =+D7*E7 -> 41986.35
A8: UNION PVC-S 4" | B8: Unión PVC-S Ø= 4" | C8: un | D8: 0.166667 | E8: 9364 | F8: =+D8*E8 -> 1560.6698
A9: CODO 45 PVC-S CXC 4" | B9: Codo 45º PVC-S CxC, Ø= 4". | C9: un | D9: 0.1 | E9: 18044 | F9: =+D9*E9 -> 1804.4
A10: CODO 90 PVC-S CXC 4" | B10: Codo 90º PVC-S CxC, Ø= 4". | C10: un | D10: 0.1 | E10: 18640 | F10: =+D10*E10 -> 1864
A11: YEE PVC-S 4" | B11: Yee PVC-S Ø= 4" - Pavco o equivalente. | C11: un | D11: 0.1 | E11: 21236 | F11: =+D11*E11 -> 2123.6
A12: YEE PVC-S 4X3" | B12: Yee PVC-S Reducida Ø= 4X3" pavco o equivalente | C12: un | D12: 0.05 | E12: 34103 | F12: =+D12*E12 -> 1705.15
A13: YEE PVC-S 4X2" | B13: Yee PVC-S Reducida Ø= 4X2" pavco o equivalente | C13: un | D13: 0.05 | E13: 34103 | F13: =+D13*E13 -> 1705.15
A14: TEE PVC-S 4" | B14: Tee PVC-S Ø= 4" | C14: un | D14: 0.05 | E14: 39709 | F14: =+D14*E14 -> 1985.45
A15: TEE PVC-S RED 4X3 | B15: Tee PVC-S Ø= 4"x3" | C15: un | D15: 0.05 | E15: 39709 | F15: =+D15*E15 -> 1985.45
A16: TEE PVC-S RED 4X2 | B16: Tee PVC-S Ø= 4"x2" | C16: un | D16: 0.05 | E16: 39709 | F16: =+D16*E16 -> 1985.45
A17: BUJE PVC-S 4X3" | B17: Buje soldado PVC-S de 4" a 3" | C17: un | D17: 0.05 | E17: 11928 | F17: =+D17*E17 -> 596.4
A18: BUJE PVC-S 4X2" | B18: Buje soldado PVC-S de 4" a 2" | C18: un | D18: 0.05 | E18: 11928 | F18: =+D18*E18 -> 596.4
... A20: SOLDADURA PVC 1/4 | B20: Soldadura PVC (Unión simple) 1/4 | C20: un | D20: 0.022 | E20: 115836 | F20: =+D20*E20 -> 2548.392
F21: =+D21*E21 -> 0
A22: Total de Materiales | E22: SUBTOTAL | F22: =SUM(F7:F21) -> 63778.72
A23: Clave | B23: Mano de Obra | C23: Unidad | D23: Cantidad | E23: V/Unitario | F23: V/Total
A24: CUAD FONTANERIA | B24: Cuadrilla de Instalaciones Hidrosanitarias | C24: jor | D24: 0.046 | E24: 234750 | F24: =+D24*E24 -> 10798.5
F25: =+D25*E25 -> 0
A26: Total de Mano de Obra | E26: SUBTOTAL | F26: =SUM(F24:F25) -> 10798.5
A27: Clave | B27: Herramienta | C27: Unidad | D27: Cantidad | E27: V/Unitario | F27: V/Total
A28: HERRMENOR | B28: Herramienta Menor (% de MdeO) | C28: (%)mo | D28: 0.05 | E28: =+F26 -> 10798.5 | F28: =+D28*E28 -> 539.925
A29: Total de Herramienta | E29: SUBTOTAL | F29: =SUM(F28) -> 539.925
A30: Clave | B30: Equipo o Auxiliares | C30: Unidad | D30: Cantidad | E30: V/Unitario | F30: V/Total
F31: =+D31*E31 -> 0
F32: =+D32*E32 -> 0
A33: Total de Equipo | E33: SUBTOTAL | F33: =SUM(F31:F32) -> 0
A34: Clave | B34: Fletes o Matrices | C34: Unidad | D34: Cantidad | E34: V/Unitario | F34: V/Total
A35: TRANSPORTE INT MATER | B35: Acarreo Interno | C35: un | D35: 1 | E35: 2000 | F35: =+D35*E35 -> 2000
F36: =+D36*E36 -> 0
A37: Total de Fletes | E37: SUBTOTAL | F37: =SUM(F35:F36) -> 2000
A38: P R E C I O U N I T A R I O | E38: =ROUND((F22+F26+F29+F33+F37),0) -> 77117

Sheet APU 11,06
A3: ANALISIS DE PRECIOS UNITARIOS
A4: Descripción | E4: No. Item | F4: Unidad
A5: Suministro, transporte e instalación de SALIDA SANITARIA DE 2". Incluye todos los accesorios hasta el tapón de prueba. Se pagará dicha salida hasta un recorrido máximo de tubería no mayor a 3 m. Estos deberán estar correctamente pegados usando limpiador, soldadura y teflón apropiados, sin presentar fugas, fisuras o cualquier otra clase de anomalía. Incluye además las perforaciones (canchas) de paredes o pisos que lo requieran incluyendo cargue, transporte y botada de escombros en botaderos oficiales o donde indique la interventoría. | E5: 11.06 | F5: ml
A6: Clave | B6: Materiales | C6: Unidad | D6: Cantidad | E6: V/Unitario | F6: V/Total
A7: TUBERIA PVC-S 2" | B7: Tubería PVC-S Ø= 2" | C7: m | D7: 2 | E7: 17698 | F7: =+D7*E7 -> 35396
A8: CODO 90 PVC-S CXC 2" | B8: Codo 90º PVC-S CxC, Ø= 2". | C8: un | D8: 1 | E8: 4692 | F8: =+D8*E8 -> 4692
A9: CODO 45 PVC-S CXC 2" | B9: Codo 45º PVC-S CxC, Ø= 2". | C9: un | D9: 1 | E9: 4821 | F9: =+D9*E9 -> 4821
A10: TAPON PRUEPVC-S 2" | B10: Tapón prueba PVC-S Ø= 2" | C10: un | D10: 1 | E10: 1507 | F10: =+D10*E10 -> 1507
A11: BUJE PVC-S 2X1½" | B11: Buje soldado PVC-S de 2 X 1 1/2" | C11: un | D11: 1 | E11: 3157 | F11: =+D11*E11 -> 3157
A12: TEE PVC-S RED 2X1½ | B12: Tee PVC-S Ø= 2"x1 1/2" | C12: un | D12: 0.5 | E12: 9073 | F12: =+D12*E12 -> 4536.5
A13: SOLDADURA PVC 1/4 | B13: Soldadura PVC (Unión simple) 1/4 | C13: un | D13: 0.07777 | E13: 115836.36 | F13: =+D13*E13 -> 9008.594
A14: LIMPIADOR PVC | B14: Limpiador Removedor PVC x 1/4 de galón. | C14: un | D14: 0.07777 | E14: 60539 | F14: =+D14*E14 -> 4708.118
A15: ESTOPA | B15: Estopa | C15: kg | D15: 0.1 | E15: 13580 | F15: =+D15*E15 -> 1358
F16: =+D16*E16 -> 0
A17: Total de Materiales | E17: SUBTOTAL | F17: =SUM(F7:F16) -> 69184.212
A18: Clave | B18: Mano de Obra | C18: Unidad | D18: Cantidad | E18: V/Unitario | F18: V/Total
A19: CUAD FONTANERIA | B19: Cuadrilla de Instalaciones Hidrosanitarias | C19: jor | D19: 0.15 | E19: 234750 | F19: =+D19*E19 -> 35212.5
F20: =+D20*E20 -> 0
A21: Total de Mano de Obra | E21: SUBTOTAL | F21: =SUM(F19:F20) -> 35212.5
A22: Clave | B22: Herramienta | C22: Unidad | D22: Cantidad | E22: V/Unitario | F22: V/Total
A23: HERRMENOR | B23: Herramienta Menor (% de MdeO) | C23: (%)mo | D23: 0.05 | E23: =+F21 -> 35212.5 | F23: =+D23*E23 -> 1760.625
A24: Total de Herramienta | E24: SUBTOTAL | F24: =SUM(F23) -> 1760.625
A25: Clave | B25: Equipo o Auxiliares | C25: Unidad | D25: Cantidad | E25: V/Unitario | F25: V/Total
F26: =+D26*E26 -> 0
F27: =+D27*E27 -> 0
A28: Total de Equipo | E28: SUBTOTAL | F28: =SUM(F26:F27) -> 0
A29: Clave | B29: Fletes o Matrices | C29: Unidad | D29: Cantidad | E29: V/Unitario | F29: V/Total
A30: TRANSPORTE INT MATER | B30: Acarreo Interno | C30: gl | D30: 1 | E30: 2000 | F30: =+D30*E30 -> 2000
F31: =+D31*E31 -> 0
A32: Total de Fletes | E32: SUBTOTAL | F32: =SUM(F30:F31) -> 2000
A33: P R E C I O U N I T A R I O | E33: =ROUND((F17+F21+F24+F28+F32),0) -> 108157

Sheet APU 11,07
A3: ANALISIS DE PRECIOS UNITARIOS
A4: Descripción | E4: No. Item | F4: Unidad
A5: Suministro y colocación de tubería PVC-S para aguas negras y aguas lluvias. Incluye: accesorios, limpiador y soldaduras Ø = 2". | E5: 11.08 | F5: ml
A6: Clave | B6: Materiales | C6: Unidad | D6: Cantidad | E6: V/Unitario | F6: V/Total
A7: TUBERIA PVC-S 2" | B7: Tubería PVC-S Ø= 2" | C7: m | D7: 1.05 | E7: 15948 | F7: =+D7*E7 -> 16745.4
A8: UNION PVC-S 2" | B8: Unión PVC-S Ø= 2" | C8: un | D8: 0.16667 | E8: 3140 | F8: =+D8*E8 -> 523.3438
A9: CODO 45 PVC-S CXC 2" | B9: Codo 45º PVC-S CxC, Ø= 2". | C9: un | D9: 0.2 | E9: 4653 | F9: =+D9*E9 -> 930.6
A10: CODO 90 PVC-S CXC 2" | B10: Codo 90º PVC-S CxC, Ø= 2". | C10: un | D10: 0.2 | E10: 4482 | F10: =+D10*E10 -> 896.4
A11: YEE PVC-S 2" | B11: Yee PVC-S Ø= 2" - Pavco o equivalente. | C11: un | D11: 0.2 | E11: 8899 | F11: =+D11*E11 -> 1779.8
A12: TEE PVC-S RED 2X1½ | B12: Tee PVC-S Ø= 2"x1 1/2" | C12: un | D12: 0.2 | E12: 8757 | F12: =+D12*E12 -> 1751.4
A13: TEE PVC-S 2" | B13: Tee PVC-S Ø= 2" | C13: un | D13: 0.2 | E13: 8757 | F13: =+D13*E13 -> 1751.4
A14: BUJE PVC-S 2X1½" | B14: Buje soldado PVC-S de 2 X 1 1/2" | C14: un | D14: 0.1 | E14: 3047 | F14: =+D14*E14 -> 304.7
A15: LIMPIADOR PVC | B15: Limpiador Removedor PVC x 1/4 de galón. | C15: un | D15: 0.01 | E15: 58433 | F15: =+D15*E15 -> 584.33
A16: SOLDADURA PVC 1/4 | B16: Soldadura PVC (Unión simple) 1/4 | C16: un | D16: 0.01667 | E16: 111807 | F16: =+D16*E16 -> 1863.8227
F17: =+D17*E17 -> 0
A18: Total de Materiales | E18: SUBTOTAL | F18: =SUM(F7:F17) -> 27131.196
A19: Clave | B19: Mano de Obra | C19: Unidad | D19: Cantidad | E19: V/Unitario | F19: V/Total
A20: CUAD FONTANERIA | B20: Cuadrilla de Instalaciones Hidrosanitarias | C20: jor | D20: 0.021 | E20: 234750 | F20: =+D20*E20 -> 4929.75
F21: =+D21*E21 -> 0
A22: Total de Mano de Obra | E22: SUBTOTAL | F22: =SUM(F20:F21) -> 4929.75
A23: Clave | B23: Herramienta | C23: Unidad | D23: Cantidad | E23: V/Unitario | F23: V/Total
A24: HERRMENOR | B24: Herramienta Menor (% de MdeO) | C24: (%)mo | D24: 0.05 | E24: =+F22 -> 4929.75 | F24: =+D24*E24 -> 246.4875
A25: Total de Herramienta | E25: SUBTOTAL | F25: =SUM(F24) -> 246.4875
A26: Clave | B26: Equipo o Auxiliares | C26: Unidad | D26: Cantidad | E26: V/Unitario | F26: V/Total
F27: =+D27*E27 -> 0
F28: =+D28*E28 -> 0
A29: Total de Equipo | E29: SUBTOTAL | F29: =SUM(F27:F28) -> 0
A30: Clave | B30: Fletes o Matrices | C30: Unidad | D30: Cantidad | E30: V/Unitario | F30: V/Total
A31: TRANSPORTE INT MATER | B31: Acarreo Interno | C31: gl | D31: 1 | E31: 2000 | F31: =+D31*E31 -> 2000
F32: =+D32*E32 -> 0
A33: Total de Fletes | E33: SUBTOTAL | F33: =SUM(F31:F32) -> 2000
A34: P R E C I O U N I T A R I O | E34: =ROUND((F18+F22+F25+F29+F33),0) -> 34307

Sheet APU 11,08
A3: ANALISIS DE PRECIOS UNITARIOS
A4: Descripción | E4: No. Item | F4: Unidad
A5: Suministro y colocación de tubería PVC. Presión Ø = ½" RDE 9, incluye accesorios,limpiador y soldaduras | E5: 11.08 | F5: ml
A6: Clave | B6: Materiales | C6: Unidad | D6: Cantidad | E6: V/Unitario | F6: V/Total
A7: TUBER PVC-P RDE9 ½ | B7: Tubería PVC-P RDE 9 500 PSI, Ø= 1/2" - Pavco o equivalente. | C7: m | D7: 1.05 | E7: 7747.004 | F7: =+D7*E7 -> 8134.3542
A8: UNION PVC-P 1/2" | B8: Unión PVC-P, Ø= 1/2" | C8: un | D8: 0.2625 | E8: 722.522 | F8: =+D8*E8 -> 189.66202
A9: CODO 90 PVC-P 1/2" | B9: Codo 90º PVC-P Ø= 1/2". | C9: un | D9: 0.595142 | E9: 1120.169 | F9: =+D9*E9 -> 666.65962
A10: TEE PVC-P 1/2" | B10: Tee PVC-P Ø= 1/2" | C10: un | D10: 0.095455 | E10: 1478.831 | F10: =+D10*E10 -> 141.16181
A11: ADA MACHO PVCP 1/2" | B11: Adaptador macho PVC-P Ø= 1/2" | C11: un | D11: 0.008502 | E11: 773.2025 | F11: =+D11*E11 -> 6.5737677
A12: ADAPT.HEMBRA PVCP ½ | B12: Adaptador hembra PVC-P Ø= 1/2" - Pavco o equivalente. | C12: un | D12: 0.017004 | E12: 878.462 | F12: =+D12*E12 -> 14.937368
A13: SOLDADURA PVC 1/4 | B13: Soldadura PVC (Unión simple) 1/4 | C13: un | D13: 0.0034 | E13: 143984.6 | F13: =+D13*E13 -> 489.54764
A14: LIMPIADOR PVC | B14: Limpiador Removedor PVC x 1/4 de galón. | C14: un | D14: 0.0034 | E14: 75250.146 | F14: =+D14*E14 -> 255.8505
A15: Total de Materiales | E15: SUBTOTAL | F15: =SUM(F7:F14) -> 9898.7469
A16: Clave | B16: Mano de Obra | C16: Unidad | D16: Cantidad | E16: V/Unitario | F16: V/Total
A17: CUAD FONTANERIA | B17: Cuadrilla de Instalaciones Hidrosanitarias | C17: jor | D17: 0.02124 | E17: 234750 | F17: =+D17*E17 -> 4986.09
F18: =+D18*E18 -> 0
A19: Total de Mano de Obra | E19: SUBTOTAL | F19: =SUM(F17:F18) -> 4986.09
A20: Clave | B20: Herramienta | C20: Unidad | D20: Cantidad | E20: V/Unitario | F20: V/Total
A21: HERRMENOR | B21: Herramienta Menor (% de MdeO) | C21: (%)mo | D21: 0.05 | E21: =+F19 -> 4986.09 | F21: =+D21*E21 -> 249.3045
A22: Total de Herramienta | E22: SUBTOTAL | F22: =SUM(F21) -> 249.3045
A23: Clave | B23: Equipo o Auxiliares | C23: Unidad | D23: Cantidad | E23: V/Unitario | F23: V/Total
F24: =+D24*E24 -> 0
F25: =+D25*E25 -> 0
A26: Total de Equipo | E26: SUBTOTAL | F26: =SUM(F24:F25) -> 0
A27: Clave | B27: Fletes o Matrices | C27: Unidad | D27: Cantidad | E27: V/Unitario | F27: V/Total
A28: TRANSPORTE INT MATER | B28: Acarreo Interno | C28: gl | D28: 1 | E28: 353 | F28: =+D28*E28 -> 353
F29: =+D29*E29 -> 0
A30: Total de Fletes | E30: SUBTOTAL | F30: =SUM(F28:F29) -> 353
A31: P R E C I O U N I T A R I O | E31: =ROUND((F15+F19+F22+F26+F30),0) -> 15487

Sheet APU 11,09
A3: ANALISIS DE PRECIOS UNITARIOS
A4: Descripción | E4: No. Item | F4: Unidad
A5: Suministro e instalaciòn de ducha cromada sencilla con escudo cromado, y todo lo necesario para su correcta instalaciòn. ( referencias tipo grival o equivalente) | E5: 11.09 | F5: un
A6: Clave | B6: Materiales | C6: Unidad | D6: Cantidad | E6: V/Unitario | F6: V/Total
B7: Ducha cromada sencilla con escudo cromado | C7: un | D7: 1 | E7: 186842 | F7: =+D7*E7 -> 186842
B8: Cemento blanco (saco 40 kilos) Argos | C8: un | D8: 0.1 | E8: 73533 | F8: =+D8*E8 -> 7353.3
B9: Limpiador Removedor PVC x 1/4 de galón. | C9: un | D9: 0.05 | E9: 35400 | F9: =+D9*E9 -> 1770
B10: Soldadura PVC (1/4 gal) | C10: un | D10: 0.05 | E10: 67142 | F10: =+D10*E10 -> 3357.1
F11: =+D11*E11 -> 0
A12: Total de Materiales | E12: SUBTOTAL | F12: =SUM(F7:F11) -> 199322.4
A13: Clave | B13: Mano de Obra | C13: Unidad | D13: Cantidad | E13: V/Unitario | F13: V/Total
A14: CUAD FONTANERIA | B14: Cuadrilla de Instalaciones Hidrosanitarias | C14: jor | D14: 0.33 | E14: 234750 | F14: =+D14*E14 -> 77467.5
F15: =+D15*E15 -> 0
A16: Total de Mano de Obra | E16: SUBTOTAL | F16: =SUM(F14:F15) -> 77467.5
A17: Clave | B17: Herramienta | C17: Unidad | D17: Cantidad | E17: V/Unitario | F17: V/Total
A18: HERRMENOR | B18: Herramienta Menor (% de MdeO) | C18: (%)mo | D18: 0.05 | E18: =+F16 -> 77467.5 | F18: =+D18*E18 -> 3873.375
A19: Total de Herramienta | E19: SUBTOTAL | F19: =SUM(F18) -> 3873.375
A20: Clave | B20: Equipo o Auxiliares | C20: Unidad | D20: Cantidad | E20: V/Unitario | F20: V/Total
F21: =+D21*E21 -> 0
F22: =+D22*E22 -> 0
A23: Total de Equipo | E23: SUBTOTAL | F23: =SUM(F21:F22) -> 0
A24: Clave | B24: Fletes o Matrices | C24: Unidad | D24: Cantidad | E24: V/Unitario | F24: V/Total
A25: TRANSPORTE INT MATER | B25: Acarreo Interno | C25: gl | D25: 1 | E25: 500 | F25: =+D25*E25 -> 500
F26: =+D26*E26 -> 0
A27: Total de Fletes | E27: SUBTOTAL | F27: =SUM(F25:F26) -> 500
A28: P R E C I O U N I T A R I O | E28: =ROUND((F12+F16+F19+F23+F27),0) -> 281163

Sheet APU 11,10
A3: ANALISIS DE PRECIOS UNITARIOS
A4: Descripción | E4: No. Item | F4: Unidad
A5: Suministro, transporte e instalación de Grifería tipo Institucional De Mesa Tipo Push Para Lavamanos o similar, incluye lo necesario para su correcta instalación | E5: 11.10 | F5: un
A6: Clave | B6: Materiales | C6: Unidad | D6: Cantidad | E6: V/Unitario | F6: V/Total
A7: SIFON BOTELLA LAVAMA | B7: Sifón acordeon | C7: un | D7: 1 | E7: 14574 | F7: =+D7*E7 -> 14574
A8: GRIFERIA ALTA | B8: Grifería lavamanos tipo push | C8: un | D8: 1 | E8: 150000 | F8: =+D8*E8 -> 150000
A9: ABASTO METALICO | B9: Abasto metálico (llave de regulación liviana de 1/2"metálica con manguera metálica) | C9: un | D9: 1 | E9: 54000 | F9: =+D9*E9 -> 54000
F10: =+D10*E10 -> 0
A11: Total de Materiales | E11: SUBTOTAL | F11: =SUM(F7:F10) -> 218574
A12: Clave | B12: Mano de Obra | C12: Unidad | D12: Cantidad | E12: V/Unitario | F12: V/Total
A13: CUAD FONTANERIA | B13: Cuadrilla de Instalaciones Hidrosanitarias | C13: jor | D13: 0.18 | E13: 288742 | F13: =+D13*E13 -> 51973.56
F14: =+D14*E14 -> 0
A15: Total de Mano de Obra | E15: SUBTOTAL | F15: =SUM(F13:F14) -> 51973.56
A16: Clave | B16: Herramienta | C16: Unidad | D16: Cantidad | E16: V/Unitario | F16: V/Total
A17: OFICIAL OBRA BLANCA | B17: Oficial Obra Blanca | C17: jor | D17: 0.5 | E17: =+F15 -> 51973.56 | F17: =+D17*E17 -> 25986.78
A18: Total de Herramienta | E18: SUBTOTAL | F18: =SUM(F17) -> 25986.78
A19: Clave | B19: Equipo o Auxiliares | C19: Unidad | D19: Cantidad | E19: V/Unitario | F19: V/Total
F20: =+D20*E20 -> 0
F21: =+D21*E21 -> 0
A22: Total de Equipo | E22: SUBTOTAL | F22: =SUM(F20:F21) -> 0
A23: Clave | B23: Fletes o Matrices | C23: Unidad | D23: Cantidad | E23: V/Unitario | F23: V/Total
A24: TRANSPORTE INT MATER | B24: Acarreo Interno | C24: gl | D24: 1 | E24: 500 | F24: =+D24*E24 -> 500
F25: =+D25*E25 -> 0
A26: Total de Fletes | E26: SUBTOTAL | F26: =SUM(F24:F25) -> 500
A27: P R E C I O U N I T A R I O | E27: =ROUND((F11+F15+F18+F22+F26),0) -> 297034

Sheet APU 11,11
A3: ANALISIS DE PRECIOS UNITARIOS
A4: Descripción | E4: No. Item | F4: Unidad
A5: Construcción de cajas de registro de 80 x 80 x altura hasta 120 cm. en concreto de 21Mpa. con impermeabiIizante integral tipo Sika o equivalente, con concrefibra el piso y tapa en concreto, la tapa con su respectivo herraje. Incluye suministro, transporte e instalación de los materiales, formaleta, vibrado, acero de refuerzo y todos los elementos necesarios apara su correcta construcción y funcionamiento. Según diseño y especificaciones de E.P.M. La excavación, llenos y entresuelo se pagarán en su ítem respectivo. | E5: 11.11 | F5: un
A6: Clave | B6: Materiales | C6: Unidad | D6: Cantidad | E6: V/Unitario | F6: V/Total
B7: Concreto de 21 MPA -3000psi | C7: m3 | D7: 0.8 | E7: 632282 | F7: =+D7*E7 -> 505825.6
B8: Sika | C8: kg | D8: 1.28 | E8: 133090.91 | F8: =+D8*E8 -> 170356.36
B9: Tabla madera común de 1,7cm x 20cm x 3,0m. Incluye transporte. | C9: un | D9: 6 | E9: 7819.0909 | F9: =+D9*E9 -> 46914.545
B10: Larguero de 2"X2" por 3m | C10: un | D10: 2 | E10: 45025.455 | F10: =+D10*E10 -> 90050.909
B11: Acero refuerzo | C11: kg | D11: 5 | E11: 6543.6364 | F11: =+D11*E11 -> 32718.182
B12: Clavos de 1" | C12: lb | D12: 3 | E12: 6654.5455 | F12: =+D12*E12 -> 19963.636
B13: Herraje de 70x70 cm. para caja inspeccion de 60x60 cm. | C13: un | D13: 1 | E13: 188545.45 | F13: =+D13*E13 -> 188545.45
F14: =+D14*E14 -> 0
A15: Total de Materiales | E15: SUBTOTAL | F15: =SUM(F7:F14) -> 1054374.7
A16: Clave | B16: Mano de Obra | C16: Unidad | D16: Cantidad | E16: V/Unitario | F16: V/Total
A17: CUAD FONTANERIA | B17: Cuadrilla de Instalaciones Hidrosanitarias | C17: jor | D17: 0.6 | E17: 288742 | F17: =+D17*E17 -> 173245.2
F18: =+D18*E18 -> 0
A19: Total de Mano de Obra | E19: SUBTOTAL | F19: =SUM(F17:F18) -> 173245.2
A20: Clave | B20: Herramienta | C20: Unidad | D20: Cantidad | E20: V/Unitario | F20: V/Total
A21: OFICIAL OBRA BLANCA | B21: Oficial Obra Blanca | C21: jor | D21: 0.3 | E21: =+F19 -> 173245.2 | F21: =+D21*E21 -> 51973.56
A22: Total de Herramienta | E22: SUBTOTAL | F22: =SUM(F21) -> 51973.56
A23: Clave | B23: Equipo o Auxiliares | C23: Unidad | D23: Cantidad | E23: V/Unitario | F23: V/Total
F24: =+D24*E24 -> 0
F25: =+D25*E25 -> 0
A26: Total de Equipo | E26: SUBTOTAL | F26: =SUM(F24:F25) -> 0
A27: Clave | B27: Fletes o Matrices | C27: Unidad | D27: Cantidad | E27: V/Unitario | F27: V/Total
A28: TRANSPORTE INT MATER | B28: Acarreo Interno | C28: gl | D28: 1 | E28: 14678 | F28: =+D28*E28 -> 14678
F29: =+D29*E29 -> 0
A30: Total de Fletes | E30: SUBTOTAL | F30: =SUM(F28:F29) -> 14678
A31: P R E C I O U N I T A R I O | E31: =ROUND((F15+F19+F22+F26+F30),0) -> 1294271

Sheet APU 11,12
A3: ANALISIS DE PRECIOS UNITARIOS
A4: Descripción | E4: No. Item | F4: Unidad
A5: Fosa séptica de polietileno de alta densidad (PEAD/HDPE) o fibra de vidrio, de 4000 litros, incluye excavacion | E5: 11.12 | F5: un
A6: Clave | B6: Materiales | C6: Unidad | D6: Cantidad | E6: V/Unitario | F6: V/Total
B7: Fosa séptica de polietileno de alta densidad (PEAD/HDPE), de 8000 litros, de 2000 mm de diámetro y 3040 mm de longitud, para 40 usuarios (H.E.), con boca de acceso de 500 mm de diámetro, boca de entrada y boca de salida de 125 mm de diámetro, para tratamiento primario de aguas residuales | C7: UN | D7: 1 | E7: 7121850 | F7: =+D7*E7 -> 7121850
F8: =+D8*E8 -> 0
F9: =+D9*E9 -> 0
A10: Total de Materiales | E10: SUBTOTAL | F10: =SUM(F7:F9) -> 7121850
A11: Clave | B11: Mano de Obra | C11: Unidad | D11: Cantidad | E11: V/Unitario | F11: V/Total
A12: CUAD FONTANERIA | B12: Cuadrilla de Instalaciones Hidrosanitarias | C12: jor | D12: 0.66 | E12: 322867 | F12: =+D12*E12 -> 213092.22
F13: =+D13*E13 -> 0
A14: Total de Mano de Obra | E14: SUBTOTAL | F14: =SUM(F12:F13) -> 213092.22
A15: Clave | B15: Herramienta | C15: Unidad | D15: Cantidad | E15: V/Unitario | F15: V/Total
A16: OFICIAL OBRA BLANCA | B16: Oficial Obra Blanca | C16: jor | D16: 0.4 | E16: =+F14*D16 -> 85236.888 | F16: =+D16*E16 -> 34094.755
A17: Total de Herramienta | E17: SUBTOTAL | F17: =SUM(F16) -> 34094.755
A18: Clave | B18: Equipo o Auxiliares | C18: Unidad | D18: Cantidad | E18: V/Unitario | F18: V/Total
F19: =+D19*E19 -> 0
F20: =+D20*E20 -> 0
A21: Total de Equipo | E21: SUBTOTAL | F21: =SUM(F19:F20) -> 0
A22: Clave | B22: Fletes o Matrices | C22: Unidad | D22: Cantidad | E22: V/Unitario | F22: V/Total
A23: TRANSPORTE INT MATER | B23: Acarreo Interno | C23: gl | D23: 1 | E23: 50000 | F23: =+D23*E23 -> 50000
F24: =+D24*E24 -> 0
A25: Total de Fletes | E25: SUBTOTAL | F25: =SUM(F23:F24) -> 50000
A26: P R E C I O U N I T A R I O | E26: =ROUND((F10+F14+F17+F21+F25),0) -> 7419037

Sheet APU 12,01
A1: ANÁLISIS DE PRECIOS UNITARIOS | E1: PROYECTO ADECUACION Y MEJORAMIENTO DE ZONAS DEPORTIVAS EN EL MUNICIPIO DE LIBORINA
A3: MUNICIPIO: | B3: LIBORINA
A4: Item: | B4: =+'PRESUPUESTO GYM'!A77 -> 12.01 | E4: Unidad: | G4: =+'PRESUPUESTO GYM'!C77 -> Un
A5: Descripción: | B5: =+'PRESUPUESTO GYM'!B77 -> Transformador monofasico de 5kVA, 13.2kV/220-127V, refrigerado en aceite, instalado en poste según norma EPM RA2-026. Incluye: Cruceta en L de 2,4m transporte y pruebas certificadas ante EPM, tornillo espaciador, collarín, fusibles tipo T y barras en alambre de cobre y demás elementos necesarios para su correcta instalación y funcionamiento. Deben entregar certificados de laboratorio y RETIE y protocolos.
A6: Obra: | B6: =+E1 -> PROYECTO ADECUACION Y MEJORAMIENTO DE ZONAS DEPORTIVAS EN EL MUNICIPIO DE LIBORINA
A7: Fecha:
A9: I. MAQUINARIA Y EQUIPO
A10: Descripción | D10: unidad | E10: Tarifa/Hora | F10: rendimiento | G10: Valor-Unit.
A11: herramienta menor (5% M.O) | D11: gl | E11: =+G46 -> 481946.4 | F11: 0.05 | G11: =+E11*F11 -> 24097.32
A12: Rotomartillo | D12: un | E12: 57500 | F12: 0.05 | G12: =+E12*F12 -> 2875
A13: sunchadora | D13: un | E13: 120000 | F13: 0.03 | G13: =+E13*F13 -> 3600
G14: =+E14*F14 -> 0
G15: =+E15*F15 -> 0
G16: =+E16*F16 -> 0
G17: =+E17*F17 -> 0
G18: =+E18*F18 -> 0
F19: SUB-TOTAL | G19: =+SUM(G11:G18) -> 30572.32
A20: II. MATERIALES
A21: Descripción | D21: Unidad | E21: Precio-Unit. | F21: cantidad | G21: Valor-Unit.
A22: Transformador de distribucion monofasico 50kVA, 13.2kV/220-127V | D22: UN | E22: 8225356 | F22: 1 | G22: =ROUND(E22*F22,0) -> 8225356
G23: =ROUND(E23*F23,0) -> 0
G24: =ROUND(E24*F24,0) -> 0
G25: =ROUND(E25*F25,0) -> 0
G26: =ROUND(E26*F26,0) -> 0
G27: =ROUND(E27*F27,0) -> 0
G28: =+E28*F28 -> 0
G29: =+E29*F29 -> 0
G30: =+E30*F30 -> 0
G31: =+E31*F31 -> 0
F32: SUB-TOTAL | G32: =SUM(G22:G31) -> 8225356
A33: III. TRANSPORTES
A34: Material | C34: Vol. Peso ó Cant. | D34: Distancia o cantidad | E34: M3-Km | F34: Tarifa | G34: Valor-Unit.
A35: Acarreo | C35: m3 o ton | D35: 0.05 | E35: =+D35 -> 0.05 | F35: =+G32 -> 8225356 | G35: =+E35*F35 -> 411267.8
G36: =+E36*F36 -> 0
F39: SUB-TOTAL | G39: =SUM(G35:G38) -> 411267.8
A40: IV. MANO DE OBRA
A41: Trabajador | C41: Jornal | D41: Prestaciones | E41: Jornal Total | F41: Rendimiento | G41: Valor-Unit.
A42: AYUDANTE ELECTRICO | C42: 80526 | D42: 0.71 | E42: =+C42*(1+D42) -> 137699.46 | F42: 2 | G42: =+F42*E42 -> 275398.92
A43: OFICIAL ELECTRICO | C43: 120788 | D43: 0.71 | E43: =+C43*(1+D43) -> 206547.48 | F43: 1 | G43: =+F43*E43 -> 206547.48
F46: SUB-TOTAL | G46: =SUM(G42:G45) -> 481946.4
A48: TOTAL COSTO DIRECTO : | G48: =ROUND(G19+G32+G39+G46,0) -> 9149143

Sheet APU 12,02
A1: ANÁLISIS DE PRECIOS UNITARIOS | E1: PROYECTO ADECUACION Y MEJORAMIENTO DE ZONAS DEPORTIVAS EN EL MUNICIPIO DE LIBORINA
A3: MUNICIPIO: | B3: LIBORINA
A4: Item: | B4: =+'PRESUPUESTO GYM'!A78 -> 12.02 | E4: Unidad: | G4: =+'PRESUPUESTO GYM'!C78 -> Un
A5: Descripción: | B5: =+'PRESUPUESTO GYM'!B78 -> Certificado de cumplimiento RETIE de la instalación a intervenir, incluye certificación desde medida, seccionamiento interno, sistema de distribución en media tensión, transformación, alimentador principal en baja tensión y gabinete de distribución principal en zona deportivas. El ente certificador debe estar acreditado por la ONAC.
A6: Obra: | B6: =+E1 -> PROYECTO ADECUACION Y MEJORAMIENTO DE ZONAS DEPORTIVAS EN EL MUNICIPIO DE LIBORINA
A7: Fecha:
A9: I. MAQUINARIA Y EQUIPO
A10: Descripción | D10: unidad | E10: Tarifa/Hora | F10: rendimiento | G10: Valor-Unit.
A11: herramienta menor (5% M.O) | D11: gl | E11: =+G46 -> 0 | F11: 0.05 | G11: =+E11*F11 -> 0
G12: =+E12*F12 -> 0
G13: =+E13*F13 -> 0
G14: =+E14*F14 -> 0
G15: =+E15*F15 -> 0
G16: =+E16*F16 -> 0
G17: =+E17*F17 -> 0
G18: =+E18*F18 -> 0
F19: SUB-TOTAL | G19: =+SUM(G11:G18) -> 0
A20: II. MATERIALES
A21: Descripción | D21: Unidad | E21: Precio-Unit. | F21: cantidad | G21: Valor-Unit.
A22: Certificacion RETIE | D22: UN | E22: 5000000 | F22: 1 | G22: =ROUND(E22*F22,0) -> 5000000
G23: =ROUND(E23*F23,0) -> 0
G24: =ROUND(E24*F24,0) -> 0
G25: =ROUND(E25*F25,0) -> 0
G26: =ROUND(E26*F26,0) -> 0
G27: =ROUND(E27*F27,0) -> 0
G28: =+E28*F28 -> 0
G29: =+E29*F29 -> 0
G30: =+E30*F30 -> 0
G31: =+E31*F31 -> 0
F32: SUB-TOTAL | G32: =SUM(G22:G31) -> 5000000
A33: III. TRANSPORTES
A34: Material | C34: Vol. Peso ó Cant. | D34: Distancia o cantidad | E34: M3-Km | F34: Tarifa | G34: Valor-Unit.
A35: Acarreo | C35: m3 o ton | D35: 0.05 | E35: 0 | F35: =+G32 -> 5000000 | G35: =+E35*F35 -> 0
G36: =+E36*F36 -> 0
F39: SUB-TOTAL | G39: =SUM(G35:G38) -> 0
A40: IV. MANO DE OBRA
A41: Trabajador | C41: Jornal | D41: Prestaciones | E41: Jornal Total | F41: Rendimiento | G41: Valor-Unit.
A42: AYUDANTE ELECTRICO | C42: 80526 | D42: 0.71 | E42: =+C42*(1+D42) -> 137699.46 | F42: 0 | G42: =+F42*E42 -> 0
A43: OFICIAL ELECTRICO | C43: 120788 | D43: 0.71 | E43: =+C43*(1+D43) -> 206547.48 | F43: 0 | G43: =+F43*E43 -> 0
F46: SUB-TOTAL | G46: =SUM(G42:G45) -> 0
A48: TOTAL COSTO DIRECTO : | G48: =ROUND(G19+G32+G39+G46,0) -> 5000000

Sheet APU 12,3
A1: ANÁLISIS DE PRECIOS UNITARIOS | E1: PROYECTO ADECUACION Y MEJORAMIENTO DE ZONAS DEPORTIVAS EN EL MUNICIPIO DE LIBORINA
A3: MUNICIPIO: | B3: LIBORINA
A4: Item: | B4: =+'PRESUPUESTO GYM'!A79 -> 12.03 | E4: Unidad: | G4: =+'PRESUPUESTO GYM'!C79 -> Un
